Workbook
Name ABRILINSU: 'INSUMOS JULIO'!$CO$110
Name ABRILMAQUI: MAQUINARIA!$AD$28
Name CONSOLFAC: 'RECARGA ASPERSORES'!$O$58
Name CONSOLFAC: #REF!
Name INSUMOABRIL: 'CONSOLIDADO POR SEDE JUNIO'!#REF!
Name INSUMOABRIL: 'CONSOLIDADO POR SEDE'!$L$1632
Name INSUMOFEBRERO: '[1]INSUMO POR SEDES MARZO'!$CO$110

Sheet CONSOLIDADO POR SEDE
A2: 1 | D2: 4 | E2: 5 | F2: 8 | G2: 9 | I2: 10
F4: CRA 8 No. 10-65
A5: ITEMS | B5: COD | C5: COD RUBRO | D5: PRODUCTO | E5: SEDE | F5: CANTIDAD | G5: VALOR UNITARIO NEGOCIACION | H5: VALOR UNITARIO FULL | I5: VALOR TOTAL | J5: AIU | K5: IVA | L5: GRAN TOTAL
A6: 1 | B6: 17 | C6: Jabones líquidos para lavar | D6: Jabón para loza 1 (Compra) | E6: SEDE 1 - MANZANA LIEVANO - ALCALDÍA MAYOR | F6: =INDEX('PEDIDO JULIO'!A10:AF32,1,8) -> 0 | G6: =IFERROR(VLOOKUP($B6,'[1]INSUMO POR SEDES MARZO PRUEBA'!$B$6:$CD$109,8,0),"NO BD") -> 5647.023 | H6: =IFERROR(VLOOKUP($B6,'[1]INSUMO POR SEDES MARZO PRUEBA'!$B$6:$CD$109,8,0),"NO BD") -> 5647.023 | I6: =+F6*G6 -> 0 | J6: =+I6*10% -> 0 | K6: =+J6*19% -> 0 | L6: =SUM(I6:K6) -> 0
A7: 2 | B7: 20 | C7: Jabones en pasta para lavar | D7: Jabón para loza 3 (Compra) | E7: Suma de SEDE 1 - MANZANA LIEVANO - ALCALDÍA MAYOR | F7: =INDEX('PEDIDO JULIO'!A10:AF32,1,8) -> 0 | G7: =IFERROR(VLOOKUP($B7,'[1]INSUMO POR SEDES MARZO PRUEBA'!$B$6:$CD$109,8,0),"NO BD") -> 0 | I7: =+F7*G7 -> 0 | J7: =+I7*10% -> 0 | K7: =+J7*19% -> 0 | L7: =SUM(I7:K7) -> 0
A8: 3 | B8: 21 | C8: Jabones en pasta para lavar | D8: Jabón en barra azul (Compra) | E8: Suma de SEDE 1 - MANZANA LIEVANO - ALCALDÍA MAYOR | F8: =INDEX('PEDIDO JULIO'!A10:AF33,1,8) -> 0 | G8: =IFERROR(VLOOKUP($B8,'[1]INSUMO POR SEDES MARZO PRUEBA'!$B$6:$CD$109,8,0),"NO BD") -> 5932.895 | I8: =+F8*G8 -> 0 | J8: =+I8*10% -> 0 | K8: =+J8*19% -> 0 | L8: =SUM(I8:K8) -> 0
A9: 4 | B9: 28 | C9: Detergentes en polvo | D9: Jabón abrasivo (Compra) | E9: Suma de SEDE 1 - MANZANA LIEVANO - ALCALDÍA MAYOR | F9: =INDEX('PEDIDO JULIO'!A10:AF33,1,8) -> 0 | G9: =IFERROR(VLOOKUP($B9,'[1]INSUMO POR SEDES MARZO PRUEBA'!$B$6:$CD$109,8,0),"NO BD") -> 2764.13 | I9: =+F9*G9 -> 0 | J9: =+I9*10% -> 0 | K9: =+J9*19% -> 0 | L9: =SUM(I9:K9) -> 0
A10: 5 | B10: 29 | C10: Jabones industriales | D10: Jabón de tocador 2 (Compra) | E10: Suma de SEDE 1 - MANZANA LIEVANO - ALCALDÍA MAYOR | F10: =INDEX('PEDIDO JULIO'!A11:AF33,1,8) -> 0 | G10: =IFERROR(VLOOKUP($B10,'[1]INSUMO POR SEDES MARZO PRUEBA'!$B$6:$CD$109,8,0),"NO BD") -> 4829.345 | I10: =+F10*G10 -> 0 | J10: =+I10*10% -> 0 | K10: =+J10*19% -> 0 | L10: =SUM(I10:K10) -> 0
A11: 6 | B11: 32 | C11: Jabones de tocador | D11: Jabón de dispensador para manos 2 (Compra) | E11: Suma de SEDE 1 - MANZANA LIEVANO - ALCALDÍA MAYOR | F11: =INDEX('PEDIDO JULIO'!A12:AF33,1,8) -> 20 | G11: =IFERROR(VLOOKUP($B11,'[1]INSUMO POR SEDES MARZO PRUEBA'!$B$6:$CD$109,8,0),"NO BD") -> 4115.716 | I11: =+F11*G11 -> 82314.32 | J11: =+I11*10% -> 8231.432 | K11: =+J11*19% -> 1563.9721 | L11: =SUM(I11:K11) -> 92109.724
A12: 7 | B12: 38 | C12: Productos químicos especiales para tratamiento de pisos | D12: Limpiador multiusos 1 (Compra) | E12: Suma de SEDE 1 - MANZANA LIEVANO - ALCALDÍA MAYOR | F12: =INDEX('PEDIDO JULIO'!A12:AF33,1,8) -> 20 | G12: =IFERROR(VLOOKUP($B12,'[1]INSUMO POR SEDES MARZO PRUEBA'!$B$6:$CD$109,8,0),"NO BD") -> 11100.662 | I12: =+F12*G12 -> 222013.24 | J12: =+I12*10% -> 22201.324 | K12: =+J12*19% -> 4218.2516 | L12: =SUM(I12:K12) -> 248432.82
A13: 8 | B13: 44 | C13: Productos químicos especiales para tratamiento de pisos | D13: Limpiador desinfectante para pisos (Compra) | E13: Suma de SEDE 1 - MANZANA LIEVANO - ALCALDÍA MAYOR | F13: =INDEX('PEDIDO JULIO'!A13:AF34,1,8) -> 10 | G13: =IFERROR(VLOOKUP($B13,'[1]INSUMO POR SEDES MARZO PRUEBA'!$B$6:$CD$109,8,0),"NO BD") -> 2787.252 | I13: =+F13*G13 -> 27872.52 | J13: =+I13*10% -> 2787.252 | K13: =+J13*19% -> 529.57788 | L13: =SUM(I13:K13) -> 31189.35
A14: 9 | B14: 50 | C14: Preparaciones para limpieza y desengrase | D14: Líquido desengrasante (Compra) | E14: Suma de SEDE 1 - MANZANA LIEVANO - ALCALDÍA MAYOR | F14: =INDEX('PEDIDO JULIO'!A14:AF34,1,8) -> 0 | G14: =IFERROR(VLOOKUP($B14,'[1]INSUMO POR SEDES MARZO PRUEBA'!$B$6:$CD$109,8,0),"NO BD") -> 38567.496 | I14: =+F14*G14 -> 0 | J14: =+I14*10% -> 0 | K14: =+J14*19% -> 0 | L14: =SUM(I14:K14) -> 0
A15: 10 | B15: 52 | C15: Desinfectantes | D15: Pastilla desinfectante para sanitario (Compra) | E15: Suma de SEDE 1 - MANZANA LIEVANO - ALCALDÍA MAYOR | F15: =INDEX('PEDIDO JULIO'!A15:AF34,1,8) -> 0 | G15: =IFERROR(VLOOKUP($B15,'[1]INSUMO POR SEDES MARZO PRUEBA'!$B$6:$CD$109,8,0),"NO BD") -> 6412.151 | I15: =+F15*G15 -> 0 | J15: =+I15*10% -> 0 | K15: =+J15*19% -> 0 | L15: =SUM(I15:K15) -> 0
A16: 11 | B16: 57 | C16: Preparaciones para limpiar vidrios | D16: Líquido para limpiar vidrios 1 (Compra) | E16: Suma de SEDE 1 - MANZANA LIEVANO - ALCALDÍA MAYOR | F16: =INDEX('PEDIDO JULIO'!A16:AF34,1,8) -> 0 | G16: =IFERROR(VLOOKUP($B16,'[1]INSUMO POR SEDES MARZO PRUEBA'!$B$6:$CD$109,8,0),"NO BD") -> 12823.251 | I16: =+F16*G16 -> 0 | J16: =+I16*10% -> 0 | K16: =+J16*19% -> 0 | L16: =SUM(I16:K16) -> 0
A17: 12 | B17: 59 | C17: Hipoclorito de sodio | D17: Blanqueador o hipoclorito 1 (Compra) | E17: Suma de SEDE 1 - MANZANA LIEVANO - ALCALDÍA MAYOR | F17: =INDEX('PEDIDO JULIO'!A17:AF34,1,8) -> 60 | G17: =IFERROR(VLOOKUP($B17,'[1]INSUMO POR SEDES MARZO PRUEBA'!$B$6:$CD$109,8,0),"NO BD") -> 5528.26 | I17: =+F17*G17 -> 331695.6 | J17: =+I17*10% -> 33169.56 | K17: =+J17*19% -> 6302.2164 | L17: =SUM(I17:K17) -> 371167.38
A18: 13 | B18: 62 | C18: Desinfectantes | D18: Creolina 2 (Compra) | E18: Suma de SEDE 1 - MANZANA LIEVANO - ALCALDÍA MAYOR | F18: =INDEX('PEDIDO JULIO'!A17:AF34,1,8) -> 60 | G18: =IFERROR(VLOOKUP($B18,'[1]INSUMO POR SEDES MARZO PRUEBA'!$B$6:$CD$109,8,0),"NO BD") -> 5167.767 | I18: =+F18*G18 -> 310066.02 | J18: =+I18*10% -> 31006.602 | K18: =+J18*19% -> 5891.2544 | L18: =SUM(I18:K18) -> 346963.88
A19: 14 | B19: 63 | C19: Jabones líquidos para lavar | D19: Champú para alfombras y tapizados 1 (Compra) | E19: Suma de SEDE 1 - MANZANA LIEVANO - ALCALDÍA MAYOR | F19: =INDEX('PEDIDO JULIO'!A18:AF35,1,8) -> 0 | G19: =IFERROR(VLOOKUP($B19,'[1]INSUMO POR SEDES MARZO PRUEBA'!$B$6:$CD$109,8,0),"NO BD") -> 8292.39 | I19: =+F19*G19 -> 0 | J19: =+I19*10% -> 0 | K19: =+J19*19% -> 0 | L19: =SUM(I19:K19) -> 0
A20: 15 | B20: 64 | C20: Preparaciones para limpieza y desengrase | D20: Líquido cubre rasguños para madera (Compra) | E20: Suma de SEDE 1 - MANZANA LIEVANO - ALCALDÍA MAYOR | F20: =INDEX('PEDIDO JULIO'!A18:AF35,1,8) -> 0 | G20: =IFERROR(VLOOKUP($B20,'[1]INSUMO POR SEDES MARZO PRUEBA'!$B$6:$CD$109,8,0),"NO BD") -> 13820.65 | I20: =+F20*G20 -> 0 | J20: =+I20*10% -> 0 | K20: =+J20*19% -> 0 | L20: =SUM(I20:K20) -> 0
A21: 16 | B21: 65 | C21: Ceras para pisos | D21: Cera polimérica (Compra) | E21: Suma de SEDE 1 - MANZANA LIEVANO - ALCALDÍA MAYOR | F21: =INDEX('PEDIDO JULIO'!A18:AF35,1,8) -> 0 | G21: =IFERROR(VLOOKUP($B21,'[1]INSUMO POR SEDES MARZO PRUEBA'!$B$6:$CD$109,8,0),"NO BD") -> 13820.65 | I21: =+F21*G21 -> 0 | J21: =+I21*10% -> 0 | K21: =+J21*19% -> 0 | L21: =SUM(I21:K21) -> 0
A22: 17 | B22: 66 | C22: Productos químicos especiales para tratamiento de pisos | D22: Sellante para pisos (Compra) | E22: Suma de SEDE 1 - MANZANA LIEVANO - ALCALDÍA MAYOR | F22: =INDEX('PEDIDO JULIO'!A19:AF35,1,8) -> 0 | G22: =IFERROR(VLOOKUP($B22,'[1]INSUMO POR SEDES MARZO PRUEBA'!$B$6:$CD$109,8,0),"NO BD") -> 4178.9862 | I22: =+F22*G22 -> 0 | J22: =+I22*10% -> 0 | K22: =+J22*19% -> 0 | L22: =SUM(I22:K22) -> 0
A23: 18 | B23: 71 | C23: Productos químicos especiales para tratamiento de pisos | D23: Mantenedor de pisos (Compra) | E23: Suma de SEDE 1 - MANZANA LIEVANO - ALCALDÍA MAYOR | F23: =INDEX('PEDIDO JULIO'!A19:AF35,1,8) -> 0 | G23: =IFERROR(VLOOKUP($B23,'[1]INSUMO POR SEDES MARZO PRUEBA'!$B$6:$CD$109,8,0),"NO BD") -> 7960.6944 | I23: =+F23*G23 -> 0 | J23: =+I23*10% -> 0 | K23: =+J23*19% -> 0 | L23: =SUM(I23:K23) -> 0
A24: 19 | B24: 72 | C24: Productos químicos especiales para tratamiento de pisos | D24: Removedor de cera (Compra) | E24: Suma de SEDE 1 - MANZANA LIEVANO - ALCALDÍA MAYOR | F24: =INDEX('PEDIDO JULIO'!A20:AF35,1,8) -> 20 | G24: =IFERROR(VLOOKUP($B24,'[1]INSUMO POR SEDES MARZO PRUEBA'!$B$6:$CD$109,8,0),"NO BD") -> 5196.144 | I24: =+F24*G24 -> 103922.88 | J24: =+I24*10% -> 10392.288 | K24: =+J24*19% -> 1974.5347 | L24: =SUM(I24:K24) -> 116289.7
A25: 20 | B25: 73 | C25: Productos químicos especiales para tratamiento de pisos | D25: Jabón neutro para pisos 1 (Compra) | E25: Suma de SEDE 1 - MANZANA LIEVANO - ALCALDÍA MAYOR | F25: =INDEX('PEDIDO JULIO'!A20:AF35,1,8) -> 20 | G25: =IFERROR(VLOOKUP($B25,'[1]INSUMO POR SEDES MARZO PRUEBA'!$B$6:$CD$109,8,0),"NO BD") -> 4975.434 | I25: =+F25*G25 -> 99508.68 | J25: =+I25*10% -> 9950.868 | K25: =+J25*19% -> 1890.6649 | L25: =SUM(I25:K25) -> 111350.21
A26: 21 | B26: 74 | C26: Varsol-disolvente núm. 4 | D26: Varsol ecológico 2 (Compra) | E26: Suma de SEDE 1 - MANZANA LIEVANO - ALCALDÍA MAYOR | F26: =INDEX('PEDIDO JULIO'!A21:AF35,1,8) -> 0 | G26: =IFERROR(VLOOKUP($B26,'[1]INSUMO POR SEDES MARZO PRUEBA'!$B$6:$CD$109,8,0),"NO BD") -> 3261.253 | I26: =+F26*G26 -> 0 | J26: =+I26*10% -> 0 | K26: =+J26*19% -> 0 | L26: =SUM(I26:K26) -> 0
A27: 22 | B27: 79 | C27: Preparaciones para limpieza y desengrase | D27: Brillametal en crema (Compra) | E27: Suma de SEDE 1 - MANZANA LIEVANO - ALCALDÍA MAYOR | F27: =INDEX('PEDIDO JULIO'!A22:AF35,1,8) -> 0 | G27: =IFERROR(VLOOKUP($B27,'[1]INSUMO POR SEDES MARZO PRUEBA'!$B$6:$CD$109,8,0),"NO BD") -> 541.265 | I27: =+F27*G27 -> 0 | J27: =+I27*10% -> 0 | K27: =+J27*19% -> 0 | L27: =SUM(I27:K27) -> 0
A28: 23 | B28: 80 | C28: Purificadores líquidos de ambiente | D28: Ambientador 1 (Compra) | E28: Suma de SEDE 1 - MANZANA LIEVANO - ALCALDÍA MAYOR | F28: =INDEX('PEDIDO JULIO'!A23:AF36,1,8) -> 20 | G28: =IFERROR(VLOOKUP($B28,'[1]INSUMO POR SEDES MARZO PRUEBA'!$B$6:$CD$109,8,0),"NO BD") -> 433.012 | I28: =+F28*G28 -> 8660.24 | J28: =+I28*10% -> 866.024 | K28: =+J28*19% -> 164.54456 | L28: =SUM(I28:K28) -> 9690.8086
A29: 24 | B29: 81 | C29: Purificadores líquidos de ambiente | D29: Ambientador 2 (Compra) | E29: Suma de SEDE 1 - MANZANA LIEVANO - ALCALDÍA MAYOR | F29: =INDEX('PEDIDO JULIO'!A23:AF37,1,8) -> 20 | G29: =IFERROR(VLOOKUP($B29,'[1]INSUMO POR SEDES MARZO PRUEBA'!$B$6:$CD$109,8,0),"NO BD") -> 211.251 | I29: =+F29*G29 -> 4225.02 | J29: =+I29*10% -> 422.502 | K29: =+J29*19% -> 80.27538 | L29: =SUM(I29:K29) -> 4727.7974
A30: 25 | B30: 82 | C30: Solventes para insecticida | D30: Insecticida 1 (Compra) | E30: Suma de SEDE 1 - MANZANA LIEVANO - ALCALDÍA MAYOR | F30: =INDEX('PEDIDO JULIO'!A24:AF37,1,8) -> 40 | G30: =IFERROR(VLOOKUP($B30,'[1]INSUMO POR SEDES MARZO PRUEBA'!$B$6:$CD$109,8,0),"NO BD") -> 1003.705 | I30: =+F30*G30 -> 40148.2 | J30: =+I30*10% -> 4014.82 | K30: =+J30*19% -> 762.8158 | L30: =SUM(I30:K30) -> 44925.836
A31: 26 | B31: 83 | C31: Solventes para insecticida | D31: Insecticida 2 (Compra) | E31: Suma de SEDE 1 - MANZANA LIEVANO - ALCALDÍA MAYOR | F31: =INDEX('PEDIDO JULIO'!A25:AF37,1,8) -> 0 | G31: =IFERROR(VLOOKUP($B31,'[1]INSUMO POR SEDES MARZO PRUEBA'!$B$6:$CD$109,8,0),"NO BD") -> 336.32 | I31: =+F31*G31 -> 0 | J31: =+I31*10% -> 0 | K31: =+J31*19% -> 0 | L31: =SUM(I31:K31) -> 0
A32: 27 | B32: 88 | C32: Filtros de algodón | D32: Limpiones 1 (Compra) | E32: Suma de SEDE 1 - MANZANA LIEVANO - ALCALDÍA MAYOR | F32: =INDEX('PEDIDO JULIO'!A26:AF37,1,8) -> 0 | G32: =IFERROR(VLOOKUP($B32,'[1]INSUMO POR SEDES MARZO PRUEBA'!$B$6:$CD$109,8,0),"NO BD") -> 2717.886 | I32: =+F32*G32 -> 0 | J32: =+I32*10% -> 0 | K32: =+J32*19% -> 0 | L32: =SUM(I32:K32) -> 0
A33: 28 | B33: 92 | C33: Filtros de algodón | D33: Bayetilla 1 (Compra) | E33: Suma de SEDE 1 - MANZANA LIEVANO - ALCALDÍA MAYOR | F33: =INDEX('PEDIDO JULIO'!A27:AF37,1,8) -> 30 | G33: =IFERROR(VLOOKUP($B33,'[1]INSUMO POR SEDES MARZO PRUEBA'!$B$6:$CD$109,8,0),"NO BD") -> 2380.515 | I33: =+F33*G33 -> 71415.45 | J33: =+I33*10% -> 7141.545 | K33: =+J33*19% -> 1356.8936 | L33: =SUM(I33:K33) -> 79913.889
A34: 29 | B34: 94 | C34: Filtros de algodón | D34: Bayetilla 2 (Compra) | E34: Suma de SEDE 1 - MANZANA LIEVANO - ALCALDÍA MAYOR | F34: =INDEX('PEDIDO JULIO'!A28:AF37,1,8) -> 30 | G34: =IFERROR(VLOOKUP($B34,'[1]INSUMO POR SEDES MARZO PRUEBA'!$B$6:$CD$109,8,0),"NO BD") -> 3316.956 | I34: =+F34*G34 -> 99508.68 | J34: =+I34*10% -> 9950.868 | K34: =+J34*19% -> 1890.6649 | L34: =SUM(I34:K34) -> 111350.21
A35: 30 | B35: 98 | C35: Filtros de algodón | D35: Toalla en tela blanca para pisos por metro (repuesto de haraganes) (Compra) | E35: Suma de SEDE 1 - MANZANA LIEVANO - ALCALDÍA MAYOR | F35: =INDEX('PEDIDO JULIO'!A28:AF37,1,8) -> 30 | G35: =IFERROR(VLOOKUP($B35,'[1]INSUMO POR SEDES MARZO PRUEBA'!$B$6:$CD$109,8,0),"NO BD") -> 6633.912 | I35: =+F35*G35 -> 199017.36 | J35: =+I35*10% -> 19901.736 | K35: =+J35*19% -> 3781.3298 | L35: =SUM(I35:K35) -> 222700.43
A36: 31 | B36: 100 | C36: Paños absorbentes desechables para uso doméstico | D36: Paño absorbente multiusos 1 (Compra) | E36: Suma de SEDE 1 - MANZANA LIEVANO - ALCALDÍA MAYOR | F36: =INDEX('PEDIDO JULIO'!A29:AF37,1,8) -> 20 | G36: =IFERROR(VLOOKUP($B36,'[1]INSUMO POR SEDES MARZO PRUEBA'!$B$6:$CD$109,8,0),"NO BD") -> 4364.803 | I36: =+F36*G36 -> 87296.06 | J36: =+I36*10% -> 8729.606 | K36: =+J36*19% -> 1658.6251 | L36: =SUM(I36:K36) -> 97684.291
A37: 32 | B37: 102 | C37: Esponjas y esponjillas metálicas | D37: Esponjilla 1 (Compra) | E37: Suma de SEDE 1 - MANZANA LIEVANO - ALCALDÍA MAYOR | F37: =INDEX('PEDIDO JULIO'!A30:AF37,1,8) -> 0 | G37: =IFERROR(VLOOKUP($B37,'[1]INSUMO POR SEDES MARZO PRUEBA'!$B$6:$CD$109,8,0),"NO BD") -> 3811.977 | I37: =+F37*G37 -> 0 | J37: =+I37*10% -> 0 | K37: =+J37*19% -> 0 | L37: =SUM(I37:K37) -> 0
A38: 33 | B38: 110 | C38: Esponjas y esponjillas metálicas | D38: Esponjilla 2 (Compra) | E38: Suma de SEDE 1 - MANZANA LIEVANO - ALCALDÍA MAYOR | F38: =INDEX('PEDIDO JULIO'!A31:AF37,1,8) -> 0 | G38: =IFERROR(VLOOKUP($B38,'[1]INSUMO POR SEDES MARZO PRUEBA'!$B$6:$CD$109,8,0),"NO BD") -> 470.848 | I38: =+F38*G38 -> 0 | J38: =+I38*10% -> 0 | K38: =+J38*19% -> 0 | L38: =SUM(I38:K38) -> 0
A39: 34 | B39: 118 | C39: Esponjas y esponjillas metálicas | D39: Esponjilla 3 (Compra) | E39: Suma de SEDE 1 - MANZANA LIEVANO - ALCALDÍA MAYOR | F39: =INDEX('PEDIDO JULIO'!A32:AF37,1,8) -> 0 | G39: =IFERROR(VLOOKUP($B39,'[1]INSUMO POR SEDES MARZO PRUEBA'!$B$6:$CD$109,8,0),"NO BD") -> 2455.136 | I39: =+F39*G39 -> 0 | J39: =+I39*10% -> 0 | K39: =+J39*19% -> 0 | L39: =SUM(I39:K39) -> 0
A40: 35 | B40: 119 | C40: Esponjas y esponjillas metálicas | D40: Esponjilla 4 (Compra) | E40: Suma de SEDE 1 - MANZANA LIEVANO - ALCALDÍA MAYOR | F40: =INDEX('PEDIDO JULIO'!A33:AF37,1,8) -> 15 | G40: =IFERROR(VLOOKUP($B40,'[1]INSUMO POR SEDES MARZO PRUEBA'!$B$6:$CD$109,8,0),"NO BD") -> 2821.935 | I40: =+F40*G40 -> 42329.025 | J40: =+I40*10% -> 4232.9025 | K40: =+J40*19% -> 804.25148 | L40: =SUM(I40:K40) -> 47366.179
A41: 36 | B41: 120 | C41: Esponjas y esponjillas metálicas | D41: Esponjilla 5 (Compra) | E41: Suma de SEDE 1 - MANZANA LIEVANO - ALCALDÍA MAYOR | F41: =INDEX('PEDIDO JULIO'!A33:AF38,1,8) -> 15 | G41: =IFERROR(VLOOKUP($B41,'[1]INSUMO POR SEDES MARZO PRUEBA'!$B$6:$CD$109,8,0),"NO BD") -> 2821.935 | I41: =+F41*G41 -> 42329.025 | J41: =+I41*10% -> 4232.9025 | K41: =+J41*19% -> 804.25148 | L41: =SUM(I41:K41) -> 47366.179
A42: 37 | B42: 122 | C42: Escobas | D42: Escoba 1 (Compra) | E42: Suma de SEDE 1 - MANZANA LIEVANO - ALCALDÍA MAYOR | F42: =INDEX('PEDIDO JULIO'!A33:AF38,1,8) -> 15 | G42: =IFERROR(VLOOKUP($B42,'[1]INSUMO POR SEDES MARZO PRUEBA'!$B$6:$CD$109,8,0),"NO BD") -> 5223.47 | I42: =+F42*G42 -> 78352.05 | J42: =+I42*10% -> 7835.205 | K42: =+J42*19% -> 1488.6889 | L42: =SUM(I42:K42) -> 87675.944
A43: 38 | B43: 123 | C43: Escobas | D43: Escoba 2 (Compra) | E43: Suma de SEDE 1 - MANZANA LIEVANO - ALCALDÍA MAYOR | F43: =INDEX('PEDIDO JULIO'!A33:AF39,1,8) -> 15 | G43: =IFERROR(VLOOKUP($B43,'[1]INSUMO POR SEDES MARZO PRUEBA'!$B$6:$CD$109,8,0),"NO BD") -> 5765.786 | I43: =+F43*G43 -> 86486.79 | J43: =+I43*10% -> 8648.679 | K43: =+J43*19% -> 1643.249 | L43: =SUM(I43:K43) -> 96778.718
A44: 39 | B44: 124 | C44: Escobas | D44: Escoba 3 (Compra) | E44: Suma de SEDE 1 - MANZANA LIEVANO - ALCALDÍA MAYOR | F44: =INDEX('PEDIDO JULIO'!A33:AF40,1,8) -> 15 | G44: =IFERROR(VLOOKUP($B44,'[1]INSUMO POR SEDES MARZO PRUEBA'!$B$6:$CD$109,8,0),"NO BD") -> 5765.786 | I44: =+F44*G44 -> 86486.79 | J44: =+I44*10% -> 8648.679 | K44: =+J44*19% -> 1643.249 | L44: =SUM(I44:K44) -> 96778.718
A45: 40 | B45: 137 | C45: Escobas | D45: Escoba 4 (Compra) | E45: Suma de SEDE 1 - MANZANA LIEVANO - ALCALDÍA MAYOR | F45: =INDEX('PEDIDO JULIO'!A33:AF40,1,8) -> 15 | G45: =IFERROR(VLOOKUP($B45,'[1]INSUMO POR SEDES MARZO PRUEBA'!$B$6:$CD$109,8,0),"NO BD") -> 1245.435 | I45: =+F45*G45 -> 18681.525 | J45: =+I45*10% -> 1868.1525 | K45: =+J45*19% -> 354.94897 | L45: =SUM(I45:K45) -> 20904.626
A46: 41 | B46: 139 | C46: Mangos metálicos | D46: Mango metálico escoba 1 (Compra) | E46: Suma de SEDE 1 - MANZANA LIEVANO - ALCALDÍA MAYOR | F46: =INDEX('PEDIDO JULIO'!A33:AF40,1,8) -> 15 | G46: =IFERROR(VLOOKUP($B46,'[1]INSUMO POR SEDES MARZO PRUEBA'!$B$6:$CD$109,8,0),"NO BD") -> 51246.97 | I46: =+F46*G46 -> 768704.55 | J46: =+I46*10% -> 76870.455 | K46: =+J46*19% -> 14605.387 | L46: =SUM(I46:K46) -> 860180.39
A47: 42 | B47: 151 | C47: Mangos metálicos | D47: Mango madera escoba 1 (Compra) | E47: Suma de SEDE 1 - MANZANA LIEVANO - ALCALDÍA MAYOR | F47: =INDEX('PEDIDO JULIO'!A33:AF41,1,8) -> 15 | G47: =IFERROR(VLOOKUP($B47,'[1]INSUMO POR SEDES MARZO PRUEBA'!$B$6:$CD$109,8,0),"NO BD") -> 7960.6944 | I47: =+F47*G47 -> 119410.42 | J47: =+I47*10% -> 11941.042 | K47: =+J47*19% -> 2268.7979 | L47: =SUM(I47:K47) -> 133620.26
A48: 43 | B48: 155 | C48: Cepillos para lavar o fregar | D48: Cepillos 2 (Compra) | E48: Suma de SEDE 1 - MANZANA LIEVANO - ALCALDÍA MAYOR | F48: =INDEX('PEDIDO JULIO'!A33:AF41,1,8) -> 15 | G48: =IFERROR(VLOOKUP($B48,'[1]INSUMO POR SEDES MARZO PRUEBA'!$B$6:$CD$109,8,0),"NO BD") -> 5005.7028 | I48: =+F48*G48 -> 75085.542 | J48: =+I48*10% -> 7508.5542 | K48: =+J48*19% -> 1426.6253 | L48: =SUM(I48:K48) -> 84020.721
A49: 44 | B49: 156 | C49: Cepillos para lavar o fregar | D49: Cepillos 3 (Compra) | E49: Suma de SEDE 1 - MANZANA LIEVANO - ALCALDÍA MAYOR | F49: =INDEX('PEDIDO JULIO'!A33:AF42,1,8) -> 15 | G49: =IFERROR(VLOOKUP($B49,'[1]INSUMO POR SEDES MARZO PRUEBA'!$B$6:$CD$109,8,0),"NO BD") -> 4422.608 | I49: =+F49*G49 -> 66339.12 | J49: =+I49*10% -> 6633.912 | K49: =+J49*19% -> 1260.4433 | L49: =SUM(I49:K49) -> 74233.475
A50: 45 | B50: 157 | C50: Filtros de algodón | D50: Trapero 3 (Compra) | E50: Suma de SEDE 1 - MANZANA LIEVANO - ALCALDÍA MAYOR | F50: =INDEX('PEDIDO JULIO'!A33:AF42,1,8) -> 15 | G50: =IFERROR(VLOOKUP($B50,'[1]INSUMO POR SEDES MARZO PRUEBA'!$B$6:$CD$109,8,0),"NO BD") -> 5970.731 | I50: =+F50*G50 -> 89560.965 | J50: =+I50*10% -> 8956.0965 | K50: =+J50*19% -> 1701.6583 | L50: =SUM(I50:K50) -> 100218.72
A51: 46 | B51: 159 | C51: Mangos metálicos | D51: Mango metálico trapero (Compra) | E51: Suma de SEDE 1 - MANZANA LIEVANO - ALCALDÍA MAYOR | F51: =INDEX('PEDIDO JULIO'!A33:AF42,1,8) -> 15 | G51: =IFERROR(VLOOKUP($B51,'[1]INSUMO POR SEDES MARZO PRUEBA'!$B$6:$CD$109,8,0),"NO BD") -> 6716.8359 | I51: =+F51*G51 -> 100752.54 | J51: =+I51*10% -> 10075.254 | K51: =+J51*19% -> 1914.2982 | L51: =SUM(I51:K51) -> 112742.09
A52: 47 | B52: 160 | C52: Cepillos para lavar o fregar | D52: Cepillo para sanitario (churrusco) (Compra) | E52: Suma de SEDE 1 - MANZANA LIEVANO - ALCALDÍA MAYOR | F52: =INDEX('PEDIDO JULIO'!A33:AF42,1,8) -> 15 | G52: =IFERROR(VLOOKUP($B52,'[1]INSUMO POR SEDES MARZO PRUEBA'!$B$6:$CD$109,8,0),"NO BD") -> 3035.3931 | I52: =+F52*G52 -> 45530.897 | J52: =+I52*10% -> 4553.0897 | K52: =+J52*19% -> 865.08703 | L52: =SUM(I52:K52) -> 50949.073
A53: 48 | B53: 162 | C53: Filtros de material textil, para usos técnicos e industriales | D53: Pads 1 (Compra) | E53: Suma de SEDE 1 - MANZANA LIEVANO - ALCALDÍA MAYOR | F53: =INDEX('PEDIDO JULIO'!A33:AF43,1,8) -> 15 | G53: =IFERROR(VLOOKUP($B53,'[1]INSUMO POR SEDES MARZO PRUEBA'!$B$6:$CD$109,8,0),"NO BD") -> 2684.254 | I53: =+F53*G53 -> 40263.81 | J53: =+I53*10% -> 4026.381 | K53: =+J53*19% -> 765.01239 | L53: =SUM(I53:K53) -> 45055.203
A54: 49 | B54: 164 | C54: Filtros de material textil, para usos técnicos e industriales | D54: Pads 2 (Compra) | E54: Suma de SEDE 1 - MANZANA LIEVANO - ALCALDÍA MAYOR | F54: =INDEX('PEDIDO JULIO'!A33:AF43,1,8) -> 15 | G54: =IFERROR(VLOOKUP($B54,'[1]INSUMO POR SEDES MARZO PRUEBA'!$B$6:$CD$109,8,0),"NO BD") -> 1658.478 | I54: =+F54*G54 -> 24877.17 | J54: =+I54*10% -> 2487.717 | K54: =+J54*19% -> 472.66623 | L54: =SUM(I54:K54) -> 27837.553
A55: 50 | B55: 169 | C55: Filtros de material textil, para usos técnicos e industriales | D55: Pads 3 (Compra) | E55: Suma de SEDE 1 - MANZANA LIEVANO - ALCALDÍA MAYOR | F55: =INDEX('PEDIDO JULIO'!A33:AF43,1,8) -> 15 | G55: =IFERROR(VLOOKUP($B55,'[1]INSUMO POR SEDES MARZO PRUEBA'!$B$6:$CD$109,8,0),"NO BD") -> 0 | I55: =+F55*G55 -> 0 | J55: =+I55*10% -> 0 | K55: =+J55*19% -> 0 | L55: =SUM(I55:K55) -> 0
A56: 51 | B56: 170 | C56: Filtros de material textil, para usos técnicos e industriales | D56: Pads 4 (Compra) | E56: Suma de SEDE 1 - MANZANA LIEVANO - ALCALDÍA MAYOR | F56: =INDEX('PEDIDO JULIO'!A33:AF44,1,8) -> 15 | G56: =IFERROR(VLOOKUP($B56,'[1]INSUMO POR SEDES MARZO PRUEBA'!$B$6:$CD$109,8,0),"NO BD") -> 19405.664 | I56: =+F56*G56 -> 291084.96 | J56: =+I56*10% -> 29108.496 | K56: =+J56*19% -> 5530.6142 | L56: =SUM(I56:K56) -> 325724.07
A57: 52 | B57: 174 | C57: Filtros de material textil, para usos técnicos e industriales | D57: Boneth 1 (Compra) | E57: Suma de SEDE 1 - MANZANA LIEVANO - ALCALDÍA MAYOR | F57: =INDEX('PEDIDO JULIO'!A33:AF44,1,8) -> 15 | G57: =IFERROR(VLOOKUP($B57,'[1]INSUMO POR SEDES MARZO PRUEBA'!$B$6:$CD$109,8,0),"NO BD") -> 6081.086 | I57: =+F57*G57 -> 91216.29 | J57: =+I57*10% -> 9121.629 | K57: =+J57*19% -> 1733.1095 | L57: =SUM(I57:K57) -> 102071.03
A58: 53 | B58: 192 | C58: Filtros de material textil, para usos técnicos e industriales | D58: Boneth 2 (Compra) | E58: Suma de SEDE 1 - MANZANA LIEVANO - ALCALDÍA MAYOR | F58: =INDEX('PEDIDO JULIO'!A33:AF44,1,8) -> 15 | G58: =IFERROR(VLOOKUP($B58,'[1]INSUMO POR SEDES MARZO PRUEBA'!$B$6:$CD$109,8,0),"NO BD") -> 6866.2881 | I58: =+F58*G58 -> 102994.32 | J58: =+I58*10% -> 10299.432 | K58: =+J58*19% -> 1956.8921 | L58: =SUM(I58:K58) -> 115250.65
A59: 54 | B59: 195 | C59: Bolsas de material plástico sin impresión | D59: Bolsas plásticas 1 (Compra) | E59: Suma de SEDE 1 - MANZANA LIEVANO - ALCALDÍA MAYOR | F59: =INDEX('PEDIDO JULIO'!A33:AF44,1,8) -> 15 | G59: =IFERROR(VLOOKUP($B59,'[1]INSUMO POR SEDES MARZO PRUEBA'!$B$6:$CD$109,8,0),"NO BD") -> 10697.183 | I59: =+F59*G59 -> 160457.75 | J59: =+I59*10% -> 16045.775 | K59: =+J59*19% -> 3048.6972 | L59: =SUM(I59:K59) -> 179552.22
A60: 55 | B60: 204 | C60: Bolsas de material plástico sin impresión | D60: Bolsas plásticas 15 (Compra) | E60: Suma de SEDE 1 - MANZANA LIEVANO - ALCALDÍA MAYOR | F60: =INDEX('PEDIDO JULIO'!A33:AF45,1,8) -> 15 | G60: =IFERROR(VLOOKUP($B60,'[1]INSUMO POR SEDES MARZO PRUEBA'!$B$6:$CD$109,8,0),"NO BD") -> 25673.618 | I60: =+F60*G60 -> 385104.27 | J60: =+I60*10% -> 38510.427 | K60: =+J60*19% -> 7316.9811 | L60: =SUM(I60:K60) -> 430931.67
A61: 56 | B61: 205 | C61: Bolsas de material plástico sin impresión | D61: Bolsas plásticas 16 (Compra) | E61: Suma de SEDE 1 - MANZANA LIEVANO - ALCALDÍA MAYOR | F61: =INDEX('PEDIDO JULIO'!A33:AF46,1,8) -> 15 | G61: =IFERROR(VLOOKUP($B61,'[1]INSUMO POR SEDES MARZO PRUEBA'!$B$6:$CD$109,8,0),"NO BD") -> 32639.225 | I61: =+F61*G61 -> 489588.38 | J61: =+I61*10% -> 48958.838 | K61: =+J61*19% -> 9302.1792 | L61: =SUM(I61:K61) -> 547849.4
A62: 57 | B62: 207 | C62: Bolsas de material plástico sin impresión | D62: Bolsas plásticas 17 (Compra) | E62: Suma de SEDE 1 - MANZANA LIEVANO - ALCALDÍA MAYOR | F62: =INDEX('PEDIDO JULIO'!A33:AF47,1,8) -> 15 | G62: =IFERROR(VLOOKUP($B62,'[1]INSUMO POR SEDES MARZO PRUEBA'!$B$6:$CD$109,8,0),"NO BD") -> 7186.738 | I62: =+F62*G62 -> 107801.07 | J62: =+I62*10% -> 10780.107 | K62: =+J62*19% -> 2048.2203 | L62: =SUM(I62:K62) -> 120629.4
A63: 58 | B63: 212 | C63: Bolsas de material plástico sin impresión | D63: Bolsas plásticas 21 (Compra) | E63: Suma de SEDE 1 - MANZANA LIEVANO - ALCALDÍA MAYOR | F63: =INDEX('PEDIDO JULIO'!A33:AF47,1,8) -> 15 | G63: =IFERROR(VLOOKUP($B63,'[1]INSUMO POR SEDES MARZO PRUEBA'!$B$6:$CD$109,8,0),"NO BD") -> 2505.584 | I63: =+F63*G63 -> 37583.76 | J63: =+I63*10% -> 3758.376 | K63: =+J63*19% -> 714.09144 | L63: =SUM(I63:K63) -> 42056.227
A64: 59 | B64: 218 | C64: Bolsas de material plástico sin impresión | D64: Bolsas plásticas 22 (Compra) | E64: Suma de SEDE 1 - MANZANA LIEVANO - ALCALDÍA MAYOR | F64: =INDEX('PEDIDO JULIO'!A33:AF47,1,8) -> 15 | G64: =IFERROR(VLOOKUP($B64,'[1]INSUMO POR SEDES MARZO PRUEBA'!$B$6:$CD$109,8,0),"NO BD") -> 2587.0365 | I64: =+F64*G64 -> 38805.548 | J64: =+I64*10% -> 3880.5548 | K64: =+J64*19% -> 737.3054 | L64: =SUM(I64:K64) -> 43423.408
A65: 60 | B65: 251 | C65: Bolsas de material plástico sin impresión | D65: Bolsas plásticas 23 (Compra) | E65: Suma de SEDE 1 - MANZANA LIEVANO - ALCALDÍA MAYOR | F65: =INDEX('PEDIDO JULIO'!A33:AF47,1,8) -> 15 | G65: =IFERROR(VLOOKUP($B65,'[1]INSUMO POR SEDES MARZO PRUEBA'!$B$6:$CD$109,8,0),"NO BD") -> 16031.954 | I65: =+F65*G65 -> 240479.31 | J65: =+I65*10% -> 24047.931 | K65: =+J65*19% -> 4569.1069 | L65: =SUM(I65:K65) -> 269096.35
A66: 61 | B66: 205 | C66: Bolsas de material plástico sin impresión | D66: Guantes 1 (Compra) | E66: Suma de SEDE 1 - MANZANA LIEVANO - ALCALDÍA MAYOR | F66: =INDEX('PEDIDO JULIO'!A33:AF47,1,8) -> 15 | G66: =IFERROR(VLOOKUP($B66,'[1]INSUMO POR SEDES MARZO PRUEBA'!$B$6:$CD$109,8,0),"NO BD") -> 32639.225 | I66: =+F66*G66 -> 489588.38 | J66: =+I66*10% -> 48958.838 | K66: =+J66*19% -> 9302.1792 | L66: =SUM(I66:K66) -> 547849.4
A67: 62 | B67: 207 | C67: Bolsas de material plástico sin impresión | D67: Guantes 2 (Compra) | E67: Suma de SEDE 1 - MANZANA LIEVANO - ALCALDÍA MAYOR | F67: =INDEX('PEDIDO JULIO'!A33:AF47,1,8) -> 15 | G67: =IFERROR(VLOOKUP($B67,'[1]INSUMO POR SEDES MARZO PRUEBA'!$B$6:$CD$109,8,0),"NO BD") -> 7186.738 | I67: =+F67*G67 -> 107801.07 | J67: =+I67*10% -> 10780.107 | K67: =+J67*19% -> 2048.2203 | L67: =SUM(I67:K67) -> 120629.4
A68: 63 | B68: 212 | C68: Bolsas de material plástico sin impresión | D68: Guantes 4 (Compra) | E68: Suma de SEDE 1 - MANZANA LIEVANO - ALCALDÍA MAYOR | F68: =INDEX('PEDIDO JULIO'!A33:AF47,1,8) -> 15 | G68: =IFERROR(VLOOKUP($B68,'[1]INSUMO POR SEDES MARZO PRUEBA'!$B$6:$CD$109,8,0),"NO BD") -> 2505.584 | I68: =+F68*G68 -> 37583.76 | J68: =+I68*10% -> 3758.376 | K68: =+J68*19% -> 714.09144 | L68: =SUM(I68:K68) -> 42056.227
A69: 64 | B69: 218 | C69: Bolsas de material plástico sin impresión | D69: Guantes 6 (Compra) | E69: Suma de SEDE 1 - MANZANA LIEVANO - ALCALDÍA MAYOR | F69: =INDEX('PEDIDO JULIO'!A33:AF47,1,8) -> 15 | G69: =IFERROR(VLOOKUP($B69,'[1]INSUMO POR SEDES MARZO PRUEBA'!$B$6:$CD$109,8,0),"NO BD") -> 2587.0365 | I69: =+F69*G69 -> 38805.548 | J69: =+I69*10% -> 3880.5548 | K69: =+J69*19% -> 737.3054 | L69: =SUM(I69:K69) -> 43423.408
A70: 65 | B70: 251 | C70: Bolsas de material plástico sin impresión | D70: Guantes 7 (Compra) | E70: Suma de SEDE 1 - MANZANA LIEVANO - ALCALDÍA MAYOR | F70: =INDEX('PEDIDO JULIO'!A33:AF47,1,8) -> 15 | G70: =IFERROR(VLOOKUP($B70,'[1]INSUMO POR SEDES MARZO PRUEBA'!$B$6:$CD$109,8,0),"NO BD") -> 16031.954 | I70: =+F70*G70 -> 240479.31 | J70: =+I70*10% -> 24047.931 | K70: =+J70*19% -> 4569.1069 | L70: =SUM(I70:K70) -> 269096.35
A71: 108 | B71: 3 | C71: Detergentes en polvo | D71: Jabón abrasivo (Compra) | E71: Suma de SEDE 2 - DIRECCIÓN DISTRITAL DE ARCHIVO DE BOGOTA | F71: =INDEX('PEDIDO JULIO'!A10:I32,1,9) -> 0 | G71: =IFERROR(VLOOKUP($B71,'[1]INSUMO POR SEDES MARZO PRUEBA'!$B$6:$CD$109,11,0),"NO BD") -> 7268.716 | I71: =+F71*G71 -> 0 | J71: =+I71*10% -> 0 | K71: =+J71*19% -> 0 | L71: =SUM(I71:K71) -> 0
A72: 109 | B72: 5 | C72: Jabones industriales | D72: Jabón de tocador 2 (Compra) | E72: Suma de SEDE 2 - DIRECCIÓN DISTRITAL DE ARCHIVO DE BOGOTA | F72: =INDEX('PEDIDO JULIO'!A10:I32,1,9) -> 0 | G72: =IFERROR(VLOOKUP($B72,'[1]INSUMO POR SEDES MARZO PRUEBA'!$B$6:$CD$109,11,0),"NO BD") -> 6494.129 | I72: =+F72*G72 -> 0 | J72: =+I72*10% -> 0 | K72: =+J72*19% -> 0 | L72: =SUM(I72:K72) -> 0
A73: 110 | B73: 8 | C73: Jabones de tocador | D73: Jabón de dispensador para manos 2 (Compra) | E73: Suma de SEDE 2 - DIRECCIÓN DISTRITAL DE ARCHIVO DE BOGOTA | F73: =INDEX('PEDIDO JULIO'!A10:I33,1,9) -> 0 | G73: =IFERROR(VLOOKUP($B73,'[1]INSUMO POR SEDES MARZO PRUEBA'!$B$6:$CD$109,11,0),"NO BD") -> 2211.304 | I73: =+F73*G73 -> 0 | J73: =+I73*10% -> 0 | K73: =+J73*19% -> 0 | L73: =SUM(I73:K73) -> 0
A74: 111 | B74: 9 | C74: Productos químicos especiales para tratamiento de pisos | D74: Limpiador multiusos 1 (Compra) | E74: Suma de SEDE 2 - DIRECCIÓN DISTRITAL DE ARCHIVO DE BOGOTA | F74: =INDEX('PEDIDO JULIO'!A10:I33,1,9) -> 0 | G74: =IFERROR(VLOOKUP($B74,'[1]INSUMO POR SEDES MARZO PRUEBA'!$B$6:$CD$109,11,0),"NO BD") -> 3298.038 | I74: =+F74*G74 -> 0 | J74: =+I74*10% -> 0 | K74: =+J74*19% -> 0 | L74: =SUM(I74:K74) -> 0
A75: 112 | B75: 13 | C75: Productos químicos especiales para tratamiento de pisos | D75: Limpiador desinfectante para pisos (Compra) | E75: Suma de SEDE 2 - DIRECCIÓN DISTRITAL DE ARCHIVO DE BOGOTA | F75: =INDEX('PEDIDO JULIO'!A11:I33,1,9) -> 0 | G75: =IFERROR(VLOOKUP($B75,'[1]INSUMO POR SEDES MARZO PRUEBA'!$B$6:$CD$109,11,0),"NO BD") -> 6507.792 | I75: =+F75*G75 -> 0 | J75: =+I75*10% -> 0 | K75: =+J75*19% -> 0 | L75: =SUM(I75:K75) -> 0
A76: 113 | B76: 17 | C76: Preparaciones para limpieza y desengrase | D76: Líquido desengrasante (Compra) | E76: Suma de SEDE 2 - DIRECCIÓN DISTRITAL DE ARCHIVO DE BOGOTA | F76: =INDEX('PEDIDO JULIO'!A12:I33,1,9) -> 0 | G76: =IFERROR(VLOOKUP($B76,'[1]INSUMO POR SEDES MARZO PRUEBA'!$B$6:$CD$109,11,0),"NO BD") -> 5647.023 | I76: =+F76*G76 -> 0 | J76: =+I76*10% -> 0 | K76: =+J76*19% -> 0 | L76: =SUM(I76:K76) -> 0
A77: 114 | B77: 20 | C77: Desinfectantes | D77: Pastilla desinfectante para sanitario (Compra) | E77: Suma de SEDE 2 - DIRECCIÓN DISTRITAL DE ARCHIVO DE BOGOTA | F77: =INDEX('PEDIDO JULIO'!A12:I33,1,9) -> 0 | G77: =IFERROR(VLOOKUP($B77,'[1]INSUMO POR SEDES MARZO PRUEBA'!$B$6:$CD$109,11,0),"NO BD") -> 0 | I77: =+F77*G77 -> 0 | J77: =+I77*10% -> 0 | K77: =+J77*19% -> 0 | L77: =SUM(I77:K77) -> 0
A78: 115 | B78: 21 | C78: Preparaciones para limpiar vidrios | D78: Líquido para limpiar vidrios 1 (Compra) | E78: Suma de SEDE 2 - DIRECCIÓN DISTRITAL DE ARCHIVO DE BOGOTA | F78: =INDEX('PEDIDO JULIO'!A13:I34,1,9) -> 0 | G78: =IFERROR(VLOOKUP($B78,'[1]INSUMO POR SEDES MARZO PRUEBA'!$B$6:$CD$109,11,0),"NO BD") -> 5932.895 | I78: =+F78*G78 -> 0 | J78: =+I78*10% -> 0 | K78: =+J78*19% -> 0 | L78: =SUM(I78:K78) -> 0
A79: 116 | B79: 28 | C79: Hipoclorito de sodio | D79: Blanqueador o hipoclorito 1 (Compra) | E79: Suma de SEDE 2 - DIRECCIÓN DISTRITAL DE ARCHIVO DE BOGOTA | F79: =INDEX('PEDIDO JULIO'!A14:I34,1,9) -> 0 | G79: =IFERROR(VLOOKUP($B79,'[1]INSUMO POR SEDES MARZO PRUEBA'!$B$6:$CD$109,11,0),"NO BD") -> 2764.13 | I79: =+F79*G79 -> 0 | J79: =+I79*10% -> 0 | K79: =+J79*19% -> 0 | L79: =SUM(I79:K79) -> 0
A80: 117 | B80: 29 | C80: Desinfectantes | D80: Creolina 2 (Compra) | E80: Suma de SEDE 2 - DIRECCIÓN DISTRITAL DE ARCHIVO DE BOGOTA | F80: =INDEX('PEDIDO JULIO'!A15:I34,1,9) -> 0 | G80: =IFERROR(VLOOKUP($B80,'[1]INSUMO POR SEDES MARZO PRUEBA'!$B$6:$CD$109,11,0),"NO BD") -> 4829.345 | I80: =+F80*G80 -> 0 | J80: =+I80*10% -> 0 | K80: =+J80*19% -> 0 | L80: =SUM(I80:K80) -> 0
A81: 118 | B81: 32 | C81: Jabones líquidos para lavar | D81: Champú para alfombras y tapizados 1 (Compra) | E81: Suma de SEDE 2 - DIRECCIÓN DISTRITAL DE ARCHIVO DE BOGOTA | F81: =INDEX('PEDIDO JULIO'!A16:I34,1,9) -> 0 | G81: =IFERROR(VLOOKUP($B81,'[1]INSUMO POR SEDES MARZO PRUEBA'!$B$6:$CD$109,11,0),"NO BD") -> 4115.716 | I81: =+F81*G81 -> 0 | J81: =+I81*10% -> 0 | K81: =+J81*19% -> 0 | L81: =SUM(I81:K81) -> 0
A82: 119 | B82: 38 | C82: Preparaciones para limpieza y desengrase | D82: Líquido cubre rasguños para madera (Compra) | E82: Suma de SEDE 2 - DIRECCIÓN DISTRITAL DE ARCHIVO DE BOGOTA | F82: =INDEX('PEDIDO JULIO'!A17:I34,1,9) -> 0 | G82: =IFERROR(VLOOKUP($B82,'[1]INSUMO POR SEDES MARZO PRUEBA'!$B$6:$CD$109,11,0),"NO BD") -> 11100.662 | I82: =+F82*G82 -> 0 | J82: =+I82*10% -> 0 | K82: =+J82*19% -> 0 | L82: =SUM(I82:K82) -> 0
A83: 120 | B83: 44 | C83: Ceras para pisos | D83: Cera polimérica (Compra) | E83: Suma de SEDE 2 - DIRECCIÓN DISTRITAL DE ARCHIVO DE BOGOTA | F83: =INDEX('PEDIDO JULIO'!A17:I34,1,9) -> 0 | G83: =IFERROR(VLOOKUP($B83,'[1]INSUMO POR SEDES MARZO PRUEBA'!$B$6:$CD$109,11,0),"NO BD") -> 2787.252 | I83: =+F83*G83 -> 0 | J83: =+I83*10% -> 0 | K83: =+J83*19% -> 0 | L83: =SUM(I83:K83) -> 0
A84: 121 | B84: 50 | C84: Productos químicos especiales para tratamiento de pisos | D84: Sellante para pisos (Compra) | E84: Suma de SEDE 2 - DIRECCIÓN DISTRITAL DE ARCHIVO DE BOGOTA | F84: =INDEX('PEDIDO JULIO'!A18:I35,1,9) -> 0 | G84: =IFERROR(VLOOKUP($B84,'[1]INSUMO POR SEDES MARZO PRUEBA'!$B$6:$CD$109,11,0),"NO BD") -> 38567.496 | I84: =+F84*G84 -> 0 | J84: =+I84*10% -> 0 | K84: =+J84*19% -> 0 | L84: =SUM(I84:K84) -> 0
A85: 122 | B85: 52 | C85: Productos químicos especiales para tratamiento de pisos | D85: Mantenedor de pisos (Compra) | E85: Suma de SEDE 2 - DIRECCIÓN DISTRITAL DE ARCHIVO DE BOGOTA | F85: =INDEX('PEDIDO JULIO'!A18:I35,1,9) -> 0 | G85: =IFERROR(VLOOKUP($B85,'[1]INSUMO POR SEDES MARZO PRUEBA'!$B$6:$CD$109,11,0),"NO BD") -> 6412.151 | I85: =+F85*G85 -> 0 | J85: =+I85*10% -> 0 | K85: =+J85*19% -> 0 | L85: =SUM(I85:K85) -> 0
A86: 123 | B86: 57 | C86: Productos químicos especiales para tratamiento de pisos | D86: Removedor de cera (Compra) | E86: Suma de SEDE 2 - DIRECCIÓN DISTRITAL DE ARCHIVO DE BOGOTA | F86: =INDEX('PEDIDO JULIO'!A18:I35,1,9) -> 0 | G86: =IFERROR(VLOOKUP($B86,'[1]INSUMO POR SEDES MARZO PRUEBA'!$B$6:$CD$109,11,0),"NO BD") -> 12823.251 | I86: =+F86*G86 -> 0 | J86: =+I86*10% -> 0 | K86: =+J86*19% -> 0 | L86: =SUM(I86:K86) -> 0
A87: 124 | B87: 59 | C87: Productos químicos especiales para tratamiento de pisos | D87: Jabón neutro para pisos 1 (Compra) | E87: Suma de SEDE 2 - DIRECCIÓN DISTRITAL DE ARCHIVO DE BOGOTA | F87: =INDEX('PEDIDO JULIO'!A19:I35,1,9) -> 0 | G87: =IFERROR(VLOOKUP($B87,'[1]INSUMO POR SEDES MARZO PRUEBA'!$B$6:$CD$109,11,0),"NO BD") -> 5528.26 | I87: =+F87*G87 -> 0 | J87: =+I87*10% -> 0 | K87: =+J87*19% -> 0 | L87: =SUM(I87:K87) -> 0
A88: 125 | B88: 62 | C88: Varsol-disolvente núm. 4 | D88: Varsol ecológico 2 (Compra) | E88: Suma de SEDE 2 - DIRECCIÓN DISTRITAL DE ARCHIVO DE BOGOTA | F88: =INDEX('PEDIDO JULIO'!A19:I35,1,9) -> 0 | G88: =IFERROR(VLOOKUP($B88,'[1]INSUMO POR SEDES MARZO PRUEBA'!$B$6:$CD$109,11,0),"NO BD") -> 10100.32 | I88: =+F88*G88 -> 0 | J88: =+I88*10% -> 0 | K88: =+J88*19% -> 0 | L88: =SUM(I88:K88) -> 0
A89: 126 | B89: 63 | C89: Preparaciones para limpieza y desengrase | D89: Brillametal en crema (Compra) | E89: Suma de SEDE 2 - DIRECCIÓN DISTRITAL DE ARCHIVO DE BOGOTA | F89: =INDEX('PEDIDO JULIO'!A20:I35,1,9) -> 0 | G89: =IFERROR(VLOOKUP($B89,'[1]INSUMO POR SEDES MARZO PRUEBA'!$B$6:$CD$109,11,0),"NO BD") -> 8292.39 | I89: =+F89*G89 -> 0 | J89: =+I89*10% -> 0 | K89: =+J89*19% -> 0 | L89: =SUM(I89:K89) -> 0
A90: 127 | B90: 64 | C90: Purificadores líquidos de ambiente | D90: Ambientador 1 (Compra) | E90: Suma de SEDE 2 - DIRECCIÓN DISTRITAL DE ARCHIVO DE BOGOTA | F90: =INDEX('PEDIDO JULIO'!A20:I35,1,9) -> 0 | G90: =IFERROR(VLOOKUP($B90,'[1]INSUMO POR SEDES MARZO PRUEBA'!$B$6:$CD$109,11,0),"NO BD") -> 13820.65 | I90: =+F90*G90 -> 0 | J90: =+I90*10% -> 0 | K90: =+J90*19% -> 0 | L90: =SUM(I90:K90) -> 0
A91: 128 | B91: 65 | C91: Purificadores líquidos de ambiente | D91: Ambientador 2 (Compra) | E91: Suma de SEDE 2 - DIRECCIÓN DISTRITAL DE ARCHIVO DE BOGOTA | F91: =INDEX('PEDIDO JULIO'!A21:I35,1,9) -> 0 | G91: =IFERROR(VLOOKUP($B91,'[1]INSUMO POR SEDES MARZO PRUEBA'!$B$6:$CD$109,11,0),"NO BD") -> 13820.65 | I91: =+F91*G91 -> 0 | J91: =+I91*10% -> 0 | K91: =+J91*19% -> 0 | L91: =SUM(I91:K91) -> 0
A92: 129 | B92: 66 | C92: Solventes para insecticida | D92: Insecticida 1 (Compra) | E92: Suma de SEDE 2 - DIRECCIÓN DISTRITAL DE ARCHIVO DE BOGOTA | F92: =INDEX('PEDIDO JULIO'!A22:I35,1,9) -> 0 | G92: =IFERROR(VLOOKUP($B92,'[1]INSUMO POR SEDES MARZO PRUEBA'!$B$6:$CD$109,11,0),"NO BD") -> 2887.097 | I92: =+F92*G92 -> 0 | J92: =+I92*10% -> 0 | K92: =+J92*19% -> 0 | L92: =SUM(I92:K92) -> 0
A93: 130 | B93: 71 | C93: Solventes para insecticida | D93: Insecticida 2 (Compra) | E93: Suma de SEDE 2 - DIRECCIÓN DISTRITAL DE ARCHIVO DE BOGOTA | F93: =INDEX('PEDIDO JULIO'!A23:I36,1,9) -> 0 | G93: =IFERROR(VLOOKUP($B93,'[1]INSUMO POR SEDES MARZO PRUEBA'!$B$6:$CD$109,11,0),"NO BD") -> 5196.144 | I93: =+F93*G93 -> 0 | J93: =+I93*10% -> 0 | K93: =+J93*19% -> 0 | L93: =SUM(I93:K93) -> 0
A94: 131 | B94: 72 | C94: Filtros de algodón | D94: Limpiones 1 (Compra) | E94: Suma de SEDE 2 - DIRECCIÓN DISTRITAL DE ARCHIVO DE BOGOTA | F94: =INDEX('PEDIDO JULIO'!A23:I37,1,9) -> 0 | G94: =IFERROR(VLOOKUP($B94,'[1]INSUMO POR SEDES MARZO PRUEBA'!$B$6:$CD$109,11,0),"NO BD") -> 7861.3749 | I94: =+F94*G94 -> 0 | J94: =+I94*10% -> 0 | K94: =+J94*19% -> 0 | L94: =SUM(I94:K94) -> 0
A95: 132 | B95: 73 | C95: Filtros de algodón | D95: Bayetilla 1 (Compra) | E95: Suma de SEDE 2 - DIRECCIÓN DISTRITAL DE ARCHIVO DE BOGOTA | F95: =INDEX('PEDIDO JULIO'!A24:I37,1,9) -> 0 | G95: =IFERROR(VLOOKUP($B95,'[1]INSUMO POR SEDES MARZO PRUEBA'!$B$6:$CD$109,11,0),"NO BD") -> 4975.434 | I95: =+F95*G95 -> 0 | J95: =+I95*10% -> 0 | K95: =+J95*19% -> 0 | L95: =SUM(I95:K95) -> 0
A96: 133 | B96: 74 | C96: Filtros de algodón | D96: Bayetilla 2 (Compra) | E96: Suma de SEDE 2 - DIRECCIÓN DISTRITAL DE ARCHIVO DE BOGOTA | F96: =INDEX('PEDIDO JULIO'!A25:I37,1,9) -> 0 | G96: =IFERROR(VLOOKUP($B96,'[1]INSUMO POR SEDES MARZO PRUEBA'!$B$6:$CD$109,11,0),"NO BD") -> 6915.4749 | I96: =+F96*G96 -> 0 | J96: =+I96*10% -> 0 | K96: =+J96*19% -> 0 | L96: =SUM(I96:K96) -> 0
A97: 134 | B97: 79 | C97: Filtros de algodón | D97: Toalla en tela blanca para pisos por metro (repuesto de haraganes) (Compra) | E97: Suma de SEDE 2 - DIRECCIÓN DISTRITAL DE ARCHIVO DE BOGOTA | F97: =INDEX('PEDIDO JULIO'!A26:I37,1,9) -> 0 | G97: =IFERROR(VLOOKUP($B97,'[1]INSUMO POR SEDES MARZO PRUEBA'!$B$6:$CD$109,11,0),"NO BD") -> 541.265 | I97: =+F97*G97 -> 0 | J97: =+I97*10% -> 0 | K97: =+J97*19% -> 0 | L97: =SUM(I97:K97) -> 0
A98: 135 | B98: 80 | C98: Paños absorbentes desechables para uso doméstico | D98: Paño absorbente multiusos 1 (Compra) | E98: Suma de SEDE 2 - DIRECCIÓN DISTRITAL DE ARCHIVO DE BOGOTA | F98: =INDEX('PEDIDO JULIO'!A27:I37,1,9) -> 0 | G98: =IFERROR(VLOOKUP($B98,'[1]INSUMO POR SEDES MARZO PRUEBA'!$B$6:$CD$109,11,0),"NO BD") -> 433.012 | I98: =+F98*G98 -> 0 | J98: =+I98*10% -> 0 | K98: =+J98*19% -> 0 | L98: =SUM(I98:K98) -> 0
A99: 136 | B99: 81 | C99: Esponjas y esponjillas metálicas | D99: Esponjilla 1 (Compra) | E99: Suma de SEDE 2 - DIRECCIÓN DISTRITAL DE ARCHIVO DE BOGOTA | F99: =INDEX('PEDIDO JULIO'!A28:I37,1,9) -> 10 | G99: =IFERROR(VLOOKUP($B99,'[1]INSUMO POR SEDES MARZO PRUEBA'!$B$6:$CD$109,11,0),"NO BD") -> 211.251 | I99: =+F99*G99 -> 2112.51 | J99: =+I99*10% -> 211.251 | K99: =+J99*19% -> 40.13769 | L99: =SUM(I99:K99) -> 2363.8987
A100: 137 | B100: 82 | C100: Esponjas y esponjillas metálicas | D100: Esponjilla 2 (Compra) | E100: Suma de SEDE 2 - DIRECCIÓN DISTRITAL DE ARCHIVO DE BOGOTA | F100: =INDEX('PEDIDO JULIO'!A28:I37,1,9) -> 10 | G100: =IFERROR(VLOOKUP($B100,'[1]INSUMO POR SEDES MARZO PRUEBA'!$B$6:$CD$109,11,0),"NO BD") -> 1003.705 | I100: =+F100*G100 -> 10037.05 | J100: =+I100*10% -> 1003.705 | K100: =+J100*19% -> 190.70395 | L100: =SUM(I100:K100) -> 11231.459
A101: 138 | B101: 83 | C101: Esponjas y esponjillas metálicas | D101: Esponjilla 3 (Compra) | E101: Suma de SEDE 2 - DIRECCIÓN DISTRITAL DE ARCHIVO DE BOGOTA | F101: =INDEX('PEDIDO JULIO'!A29:I37,1,9) -> 3 | G101: =IFERROR(VLOOKUP($B101,'[1]INSUMO POR SEDES MARZO PRUEBA'!$B$6:$CD$109,11,0),"NO BD") -> 336.32 | I101: =+F101*G101 -> 1008.96 | J101: =+I101*10% -> 100.896 | K101: =+J101*19% -> 19.17024 | L101: =SUM(I101:K101) -> 1129.0262
A102: 139 | B102: 88 | C102: Esponjas y esponjillas metálicas | D102: Esponjilla 4 (Compra) | E102: Suma de SEDE 2 - DIRECCIÓN DISTRITAL DE ARCHIVO DE BOGOTA | F102: =INDEX('PEDIDO JULIO'!A30:I37,1,9) -> 2 | G102: =IFERROR(VLOOKUP($B102,'[1]INSUMO POR SEDES MARZO PRUEBA'!$B$6:$CD$109,11,0),"NO BD") -> 2717.886 | I102: =+F102*G102 -> 5435.772 | J102: =+I102*10% -> 543.5772 | K102: =+J102*19% -> 103.27967 | L102: =SUM(I102:K102) -> 6082.6289
...

Sheet RUBROS JULIO
A1: CODIGO SEDE | C1: O2120201002032352001 | D1: O2120201002032381302 | E1: O2120201002032391101 | F1: O2120201002032399921 | G1: O2120201002042441001 | H1: O2120201002072719007 | I1: O2120201002072719009 | J1: O2120201002072792104 | K1: O2120201002082823803 | L1: O2120201003013191409 | M1: O2120201003023213101 | N1: O2120201003023213102 | O1: O2120201003023219303 | P1: O2120201003023219304 | Q1: O2120201003023219907 | R1: O2120201003033335001 | S1: O2120201003033335004 | T1: O2120201003043113 | U1: O2120201003043424014 | V1: O2120201003043466401 | W1: O2120201003053532101 | X1: O2120201003053532103 | Y1: O2120201003053532104 | Z1: O2120201003053532105 | AA1: O2120201003053532201 | AB1: O2120201003053532 | AC1: O2120201003053532204 | AD1: O2120201003053533102 | AE1: O2120201003053533202 | AF1: O2120201003053549945 | AG1: O2120201003063641001 | AH1: O2120201003063694012 | AI1: O2120201003063694016 | AJ1: O2120201003073719199 | AK1: O2120201003073719305 | AL1: O2120201003073722101 | AM1: O2120201003083899302 | AN1: O2120201003083899303 | AO1: O2120201004024291231 | AP1: O2120201004024299 | AQ1: O21202020070373122 | AR1: O21202020070373230 | AS1: O21202020080585330
A2: VALOR DISPONIBLE | C2: 38031768 | D2: 25469903 | E2: 5915797 | F2: 701 | G2: 3679729.5 | H2: 0 | I2: 1.06409 | J2: 22101904 | K2: 4375622 | L2: 1 | M2: 1 | N2: 275331 | O2: 1199896 | P2: 45237742 | Q2: 38392508 | R2: 0.61786 | S2: 4889194.5 | T2: 0 | U2: 9148104.3 | V2: 0.3140112 | W2: 3267835.3 | X2: 1954504.6 | Y2: 6717244 | Z2: 4966591.8 | AA2: 3365335.1 | AB2: 0 | AC2: 1594031.2 | AD2: 24520554 | AE2: 12293827 | AF2: 62542922 | AG2: 3478.1517 | AH2: 334783 | AI2: 1 | AJ2: 76976.688 | AK2: 377736 | AL2: 5239202 | AM2: 4594224.7 | AN2: 3009237.1 | AO2: 678466.23 | AP2: 0 | AQ2: 177870719 | AR2: 1.3992273e+08 | AS2: 1.9408993e+09
A3: TOTAL DESPUES DE PAGO | C3: =C2-C31 -> 38031768 | D3: =D2-D31 -> 25469903 | E3: =E2-E31 -> 781471.26 | F3: =F2-F31 -> 701 | G3: =G2-G31 -> 2340378.6 | H3: =H2-H31 -> 0 | I3: =I2-I31 -> 1.06409 | J3: =J2-J31 -> 15281837 | ... AS3: =AS2-AS31 -> 1.2025488e+09
A4: RUBRO | C4: Azucar refinada (174- 176) | D4: Café molido (170,173) | E4: Té elaborado | F4: Productos aromáticos diversos (192, 195) | G4: Agua purificada (envasada) (204,205) | H4: Filtros de material textil, para usos técnicos e industriales (103, 104, 105, 106, 108, 109, 162) | I4: Paños absorbentes desechables para uso doméstico (74,213) | J4: Filtros de algodón (66, 71, 72, 73, 98,161, 208, 209, 210, 211) | K4: Guantes de fibras artificiales y sintéticas | L4: Aplicadores, bajalenguas y otros para usos higiénicos, de madera (135, 159) | M4: Papel del tipo utilizado para papel higiénico (137, 139) | N4: Papel para servilletas, toallas y similares (160) | O4: Pañuelos de papel (154) | P4: Toallas de papel (151, 152) | Q4: Vasos de papel o cartón (155, 156, 157) | R4: Solventes para insecticida (64, 65) | S4: Varsol-disolvente núm. 4 (57; 251) | T4: Alcoholes n.c.p. | U4: Hipoclorito de sodio (32) | V4: Desinfectantes (28, 38) | W4: Jabones en pasta para lavar (5, 8) | X4: Jabones líquidos para lavar (3, 41) | Y4: Jabones industriales (11) | Z4: Jabones de tocador (13) | AA4: Detergentes en polvo (9) | AB4: Preparaciones para limpieza y desengrase (21, 44, 59) | AC4: Preparaciones para limpiar vidrios (29) | AD4: Purificadores líquidos de ambiente (62, 63) | AE4: Ceras para pisos (46) | AF4: Productos químicos especiales para tratamiento de pisos (17, 20, 50, 51, 52, 54) | AG4: Bolsas de material plástico sin impresión (110, 118, 119, 120, 122, 123,124, 126, 127, 129, 131, 132, 134) | AH4: Recipientes de material plástico-canecas para la basura (260, 291) | AI4: Recogedores plásticos de basura (215, 216, 218) | AJ4: Envases n.c.p. de vidrio (169) | AK4: Vasos y jarros de vidrio | AL4: Vajillas de loza-pedernal | AM4: Escobas (86, 87, 88, 89) | AN4: Cepillos para lavar o fregar (94, 95, 102, 164,207,212, 255, 257) | AO4: Esponjas y esponjillas metálicas (79, 80, 81, 82, 83) | AP4: Mangos metálicos (91, 92, 100) | AQ4: Servicios de arrendamiento o de alquiler de maquinaria y equipo de construcción sin operario | AR4: Servicios de arrendamiento sin opción de compra de muebles y otros aparatos domésticos | AS4: Servicios de limpieza general
C5: Azucar refinada | D5: Café molido | F5: Productos aromáticos diversos | G5: Agua purificada (envasada) | H5: Filtros de material textil, para usos técnicos e industriales | I5: Paños absorbentes desechables para uso doméstico | J5: Filtros de algodón | L5: Aplicadores, bajalenguas y otros para usos higiénicos, de madera | M5: Papel del tipo utilizado para papel higiénico | N5: Papel para servilletas, toallas y similares | O5: Pañuelos de papel | P5: Toallas de papel | Q5: Vasos de papel o cartón | R5: Solventes para insecticida | S5: Varsol-disolvente núm. 4 | U5: Hipoclorito de sodio | V5: Desinfectantes | W5: Jabones en pasta para lavar | X5: Jabones líquidos para lavar | Y5: Jabones industriales | Z5: Jabones de tocador | AA5: Detergentes en polvo | AB5: Preparaciones para limpieza y desengrase | AC5: Preparaciones para limpiar vidrios | AD5: Purificadores líquidos de ambiente | AE5: Ceras para pisos | AF5: Productos químicos especiales para tratamiento de pisos | AG5: Bolsas de material plástico sin impresión | AH5: Recipientes de material plástico-canecas para la basura | AI5: Recogedores plásticos de basura | AJ5: Envases n.c.p. de vidrio | AM5: Escobas | AN5: Cepillos para lavar o fregar | AO5: Esponjas y esponjillas metálicas | AP5: Mangos metálicos
A6: SEDE 1 - MANZANA LIEVANO - ALCALDÍA MAYOR | B6: 4233100 | C6: 0 | D6: 0 | E6: 1536675.3 | F6: 0 | G6: 0 | H6: 0 | I6: 0 | J6: 3279253.2 | K6: 0 | L6: 0 | M6: 0 | N6: 0 | O6: 0 | P6: 29229452 | Q6: 10857469 | R6: 0 | S6: 0 | T6: 0 | U6: 276329.17 | V6: 0 | W6: 0 | X6: 1489203.3 | Y6: 0 | Z6: 145644.38 | AA6: 0 | AB6: 0 | AC6: 0 | AD6: 738256.15 | AE6: 0 | AF6: 3213149.9 | AG6: 0 | AH6: 0 | AI6: 0 | AJ6: 0 | AK6: 0 | AL6: 0 | AM6: 0 | AN6: 0 | AO6: 3545.848 | AP6: 0 | AR6: 4833435.3 | AS6: 2.069097e+08
A7: SEDE 2 - DIRECCIÓN DISTRITAL DE ARCHIVO DE BOGOTA | B7: 4213000 | C7: 0 | D7: 0 | E7: 0 | F7: 0 | G7: 0 | H7: 0 | I7: 0 | J7: 130299.15 | K7: 0 | L7: 0 | M7: 0 | N7: 0 | O7: 0 | P7: 438230.36 | Q7: 0 | R7: 0 | S7: 0 | T7: 0 | U7: 0 | V7: 0 | W7: 0 | X7: 0 | Y7: 0 | Z7: 0 | AA7: 0 | AB7: 0 | AC7: 0 | AD7: 0 | AE7: 0 | AF7: 0 | AG7: 0 | AH7: 0 | AI7: 0 | AJ7: 0 | AK7: 0 | AL7: 0 | AM7: 0 | AN7: 0 | AO7: 0 | AP7: 0 | AR7: 1108789.6 | AS7: 60305339
A8: SEDE 3 - IMPRENTA DISTRITAL | B8: 4211200 | C8: 0 | D8: 0 | E8: 0 | F8: 0 | G8: 0 | H8: 0 | I8: 0 | J8: 83290.383 | K8: 0 | L8: 0 | M8: 0 | N8: 0 | O8: 0 | P8: 352044.02 | Q8: 0 | R8: 0 | S8: 0 | T8: 0 | U8: 0 | V8: 0 | W8: 0 | X8: 0 | Y8: 0 | Z8: 0 | AA8: 0 | AB8: 0 | AC8: 0 | AD8: 0 | AE8: 0 | AF8: 0 | AG8: 0 | AH8: 0 | AI8: 0 | AJ8: 0 | AK8: 0 | AL8: 0 | AM8: 0 | AN8: 0 | AO8: 0 | AP8: 0 | AR8: 672616.21 | AS8: 15596208
A9: SEDE 4 - SEDE ALTERNA RESTREPO | C9: 0 | D9: 0 | E9: 0 | F9: 0 | G9: 0 | H9: 0 | I9: 0 | J9: 0 | K9: 0 | L9: 0 | M9: 0 | N9: 0 | O9: 0 | P9: 0 | Q9: 0 | R9: 0 | S9: 0 | T9: 0 | U9: 0 | V9: 0 | W9: 0 | X9: 0 | Y9: 0 | Z9: 0 | AA9: 0 | AB9: 0 | AC9: 0 | AD9: 0 | AE9: 0 | AF9: 0 | AG9: 0 | AH9: 0 | AI9: 0 | AJ9: 0 | AK9: 0 | AL9: 0 | AM9: 0 | AN9: 0 | AO9: 0 | AP9: 0 | AR9: 0 | AS9: 7798104.2
A10: SEDE 5 - SUPERCADE CAD CARRERA | B10: 4222119 | C10: 0 | D10: 0 | E10: 268918.17 | F10: 0 | G10: 0 | H10: 0 | I10: 0 | J10: 1018637.3 | K10: 0 | L10: 0 | M10: 0 | N10: 0 | O10: 0 | P10: 391088.81 | Q10: 61861.229 | R10: 0 | S10: 0 | T10: 0 | U10: 0 | V10: 0 | W10: 0 | X10: 40353.868 | Y10: 0 | Z10: 50975.535 | AA10: 0 | AB10: 0 | AC10: 0 | AD10: 97933.147 | AE10: 0 | AF10: 22047.766 | AG10: 0 | AH10: 0 | AI10: 0 | AJ10: 0 | AK10: 0 | AL10: 0 | AM10: 0 | AN10: 0 | AO10: 0 | AP10: 0 | AR10: 914630.04 | AS10: 46398720
A11: SEDE 6 - SUPERCADE AMERICAS | B11: 4222120 | C11: 0 | D11: 0 | E11: 0 | F11: 0 | G11: 0 | H11: 0 | I11: 0 | J11: 755136.85 | K11: 0 | L11: 0 | M11: 0 | N11: 0 | O11: 0 | P11: 1297618.1 | Q11: 0 | R11: 0 | S11: 0 | T11: 0 | U11: 0 | V11: 0 | W11: 0 | X11: 32283.094 | Y11: 0 | Z11: 14564.438 | AA11: 0 | AB11: 0 | AC11: 0 | AD11: 120537.66 | AE11: 0 | AF11: 12638.037 | AG11: 0 | AH11: 0 | AI11: 0 | AJ11: 0 | AK11: 0 | AL11: 0 | AM11: 0 | AN11: 0 | AO11: 0 | AP11: 0 | AR11: 569178.59 | AS11: 38860553
A12: SEDE 7 - SUPERCADE BOSA | B12: 4222122 | C12: 0 | D12: 0 | E12: 0 | F12: 0 | G12: 0 | H12: 0 | I12: 0 | J12: 694713.13 | K12: 0 | L12: 0 | M12: 0 | N12: 0 | O12: 0 | P12: 1857259.9 | Q12: 0 | R12: 0 | S12: 28698.436 | T12: 0 | U12: 0 | V12: 0 | W12: 0 | X12: 32283.094 | Y12: 0 | Z12: 0 | AA12: 0 | AB12: 0 | AC12: 0 | AD12: 99436.164 | AE12: 0 | AF12: 150996.67 | AG12: 0 | AH12: 0 | AI12: 0 | AJ12: 0 | AK12: 0 | AL12: 0 | AM12: 0 | AN12: 0 | AO12: 0 | AP12: 0 | AR12: 569178.59 | AS12: 34441627
A13: SEDE 8 - SUPERCADE CALLE 13 | B13: 4222125 | C13: 0 | D13: 0 | E13: 0 | F13: 0 | G13: 0 | H13: 0 | I13: 0 | J13: 119701.48 | K13: 0 | L13: 0 | M13: 0 | N13: 0 | O13: 0 | P13: 209908.79 | Q13: 0 | R13: 0 | S13: 0 | T13: 0 | U13: 9210.9724 | V13: 0 | W13: 0 | X13: 0 | Y13: 0 | Z13: 0 | AA13: 0 | AB13: 0 | AC13: 0 | AD13: 67813.55 | AE13: 0 | AF13: 18957.056 | AG13: 0 | AH13: 0 | AI13: 0 | AJ13: 0 | AK13: 0 | AL13: 0 | AM13: 0 | AN13: 0 | AO13: 0 | AP13: 0 | AR13: 569178.59 | AS13: 9487693.4
A14: SEDE 9 - SUPERCADE 20 DE JULIO | B14: 4222124 | C14: 0 | D14: 0 | E14: 384168.82 | F14: 0 | G14: 0 | H14: 0 | I14: 0 | J14: 608199.38 | K14: 0 | L14: 0 | M14: 0 | N14: 0 | O14: 0 | P14: 712014.05 | Q14: 0 | R14: 0 | S14: 0 | T14: 0 | U14: 13816.459 | V14: 0 | W14: 0 | X14: 2634.3946 | Y14: 0 | Z14: 0 | AA14: 0 | AB14: 0 | AC14: 0 | AD14: 83624.857 | AE14: 0 | AF14: 234742.2 | AG14: 0 | AH14: 0 | AI14: 0 | AJ14: 0 | AK14: 0 | AL14: 0 | AM14: 0 | AN14: 0 | AO14: 2363.8987 | AP14: 0 | AR14: 569178.59 | AS14: 31192417
A15: SEDE 10 - SUPERCADE MANITAS | B15: 4222138 | C15: 0 | D15: 0 | E15: 0 | F15: 0 | G15: 0 | H15: 0 | I15: 0 | J15: 0 | K15: 0 | L15: 0 | M15: 0 | N15: 0 | O15: 0 | P15: 0 | Q15: 154653.07 | R15: 0 | S15: 0 | T15: 0 | U15: 0 | V15: 0 | W15: 0 | X15: 0 | Y15: 0 | Z15: 114494.08 | AA15: 0 | AB15: 0 | AC15: 0 | AD15: 120537.66 | AE15: 0 | AF15: 139700.53 | AG15: 0 | AH15: 0 | AI15: 0 | AJ15: 0 | AK15: 0 | AL15: 0 | AM15: 0 | AN15: 0 | AO15: 0 | AP15: 0 | AR15: 702230.8 | AS15: 50297772
A16: SEDE 11 - SUPERCADE SUBA | B16: 4222121 | C16: 0 | D16: 0 | E16: 0 | F16: 0 | G16: 0 | H16: 0 | I16: 0 | J16: 0 | K16: 0 | L16: 0 | M16: 0 | N16: 0 | O16: 0 | P16: 287287.78 | Q16: 0 | R16: 0 | S16: 0 | T16: 0 | U16: 0 | V16: 0 | W16: 0 | X16: 0 | Y16: 0 | Z16: 0 | AA16: 0 | AB16: 0 | AC16: 0 | AD16: 0 | AE16: 0 | AF16: 0 | AG16: 0 | AH16: 0 | AI16: 0 | AJ16: 0 | AK16: 0 | AL16: 0 | AM16: 0 | AN16: 0 | AO16: 0 | AP16: 0 | AR16: 569178.59 | AS16: 53676951
A17: SEDE 12 - SUPERCADE SOCIAL | B17: 4222135 | C17: 0 | D17: 0 | E17: 0 | F17: 0 | G17: 0 | H17: 0 | I17: 0 | J17: 0 | K17: 0 | L17: 0 | M17: 0 | N17: 0 | O17: 0 | P17: 172372.67 | Q17: 0 | R17: 0 | S17: 0 | T17: 0 | U17: 0 | V17: 0 | W17: 0 | X17: 0 | Y17: 0 | Z17: 0 | AA17: 0 | AB17: 0 | AC17: 0 | AD17: 0 | AE17: 0 | AF17: 0 | AG17: 0 | AH17: 0 | AI17: 0 | AJ17: 0 | AK17: 0 | AL17: 0 | AM17: 0 | AN17: 0 | AO17: 0 | AP17: 0 | AR17: 387508.86 | AS17: 7798104.2
A18: SEDE 13 - CADE SERVITA | B18: 4222102 | C18: 0 | D18: 0 | E18: 76833.764 | F18: 0 | G18: 0 | H18: 0 | I18: 0 | J18: 0 | K18: 0 | L18: 0 | M18: 0 | N18: 0 | O18: 0 | P18: 282520 | Q18: 0 | R18: 0 | S18: 0 | T18: 0 | U18: 0 | V18: 0 | W18: 7423.3475 | X18: 15806.367 | Y18: 0 | Z18: 21846.658 | AA18: 11071.514 | AB18: 0 | AC18: 0 | AD18: 128052.74 | AE18: 0 | AF18: 0 | AG18: 0 | AH18: 0 | AI18: 0 | AJ18: 0 | AK18: 0 | AL18: 0 | AM18: 0 | AN18: 0 | AO18: 0 | AP18: 0 | AR18: 267518.06 | AS18: 7148262.2
A19: SEDE 14 - CADE LA VICTORIA | B19: 4222104 | C19: 0 | D19: 0 | E19: 46100.258 | F19: 0 | G19: 0 | H19: 0 | I19: 0 | J19: 119701.48 | K19: 0 | L19: 0 | M19: 0 | N19: 0 | O19: 0 | P19: 257468.55 | Q19: 61861.229 | R19: 0 | S19: 0 | T19: 0 | U19: 170736.99 | V19: 0 | W19: 0 | X19: 2107.5156 | Y19: 0 | Z19: 0 | AA19: 7381.009 | AB19: 0 | AC19: 0 | AD19: 50442.07 | AE19: 0 | AF19: 0 | AG19: 0 | AH19: 0 | AI19: 0 | AJ19: 0 | AK19: 0 | AL19: 0 | AM19: 0 | AN19: 0 | AO19: 3604.6515 | AP19: 0 | AR19: 255282.24 | AS19: 11567188
A20: SEDE 15 - CADE LA GAITANA | B20: 4222113 | C20: 0 | D20: 0 | E20: 0 | F20: 0 | G20: 0 | H20: 0 | I20: 0 | J20: 0 | K20: 0 | L20: 0 | M20: 0 | N20: 0 | O20: 0 | P20: 172372.67 | Q20: 0 | R20: 0 | S20: 0 | T20: 0 | U20: 0 | V20: 0 | W20: 0 | X20: 0 | Y20: 0 | Z20: 0 | AA20: 0 | AB20: 0 | AC20: 0 | AD20: 0 | AE20: 0 | AF20: 0 | AG20: 0 | AH20: 0 | AI20: 0 | AJ20: 0 | AK20: 0 | AL20: 0 | AM20: 0 | AN20: 0 | AO20: 0 | AP20: 0 | AR20: 205656.83 | AS20: 11697156
A21: SEDE 16 - SUPERCADE ENGATIVA | B21: 4222126 | C21: 0 | D21: 0 | E21: 0 | F21: 0 | G21: 287287.78 | H21: 0 | I21: 0 | J21: 0 | K21: 0 | L21: 0 | M21: 0 | N21: 0 | O21: 0 | P21: 0 | Q21: 0 | R21: 0 | S21: 0 | T21: 0 | U21: 0 | V21: 0 | W21: 0 | X21: 0 | Y21: 0 | Z21: 0 | AA21: 0 | AB21: 0 | AC21: 0 | AD21: 0 | AE21: 0 | AF21: 0 | AG21: 0 | AH21: 0 | AI21: 0 | AJ21: 0 | AK21: 0 | AL21: 0 | AM21: 0 | AN21: 0 | AO21: 0 | AP21: 0 | AR21: 552309.05 | AS21: 21704723
... A24: SEDE 19 - CENTRO DE ENCUENTRO BOSA | B24: 4123002 | C24: 0 | D24: 0 | E24: 287854.65 | F24: 0 | G24: 165167.13 | H24: 0 | I24: 0 | J24: 0 | K24: 0 | L24: 0 | M24: 0 | N24: 0 | O24: 0 | P24: 129908.58 | Q24: 0 | R24: 0 | S24: 0 | T24: 0 | U24: 0 | V24: 0 | W24: 0 | X24: 0 | Y24: 0 | Z24: 0 | AA24: 0 | AB24: 0 | AC24: 0 | AD24: 128052.74 | AE24: 448110.51 | AF24: 29983.879 | AG24: 0 | AH24: 0 | AI24: 0 | AJ24: 0 | AK24: 0 | AL24: 0 | AM24: 0 | AN24: 0 | AO24: 0 | AP24: 0 | AR24: 320757.53 | AS24: 18715450
A25: SEDE 20 - CENTRO DE ENCUENTRO CHAPINERO | B25: 4123005 | C25: 0 | D25: 0 | E25: 0 | F25: 0 | G25: 0 | H25: 0 | I25: 0 | J25: 0 | K25: 0 | L25: 0 | M25: 0 | N25: 0 | O25: 0 | P25: 0 | Q25: 0 | R25: 0 | S25: 0 | T25: 0 | U25: 0 | V25: 0 | W25: 0 | X25: 0 | Y25: 0 | Z25: 0 | AA25: 0 | AB25: 0 | AC25: 0 | AD25: 0 | AE25: 0 | AF25: 0 | AG25: 0 | AH25: 0 | AI25: 0 | AJ25: 0 | AK25: 0 | AL25: 0 | AM25: 0 | AN25: 0 | AO25: 0 | AP25: 0
A26: SEDE 21 - CENTRO DE ENCUENTRO CIUDAD BOLIVAR | B26: 4123001 | C26: 0 | D26: 0 | E26: 231897.29 | F26: 0 | G26: 82583.565 | H26: 0 | I26: 0 | J26: 0 | K26: 0 | L26: 0 | M26: 0 | N26: 0 | O26: 0 | P26: 148466.95 | Q26: 0 | R26: 0 | S26: 0 | T26: 0 | U26: 0 | V26: 0 | W26: 0 | X26: 0 | Y26: 0 | Z26: 0 | AA26: 0 | AB26: 0 | AC26: 0 | AD26: 128052.74 | AE26: 0 | AF26: 0 | AG26: 0 | AH26: 0 | AI26: 0 | AJ26: 0 | AK26: 0 | AL26: 0 | AM26: 0 | AN26: 0 | AO26: 0 | AP26: 0 | AR26: 320757.53 | AS26: 11697156
A27: SEDE 22 - CENTRO DE ENCUENTRO KENNEDY PATIO BONITO | B27: 4123004 | C27: 0 | D27: 0 | E27: 377840.39 | F27: 0 | G27: 198200.56 | H27: 0 | I27: 0 | J27: 0 | K27: 0 | L27: 0 | M27: 0 | N27: 0 | O27: 0 | P27: 176304.5 | Q27: 589375.22 | R27: 0 | S27: 0 | T27: 0 | U27: 0 | V27: 0 | W27: 0 | X27: 7903.1837 | Y27: 0 | Z27: 0 | AA27: 0 | AB27: 0 | AC27: 0 | AD27: 115922.77 | AE27: 0 | AF27: 0 | AG27: 0 | AH27: 0 | AI27: 0 | AJ27: 0 | AK27: 0 | AL27: 0 | AM27: 0 | AN27: 0 | AO27: 0 | AP27: 0 | AR27: 320757.53 | AS27: 11697156
A28: SEDE 23 - CENTRO DE ENCUENTRO RAFAEL URIBE | B28: 4123010 | C28: 0 | D28: 0 | E28: 215890.99 | F28: 0 | G28: 82583.565 | H28: 0 | I28: 0 | J28: 0 | K28: 0 | L28: 0 | M28: 0 | N28: 0 | O28: 0 | P28: 148466.95 | Q28: 0 | R28: 0 | S28: 0 | T28: 0 | U28: 0 | V28: 0 | W28: 0 | X28: 0 | Y28: 0 | Z28: 0 | AA28: 0 | AB28: 0 | AC28: 0 | AD28: 91604.955 | AE28: 0 | AF28: 0 | AG28: 0 | AH28: 0 | AI28: 0 | AJ28: 0 | AK28: 0 | AL28: 0 | AM28: 0 | AN28: 0 | AO28: 2422.7021 | AP28: 0 | AR28: 320757.53 | AS28: 20405039
A29: SEDE 24 - CENTRO DE ENCUENTRO SUBA | B29: 4123007 | C29: 0 | D29: 0 | E29: 0 | F29: 0 | G29: 99100.278 | H29: 0 | I29: 0 | J29: 0 | K29: 0 | L29: 0 | M29: 0 | N29: 0 | O29: 0 | P29: 0 | Q29: 0 | R29: 0 | S29: 0 | T29: 0 | U29: 0 | V29: 0 | W29: 0 | X29: 0 | Y29: 0 | Z29: 0 | AA29: 0 | AB29: 0 | AC29: 0 | AD29: 0 | AE29: 0 | AF29: 0 | AG29: 0 | AH29: 0 | AI29: 0 | AJ29: 0 | AK29: 0 | AL29: 0 | AM29: 0 | AN29: 0 | AO29: 0 | AP29: 0 | AR29: 320757.53 | AS29: 7538167.4
A30: SEDE 25 - CENTRO DE ENCUENTRO - CADE YOMASA | B30: 4222118 | C30: 0 | D30: 0 | E30: 463794.57 | F30: 0 | G30: 82583.565 | H30: 0 | I30: 0 | J30: 0 | K30: 0 | L30: 0 | M30: 0 | N30: 0 | O30: 0 | P30: 118773.56 | Q30: 0 | R30: 0 | S30: 0 | T30: 0 | U30: 0 | V30: 0 | W30: 0 | X30: 0 | Y30: 0 | Z30: 0 | AA30: 0 | AB30: 0 | AC30: 0 | AD30: 57961.385 | AE30: 0 | AF30: 0 | AG30: 0 | AH30: 0 | AI30: 0 | AJ30: 0 | AK30: 0 | AL30: 0 | AM30: 18247.887 | AN30: 0 | AO30: 0 | AP30: 0 | AR30: 382618.76 | AS30: 18585482
C31: =SUM(C6:C30) -> 0 | D31: =SUM(D6:D30) -> 0 | E31: =SUM(E6:E30) -> 5134325.7 | F31: =SUM(F6:F30) -> 0 | G31: =SUM(G6:G30) -> 1339350.9 | H31: =SUM(H6:H30) -> 0 | I31: =SUM(I6:I30) -> 0 | J31: =SUM(J6:J30) -> 6820067.4 | ... AS31: =SUM(AS6:AS30) -> 7.383505e+08
AS32: =SUM(C31:AS31) -> 8.2463951e+08
AQ34: TOTAL | AR34: =SUM(C31:AP31) -> 70714601
AQ35: INSUMOS DISCRIMINADOS | AR35: =+'CONSOLIDADO POR SEDE JUNIO'!K2606 -> 70714601
AR36: =+AR34-AR35 -> 0

Sheet NOMINA JULIO
B2: JULIO
B4: CONTROL Y ASISTENCIA DE PERSONAL
J6: 1 | K6: 2 | L6: 3 | M6: 4 | N6: 5 | O6: 6 | P6: 7 | Q6: 8 | R6: 9 | S6: 10 | T6: 11 | U6: 12 | V6: 13 | W6: 14 | X6: 15 | Y6: 16 | Z6: 17 | AA6: 18 | AB6: 19 | AC6: 20 | AD6: 21 | AE6: 22 | AF6: 23 | AG6: 24 | AH6: 25 | AI6: 26 | AJ6: 27 | AK6: 28 | AL6: 29 | AM6: 30
B7: ITEMS | C7: DOCUMENTO | D7: NOMBRE Y APELLIDO | E7: SUPERVISORA | F7: CARGO | G7: SEDE | H7: TELEFONO | I7: FECHA INGRESO | J7: mié | K7: jue | L7: vie | M7: sáb | N7: dom | O7: lun | P7: mar | Q7: mié | R7: jue | S7: vie | T7: sáb | U7: dom | V7: lun | W7: mar | X7: mié | Y7: jue | Z7: vie | AA7: sáb | AB7: dom | AC7: lun | AD7: mar | AE7: mié | AF7: jue | AG7: vie | AH7: sáb | AI7: dom | AJ7: lun | AK7: mar | AL7: dom | AM7: lun | AO7: AUS | AP7: PNR | AQ7: D | AR7: INC | AS7: S | AT7: LNR | AU7: VAC | AV7: CD | AW7: REN | AX7: TC | AY7: LT | AZ7: TS | BA7: OK | BB7: TOTAL LABORADO
J8: 46204 | K8: 46205 | L8: 46206 | M8: 46207 | N8: 46208 | O8: 46209 | P8: 46210 | Q8: 46211 | R8: 46212 | S8: 46213 | T8: 46214 | U8: 46215 | V8: 46216 | W8: 46217 | X8: 46218 | Y8: 46219 | Z8: 46220 | AA8: 46221 | AB8: 46222 | AC8: 46223 | AD8: 46224 | AE8: 46225 | AF8: 46226 | AG8: 46227 | AH8: 46228 | AI8: 46229 | AJ8: 46230 | AK8: 46231 | AL8: 29 | AM8: 30 | AO8: AUSENCIAS | AP8: PERMISO NO REMUNERADO | AQ8: DESCANSO | AR8: INCAPACIDAD | AS8: SUSPENSION | AT8: LICENCIA NO REMUNERADA | AU8: VACACIONES | AV8: CALAMIDAS DOMESTICA | AW8: RENUNCIA | AX8: TERMINACION CONTRATO | AY8: LICENCIA DE LUTO | AZ8: TRASLADO | BA8: LABORÓ
B9: 1 | C9: 1111335552 | D9: RAMIREZ NINO ANDREA | E9: LILIANA - JOHANNA | F9: Operario de aseo y cafetería | G9: SEDE 1 - MANZANA LIEVANO - ALCALDÍA MAYOR | H9: 3114415852 | I9: 21/10/2025 | J9: OK | K9: OK | L9: OK | M9: OK | N9: D | O9: OK | P9: OK | Q9: OK | R9: OK | S9: OK | T9: OK | U9: D | V9: D | W9: OK | X9: OK | Y9: OK | Z9: OK | AA9: OK | AB9: D | AC9: D | AD9: OK | AE9: OK | AF9: OK | AG9: OK | AH9: OK | AI9: OK | AJ9: D | AK9: OK | AL9: OK | AM9: OK | AO9: =COUNTIF($J9:$AM9,AO$7) -> 0 | AP9: =COUNTIF($J9:$AM9,AP$7) -> 0 | AQ9: =COUNTIF($J9:$AM9,AQ$7) -> 6 | AR9: =COUNTIF($J9:$AM9,AR$7) -> 0 | AS9: =COUNTIF($J9:$AM9,AS$7) -> 0 | AT9: =COUNTIF($J9:$AM9,AT$7) -> 0 | AU9: =COUNTIF($J9:$AM9,AU$7) -> 0 | AV9: =COUNTIF($J9:$AM9,AV$7) -> 0 | ... BA9: =COUNTIF($J9:$AM9,BA$7) -> 24 | BB9: =+BA9+AQ9 -> 30 | BD9: 30
B10: 2 | C10: 1073599974 | D10: GARZON LUGO EDWARD MIGUEL | E10: LILIANA - JOHANNA | F10: Operario de mantenimiento | G10: SEDE 1 - MANZANA LIEVANO - ALCALDÍA MAYOR | H10: 3219008529 | I10: 18/10/2025 | J10: OK | K10: OK | L10: OK | M10: OK | N10: D | O10: OK | P10: OK | Q10: OK | R10: OK | S10: OK | T10: OK | U10: D | V10: D | W10: OK | X10: OK | Y10: OK | Z10: OK | AA10: OK | AB10: D | AC10: D | AD10: OK | AE10: OK | AF10: OK | AG10: OK | AH10: OK | AI10: OK | AJ10: D | AK10: OK | AL10: OK | AM10: OK | AO10: =COUNTIF($J10:$AM10,AO$7) -> 0 | AP10: =COUNTIF($J10:$AM10,AP$7) -> 0 | AQ10: =COUNTIF($J10:$AM10,AQ$7) -> 6 | AR10: =COUNTIF($J10:$AM10,AR$7) -> 0 | AS10: =COUNTIF($J10:$AM10,AS$7) -> 0 | AT10: =COUNTIF($J10:$AM10,AT$7) -> 0 | AU10: =COUNTIF($J10:$AM10,AU$7) -> 0 | AV10: =COUNTIF($J10:$AM10,AV$7) -> 0 | ... BA10: =COUNTIF($J10:$AM10,BA$7) -> 24 | BB10: =+BA10+AQ10 -> 30 | BD10: 30
B11: 3 | C11: 52381579 | D11: ALTURO FLORIAN JACQUELINE | E11: LILIANA - JOHANNA | F11: Operario de aseo y cafetería | G11: SEDE 1 - MANZANA LIEVANO - ALCALDÍA MAYOR | H11: 3114788014 | I11: 18/10/2025 | J11: OK | K11: OK | L11: OK | M11: OK | N11: D | O11: OK | P11: OK | Q11: OK | R11: OK | S11: OK | T11: OK | U11: D | V11: D | W11: OK | X11: OK | Y11: OK | Z11: OK | AA11: OK | AB11: D | AC11: D | AD11: OK | AE11: OK | AF11: OK | AG11: OK | AH11: OK | AI11: OK | AJ11: D | AK11: OK | AL11: OK | AM11: OK | AO11: =COUNTIF($J11:$AM11,AO$7) -> 0 | AP11: =COUNTIF($J11:$AM11,AP$7) -> 0 | AQ11: =COUNTIF($J11:$AM11,AQ$7) -> 6 | AR11: =COUNTIF($J11:$AM11,AR$7) -> 0 | AS11: =COUNTIF($J11:$AM11,AS$7) -> 0 | AT11: =COUNTIF($J11:$AM11,AT$7) -> 0 | AU11: =COUNTIF($J11:$AM11,AU$7) -> 0 | AV11: =COUNTIF($J11:$AM11,AV$7) -> 0 | ... BA11: =COUNTIF($J11:$AM11,BA$7) -> 24 | BB11: =+BA11+AQ11 -> 30 | BD11: 30
B12: 4 | C12: 52927563 | D12: BAENA JIMENEZ GINA ISABEL | E12: LILIANA - JOHANNA | F12: Operario de aseo y cafetería | G12: SEDE 1 - MANZANA LIEVANO - ALCALDÍA MAYOR | H12: 3223120404 | I12: 18/10/2025 | J12: OK | K12: OK | L12: OK | M12: OK | N12: D | O12: OK | P12: OK | Q12: OK | R12: OK | S12: OK | T12: OK | U12: D | V12: D | W12: OK | X12: OK | Y12: OK | Z12: OK | AA12: OK | AB12: D | AC12: D | AD12: OK | AE12: OK | AF12: OK | AG12: OK | AH12: OK | AI12: OK | AJ12: D | AK12: OK | AL12: OK | AM12: OK | AO12: =COUNTIF($J12:$AM12,AO$7) -> 0 | AP12: =COUNTIF($J12:$AM12,AP$7) -> 0 | AQ12: =COUNTIF($J12:$AM12,AQ$7) -> 6 | AR12: =COUNTIF($J12:$AM12,AR$7) -> 0 | AS12: =COUNTIF($J12:$AM12,AS$7) -> 0 | AT12: =COUNTIF($J12:$AM12,AT$7) -> 0 | AU12: =COUNTIF($J12:$AM12,AU$7) -> 0 | AV12: =COUNTIF($J12:$AM12,AV$7) -> 0 | ... BA12: =COUNTIF($J12:$AM12,BA$7) -> 24 | BB12: =+BA12+AQ12 -> 30 | BD12: 30
B13: 5 | C13: 79453613 | D13: MEDINA ANGEL GILBERTO | E13: LILIANA - JOHANNA | F13: Operario de mantenimiento | G13: SEDE 1 - MANZANA LIEVANO - ALCALDÍA MAYOR | H13: 3123921438 | I13: 18/10/2025 | J13: OK | K13: OK | L13: OK | M13: OK | N13: D | O13: OK | P13: OK | Q13: OK | R13: OK | S13: OK | T13: OK | U13: D | V13: D | W13: OK | X13: OK | Y13: OK | Z13: OK | AA13: OK | AB13: D | AC13: D | AD13: OK | AE13: OK | AF13: OK | AG13: OK | AH13: OK | AI13: OK | AJ13: D | AK13: OK | AL13: OK | AM13: OK | AO13: =COUNTIF($J13:$AM13,AO$7) -> 0 | AP13: =COUNTIF($J13:$AM13,AP$7) -> 0 | AQ13: =COUNTIF($J13:$AM13,AQ$7) -> 6 | AR13: =COUNTIF($J13:$AM13,AR$7) -> 0 | AS13: =COUNTIF($J13:$AM13,AS$7) -> 0 | AT13: =COUNTIF($J13:$AM13,AT$7) -> 0 | AU13: =COUNTIF($J13:$AM13,AU$7) -> 0 | AV13: =COUNTIF($J13:$AM13,AV$7) -> 0 | ... BA13: =COUNTIF($J13:$AM13,BA$7) -> 24 | BB13: =+BA13+AQ13 -> 30 | BD13: 30
B14: 6 | C14: 1045227589 | D14: JIMENEZ POLO ANA LUCIA | E14: LILIANA - JOHANNA | F14: Operario de aseo y cafetería | G14: SEDE 1 - MANZANA LIEVANO - ALCALDÍA MAYOR | H14: 3245191705 | I14: 18/10/2025 | J14: OK | K14: OK | L14: OK | M14: OK | N14: D | O14: OK | P14: OK | Q14: OK | R14: OK | S14: OK | T14: OK | U14: D | V14: D | W14: OK | X14: OK | Y14: OK | Z14: OK | AA14: OK | AB14: D | AC14: D | AD14: OK | AE14: OK | AF14: OK | AG14: OK | AH14: OK | AI14: OK | AJ14: D | AK14: OK | AL14: OK | AM14: OK | AO14: =COUNTIF($J14:$AM14,AO$7) -> 0 | AP14: =COUNTIF($J14:$AM14,AP$7) -> 0 | AQ14: =COUNTIF($J14:$AM14,AQ$7) -> 6 | AR14: =COUNTIF($J14:$AM14,AR$7) -> 0 | AS14: =COUNTIF($J14:$AM14,AS$7) -> 0 | AT14: =COUNTIF($J14:$AM14,AT$7) -> 0 | AU14: =COUNTIF($J14:$AM14,AU$7) -> 0 | AV14: =COUNTIF($J14:$AM14,AV$7) -> 0 | ... BA14: =COUNTIF($J14:$AM14,BA$7) -> 24 | BB14: =+BA14+AQ14 -> 30 | BD14: 30
B15: 7 | C15: 1065626457 | D15: ROMERO SERRANO JAIME LUIS | E15: LILIANA - JOHANNA | F15: Operario de mantenimiento | G15: SEDE 1 - MANZANA LIEVANO - ALCALDÍA MAYOR | H15: 3206857725 | I15: 18/10/2025 | J15: OK | K15: OK | L15: OK | M15: OK | N15: D | O15: OK | P15: OK | Q15: OK | R15: OK | S15: OK | T15: OK | U15: D | V15: D | W15: OK | X15: OK | Y15: OK | Z15: OK | AA15: OK | AB15: D | AC15: D | AD15: OK | AE15: OK | AF15: OK | AG15: OK | AH15: OK | AI15: OK | AJ15: D | AK15: OK | AL15: OK | AM15: OK | AO15: =COUNTIF($J15:$AM15,AO$7) -> 0 | AP15: =COUNTIF($J15:$AM15,AP$7) -> 0 | AQ15: =COUNTIF($J15:$AM15,AQ$7) -> 6 | AR15: =COUNTIF($J15:$AM15,AR$7) -> 0 | AS15: =COUNTIF($J15:$AM15,AS$7) -> 0 | AT15: =COUNTIF($J15:$AM15,AT$7) -> 0 | AU15: =COUNTIF($J15:$AM15,AU$7) -> 0 | AV15: =COUNTIF($J15:$AM15,AV$7) -> 0 | ... BA15: =COUNTIF($J15:$AM15,BA$7) -> 24 | BB15: =+BA15+AQ15 -> 30 | BD15: 30
B16: 8 | C16: 52164356 | D16: CATUCHE PIAMBA LUZ MARINA | E16: LILIANA - JOHANNA | F16: Operario de aseo y cafetería | G16: SEDE 1 - MANZANA LIEVANO - ALCALDÍA MAYOR | H16: 3202450652 | I16: 18/10/2025 | J16: OK | K16: OK | L16: OK | M16: OK | N16: D | O16: OK | P16: OK | Q16: OK | R16: OK | S16: OK | T16: OK | U16: D | V16: D | W16: OK | X16: OK | Y16: OK | Z16: OK | AA16: OK | AB16: D | AC16: D | AD16: OK | AE16: OK | AF16: OK | AG16: OK | AH16: OK | AI16: OK | AJ16: D | AK16: OK | AL16: OK | AM16: OK | AO16: =COUNTIF($J16:$AM16,AO$7) -> 0 | AP16: =COUNTIF($J16:$AM16,AP$7) -> 0 | AQ16: =COUNTIF($J16:$AM16,AQ$7) -> 6 | AR16: =COUNTIF($J16:$AM16,AR$7) -> 0 | AS16: =COUNTIF($J16:$AM16,AS$7) -> 0 | AT16: =COUNTIF($J16:$AM16,AT$7) -> 0 | AU16: =COUNTIF($J16:$AM16,AU$7) -> 0 | AV16: =COUNTIF($J16:$AM16,AV$7) -> 0 | ... BA16: =COUNTIF($J16:$AM16,BA$7) -> 24 | BB16: =+BA16+AQ16 -> 30 | BD16: 30
B17: 9 | C17: 65788478 | D17: AROCA AROCA ANA ELIZA | E17: LILIANA - JOHANNA | F17: Operario de aseo y cafetería | G17: SEDE 1 - MANZANA LIEVANO - ALCALDÍA MAYOR | H17: 3114512807 | I17: 22/10/2025 | J17: OK | K17: OK | L17: OK | M17: OK | N17: D | O17: OK | P17: OK | Q17: OK | R17: OK | S17: OK | T17: OK | U17: D | V17: D | W17: OK | X17: OK | Y17: OK | Z17: OK | AA17: OK | AB17: D | AC17: D | AD17: OK | AE17: OK | AF17: OK | AG17: OK | AH17: OK | AI17: OK | AJ17: D | AK17: OK | AL17: OK | AM17: OK | AO17: =COUNTIF($J17:$AM17,AO$7) -> 0 | AP17: =COUNTIF($J17:$AM17,AP$7) -> 0 | AQ17: =COUNTIF($J17:$AM17,AQ$7) -> 6 | AR17: =COUNTIF($J17:$AM17,AR$7) -> 0 | AS17: =COUNTIF($J17:$AM17,AS$7) -> 0 | AT17: =COUNTIF($J17:$AM17,AT$7) -> 0 | AU17: =COUNTIF($J17:$AM17,AU$7) -> 0 | AV17: =COUNTIF($J17:$AM17,AV$7) -> 0 | ... BA17: =COUNTIF($J17:$AM17,BA$7) -> 24 | BB17: =+BA17+AQ17 -> 30 | BD17: 30
B18: 10 | C18: 52886419 | D18: MONTEJO LINA MARIA | E18: LILIANA - JOHANNA | F18: Operario de aseo y cafetería | G18: SEDE 1 - MANZANA LIEVANO - ALCALDÍA MAYOR | H18: 3216148373 | I18: 18/10/2025 | J18: OK | K18: OK | L18: OK | M18: OK | N18: D | O18: OK | P18: OK | Q18: OK | R18: OK | S18: OK | T18: OK | U18: D | V18: D | W18: OK | X18: OK | Y18: OK | Z18: OK | AA18: OK | AB18: D | AC18: D | AD18: OK | AE18: OK | AF18: OK | AG18: OK | AH18: OK | AI18: OK | AJ18: D | AK18: OK | AL18: OK | AM18: OK | AO18: =COUNTIF($J18:$AM18,AO$7) -> 0 | AP18: =COUNTIF($J18:$AM18,AP$7) -> 0 | AQ18: =COUNTIF($J18:$AM18,AQ$7) -> 6 | AR18: =COUNTIF($J18:$AM18,AR$7) -> 0 | AS18: =COUNTIF($J18:$AM18,AS$7) -> 0 | AT18: =COUNTIF($J18:$AM18,AT$7) -> 0 | AU18: =COUNTIF($J18:$AM18,AU$7) -> 0 | AV18: =COUNTIF($J18:$AM18,AV$7) -> 0 | ... BA18: =COUNTIF($J18:$AM18,BA$7) -> 24 | BB18: =+BA18+AQ18 -> 30 | BD18: 30
B19: 11 | C19: 1001171553 | D19: GONZALEZ GUTIERREZ MICHAEL STIVEN | E19: LILIANA - JOHANNA | F19: Operario de mantenimiento | G19: SEDE 1 - MANZANA LIEVANO - ALCALDÍA MAYOR | H19: 3204873500 | I19: 18/10/2025 | J19: OK | K19: OK | L19: OK | M19: OK | N19: D | O19: OK | P19: OK | Q19: OK | R19: OK | S19: OK | T19: OK | U19: D | V19: D | W19: OK | X19: OK | Y19: OK | Z19: OK | AA19: OK | AB19: D | AC19: D | AD19: OK | AE19: OK | AF19: OK | AG19: OK | AH19: OK | AI19: OK | AJ19: D | AK19: OK | AL19: OK | AM19: OK | AO19: =COUNTIF($J19:$AM19,AO$7) -> 0 | AP19: =COUNTIF($J19:$AM19,AP$7) -> 0 | AQ19: =COUNTIF($J19:$AM19,AQ$7) -> 6 | AR19: =COUNTIF($J19:$AM19,AR$7) -> 0 | AS19: =COUNTIF($J19:$AM19,AS$7) -> 0 | AT19: =COUNTIF($J19:$AM19,AT$7) -> 0 | AU19: =COUNTIF($J19:$AM19,AU$7) -> 0 | AV19: =COUNTIF($J19:$AM19,AV$7) -> 0 | ... BA19: =COUNTIF($J19:$AM19,BA$7) -> 24 | BB19: =+BA19+AQ19 -> 30 | BD19: 30
B20: 12 | C20: 52028199 | D20: LADINO ARDILA DAMARIS | E20: LILIANA - JOHANNA | F20: Operario de aseo y cafetería | G20: SEDE 2- DIRECCIÓN DISTRITAL DE ARCHIVO DE BOGOTA | H20: 3102549778 | I20: 18/10/2025 | J20: OK | K20: OK | L20: OK | M20: OK | N20: D | O20: OK | P20: OK | Q20: OK | R20: OK | S20: OK | T20: OK | U20: D | V20: D | W20: OK | X20: OK | Y20: OK | Z20: OK | AA20: OK | AB20: D | AC20: D | AD20: OK | AE20: OK | AF20: OK | AG20: OK | AH20: OK | AI20: OK | AJ20: D | AK20: OK | AL20: OK | AM20: OK | AO20: =COUNTIF($J20:$AM20,AO$7) -> 0 | AP20: =COUNTIF($J20:$AM20,AP$7) -> 0 | AQ20: =COUNTIF($J20:$AM20,AQ$7) -> 6 | AR20: =COUNTIF($J20:$AM20,AR$7) -> 0 | AS20: =COUNTIF($J20:$AM20,AS$7) -> 0 | AT20: =COUNTIF($J20:$AM20,AT$7) -> 0 | AU20: =COUNTIF($J20:$AM20,AU$7) -> 0 | AV20: =COUNTIF($J20:$AM20,AV$7) -> 0 | ... BA20: =COUNTIF($J20:$AM20,BA$7) -> 24 | BB20: =+BA20+AQ20 -> 30 | BD20: 30
... B57: 49 | C57: 1033773795 | D57: BARRERA INGRI | E57: LILIANA - JOHANNA | F57: Operario de aseo y cafetería | G57: SEDE 1 - MANZANA LIEVANO - ALCALDÍA MAYOR | H57: 3108832491 | I57: 25/03/2026 | J57: OK | K57: OK | L57: OK | M57: OK | N57: D | O57: OK | P57: OK | Q57: OK | R57: OK | S57: OK | T57: OK | U57: D | V57: D | W57: OK | X57: OK | Y57: OK | Z57: INC | AA57: INC | AB57: D | AC57: D | AD57: CD | AE57: OK | AF57: OK | AG57: OK | AH57: OK | AI57: OK | AJ57: D | AK57: OK | AL57: OK | AM57: OK | AO57: =COUNTIF($J57:$AM57,AO$7) -> 0 | AP57: =COUNTIF($J57:$AM57,AP$7) -> 0 | AQ57: =COUNTIF($J57:$AM57,AQ$7) -> 6 | AR57: =COUNTIF($J57:$AM57,AR$7) -> 2 | AS57: =COUNTIF($J57:$AM57,AS$7) -> 0 | AT57: =COUNTIF($J57:$AM57,AT$7) -> 0 | AU57: =COUNTIF($J57:$AM57,AU$7) -> 0 | AV57: =COUNTIF($J57:$AM57,AV$7) -> 1 | ... BA57: =COUNTIF($J57:$AM57,BA$7) -> 21 | BB57: =+BA57+AQ57 -> 27 | BD57: 30
B58: 50 | C58: 1023941323 | D58: AMAYA DIAZ YURI LISETH | E58: LILIANA - JOHANNA | F58: Operario de aseo y cafetería | G58: SEDE 1 - MANZANA LIEVANO - ALCALDÍA MAYOR | H58: 3204487421 | I58: 07/07/2026 | J58: 0 | K58: 0 | L58: 0 | M58: 0 | N58: 0 | O58: 0 | P58: OK | Q58: OK | R58: OK | S58: OK | T58: OK | U58: D | V58: D | W58: OK | X58: OK | Y58: OK | Z58: OK | AA58: OK | AB58: D | AC58: D | AD58: OK | AE58: OK | AF58: OK | AG58: OK | AH58: OK | AI58: OK | AJ58: D | AK58: OK | AL58: OK | AM58: OK | AO58: =COUNTIF($J58:$AM58,AO$7) -> 0 | AP58: =COUNTIF($J58:$AM58,AP$7) -> 0 | AQ58: =COUNTIF($J58:$AM58,AQ$7) -> 5 | AR58: =COUNTIF($J58:$AM58,AR$7) -> 0 | AS58: =COUNTIF($J58:$AM58,AS$7) -> 0 | AT58: =COUNTIF($J58:$AM58,AT$7) -> 0 | AU58: =COUNTIF($J58:$AM58,AU$7) -> 0 | AV58: =COUNTIF($J58:$AM58,AV$7) -> 0 | ... BA58: =COUNTIF($J58:$AM58,BA$7) -> 19 | BB58: =+BA58+AQ58 -> 24 | BD58: 24
B59: 51 | C59: 53891891 | D59: ORTIZ MOJICA HEIDY YELENY | E59: LILIANA - JOHANNA | F59: Operario de aseo y cafetería | G59: SEDE 1 - MANZANA LIEVANO - ALCALDÍA MAYOR | H59: 3192455998 | I59: 07/07/2026 | J59: 0 | K59: 0 | L59: 0 | M59: 0 | N59: 0 | O59: 0 | P59: OK | Q59: OK | R59: OK | S59: OK | T59: OK | U59: D | V59: D | W59: OK | X59: OK | Y59: OK | Z59: OK | AA59: OK | AB59: D | AC59: D | AD59: OK | AE59: OK | AF59: OK | AG59: OK | AH59: OK | AI59: OK | AJ59: D | AK59: OK | AL59: OK | AM59: OK | AO59: =COUNTIF($J59:$AM59,AO$7) -> 0 | AP59: =COUNTIF($J59:$AM59,AP$7) -> 0 | AQ59: =COUNTIF($J59:$AM59,AQ$7) -> 5 | AR59: =COUNTIF($J59:$AM59,AR$7) -> 0 | AS59: =COUNTIF($J59:$AM59,AS$7) -> 0 | AT59: =COUNTIF($J59:$AM59,AT$7) -> 0 | AU59: =COUNTIF($J59:$AM59,AU$7) -> 0 | AV59: =COUNTIF($J59:$AM59,AV$7) -> 0 | ... BA59: =COUNTIF($J59:$AM59,BA$7) -> 19 | BB59: =+BA59+AQ59 -> 24 | BD59: 24
B60: 52 | C60: 52197407 | D60: BERNAL AVILA LUZ YEY | E60: LILIANA - JOHANNA | F60: Operario de aseo y cafetería | G60: SEDE 1 - MANZANA LIEVANO - ALCALDÍA MAYOR | H60: 3238979217 | I60: 07/07/2026 | J60: 0 | K60: 0 | L60: 0 | M60: 0 | N60: 0 | O60: 0 | P60: OK | Q60: OK | R60: OK | S60: OK | T60: OK | U60: D | V60: D | W60: OK | X60: OK | Y60: OK | Z60: OK | AA60: OK | AB60: D | AC60: D | AD60: OK | AE60: OK | AF60: OK | AG60: OK | AH60: OK | AI60: OK | AJ60: D | AK60: OK | AL60: OK | AM60: OK | AO60: =COUNTIF($J60:$AM60,AO$7) -> 0 | AP60: =COUNTIF($J60:$AM60,AP$7) -> 0 | AQ60: =COUNTIF($J60:$AM60,AQ$7) -> 5 | AR60: =COUNTIF($J60:$AM60,AR$7) -> 0 | AS60: =COUNTIF($J60:$AM60,AS$7) -> 0 | AT60: =COUNTIF($J60:$AM60,AT$7) -> 0 | AU60: =COUNTIF($J60:$AM60,AU$7) -> 0 | AV60: =COUNTIF($J60:$AM60,AV$7) -> 0 | ... BA60: =COUNTIF($J60:$AM60,BA$7) -> 19 | BB60: =+BA60+AQ60 -> 24 | BD60: 24
B61: 53 | C61: 53128765 | D61: PULIDO PULIDO HEIDY ANDREA | E61: LILIANA - JOHANNA | F61: Operario de aseo y cafetería | G61: SEDE 1 - MANZANA LIEVANO - ALCALDÍA MAYOR | H61: 3114769963 | I61: 25/03/2026 | J61: OK | K61: OK | L61: OK | M61: OK | N61: D | O61: OK | P61: OK | Q61: OK | R61: OK | S61: OK | T61: OK | U61: D | V61: D | W61: OK | X61: OK | Y61: OK | Z61: OK | AA61: OK | AB61: D | AC61: D | AD61: OK | AE61: OK | AF61: OK | AG61: OK | AH61: OK | AI61: OK | AJ61: D | AK61: OK | AL61: OK | AM61: OK | AO61: =COUNTIF($J61:$AM61,AO$7) -> 0 | AP61: =COUNTIF($J61:$AM61,AP$7) -> 0 | AQ61: =COUNTIF($J61:$AM61,AQ$7) -> 6 | AR61: =COUNTIF($J61:$AM61,AR$7) -> 0 | AS61: =COUNTIF($J61:$AM61,AS$7) -> 0 | AT61: =COUNTIF($J61:$AM61,AT$7) -> 0 | AU61: =COUNTIF($J61:$AM61,AU$7) -> 0 | AV61: =COUNTIF($J61:$AM61,AV$7) -> 0 | ... BA61: =COUNTIF($J61:$AM61,BA$7) -> 24 | BB61: =+BA61+AQ61 -> 30 | BD61: 30
B62: 54 | C62: 80802120 | D62: RUIZ PENA DIEGO ARMANDO | E62: LILIANA - JOHANNA | F62: Operario de mantenimiento | G62: SEDE 1 - MANZANA LIEVANO - ALCALDÍA MAYOR | H62: 3054585093 | I62: 06/04/2026 | J62: OK | K62: OK | L62: OK | M62: OK | N62: D | O62: OK | P62: INC | Q62: INC | R62: OK | S62: OK | T62: OK | U62: D | V62: D | W62: OK | X62: OK | Y62: OK | Z62: OK | AA62: OK | AB62: D | AC62: D | AD62: OK | AE62: OK | AF62: OK | AG62: OK | AH62: OK | AI62: OK | AJ62: D | AK62: OK | AL62: OK | AM62: OK | AO62: =COUNTIF($J62:$AM62,AO$7) -> 0 | AP62: =COUNTIF($J62:$AM62,AP$7) -> 0 | AQ62: =COUNTIF($J62:$AM62,AQ$7) -> 6 | AR62: =COUNTIF($J62:$AM62,AR$7) -> 2 | AS62: =COUNTIF($J62:$AM62,AS$7) -> 0 | AT62: =COUNTIF($J62:$AM62,AT$7) -> 0 | AU62: =COUNTIF($J62:$AM62,AU$7) -> 0 | AV62: =COUNTIF($J62:$AM62,AV$7) -> 0 | ... BA62: =COUNTIF($J62:$AM62,BA$7) -> 22 | BB62: =+BA62+AQ62 -> 28 | BD62: 30
B63: 55 | C63: 1028860401 | D63: VEGA MANFULA YEYSON YOTSUA | E63: LILIANA - JOHANNA | F63: Jardinero | G63: SEDE 3 - IMPRENTA DISTRITAL | H63: 3115389988 | I63: 18/10/2025 | J63: OK | K63: OK | L63: OK | M63: OK | N63: D | O63: OK | P63: OK | Q63: OK | R63: OK | S63: OK | T63: OK | U63: D | V63: D | W63: OK | X63: OK | Y63: OK | Z63: OK | AA63: OK | AB63: D | AC63: D | AD63: OK | AE63: OK | AF63: OK | AG63: OK | AH63: OK | AI63: OK | AJ63: D | AK63: OK | AL63: OK | AM63: OK | AO63: =COUNTIF($J63:$AM63,AO$7) -> 0 | AP63: =COUNTIF($J63:$AM63,AP$7) -> 0 | AQ63: =COUNTIF($J63:$AM63,AQ$7) -> 6 | AR63: =COUNTIF($J63:$AM63,AR$7) -> 0 | AS63: =COUNTIF($J63:$AM63,AS$7) -> 0 | AT63: =COUNTIF($J63:$AM63,AT$7) -> 0 | AU63: =COUNTIF($J63:$AM63,AU$7) -> 0 | AV63: =COUNTIF($J63:$AM63,AV$7) -> 0 | ... BA63: =COUNTIF($J63:$AM63,BA$7) -> 24 | BB63: =+BA63+AQ63 -> 30 | BD63: 30
B64: 56 | C64: 1015392867 | D64: PINZON RIVERA OSCAR GIOVANNY | E64: LILIANA - JOHANNA | F64: Operario de mantenimiento | G64: SEDE 1 - MANZANA LIEVANO - ALCALDÍA MAYOR | H64: 3209777575 | I64: 25/05/2026 | J64: OK | K64: OK | L64: OK | M64: OK | N64: D | O64: OK | P64: OK | Q64: OK | R64: OK | S64: OK | T64: OK | U64: D | V64: D | W64: OK | X64: OK | Y64: OK | Z64: OK | AA64: OK | AB64: D | AC64: D | AD64: OK | AE64: OK | AF64: OK | AG64: OK | AH64: OK | AI64: OK | AJ64: D | AK64: OK | AL64: OK | AM64: OK | AO64: =COUNTIF($J64:$AM64,AO$7) -> 0 | AP64: =COUNTIF($J64:$AM64,AP$7) -> 0 | AQ64: =COUNTIF($J64:$AM64,AQ$7) -> 6 | AR64: =COUNTIF($J64:$AM64,AR$7) -> 0 | AS64: =COUNTIF($J64:$AM64,AS$7) -> 0 | AT64: =COUNTIF($J64:$AM64,AT$7) -> 0 | AU64: =COUNTIF($J64:$AM64,AU$7) -> 0 | AV64: =COUNTIF($J64:$AM64,AV$7) -> 0 | ... BA64: =COUNTIF($J64:$AM64,BA$7) -> 24 | BB64: =+BA64+AQ64 -> 30 | BD64: 30
B65: 57 | C65: 1010219099 | D65: QUINTERO YENNY KATHERINE | E65: LILIANA - JOHANNA | F65: Operario de aseo y cafetería | G65: SEDE 4 - SEDE ALTERNA RESTREPO | H65: 3138720037 | I65: 18/10/2025 | J65: OK | K65: OK | L65: OK | M65: OK | N65: D | O65: OK | P65: OK | Q65: OK | R65: OK | S65: OK | T65: OK | U65: D | V65: D | W65: OK | X65: OK | Y65: OK | Z65: OK | AA65: OK | AB65: D | AC65: D | AD65: OK | AE65: OK | AF65: OK | AG65: OK | AH65: OK | AI65: OK | AJ65: D | AK65: OK | AL65: OK | AM65: OK | AO65: =COUNTIF($J65:$AM65,AO$7) -> 0 | AP65: =COUNTIF($J65:$AM65,AP$7) -> 0 | AQ65: =COUNTIF($J65:$AM65,AQ$7) -> 6 | AR65: =COUNTIF($J65:$AM65,AR$7) -> 0 | AS65: =COUNTIF($J65:$AM65,AS$7) -> 0 | AT65: =COUNTIF($J65:$AM65,AT$7) -> 0 | AU65: =COUNTIF($J65:$AM65,AU$7) -> 0 | AV65: =COUNTIF($J65:$AM65,AV$7) -> 0 | ... BA65: =COUNTIF($J65:$AM65,BA$7) -> 24 | BB65: =+BA65+AQ65 -> 30 | BD65: 30
B66: 58 | C66: 51990667 | D66: MARTINEZ ROMERO MIRIAM | E66: LILIANA - JOHANNA | F66: Operario de aseo y cafetería | G66: SEDE 1 - MANZANA LIEVANO - ALCALDÍA MAYOR | H66: 3103180180 | I66: 22/10/2025 | J66: OK | K66: OK | L66: OK | M66: OK | N66: D | O66: OK | P66: OK | Q66: OK | R66: OK | S66: OK | T66: OK | U66: D | V66: D | W66: OK | X66: OK | Y66: OK | Z66: OK | AA66: OK | AB66: D | AC66: D | AD66: OK | AE66: OK | AF66: OK | AG66: OK | AH66: OK | AI66: OK | AJ66: D | AK66: OK | AL66: OK | AM66: OK | AO66: =COUNTIF($J66:$AM66,AO$7) -> 0 | AP66: =COUNTIF($J66:$AM66,AP$7) -> 0 | AQ66: =COUNTIF($J66:$AM66,AQ$7) -> 6 | AR66: =COUNTIF($J66:$AM66,AR$7) -> 0 | AS66: =COUNTIF($J66:$AM66,AS$7) -> 0 | AT66: =COUNTIF($J66:$AM66,AT$7) -> 0 | AU66: =COUNTIF($J66:$AM66,AU$7) -> 0 | AV66: =COUNTIF($J66:$AM66,AV$7) -> 0 | ... BA66: =COUNTIF($J66:$AM66,BA$7) -> 24 | BB66: =+BA66+AQ66 -> 30 | BD66: 30
B67: 59 | C67: 52120222 | D67: GALEANO CARDOZO CLAUDIA | E67: LILIANA - JOHANNA | F67: Operario de aseo y cafetería | G67: SEDE 1 - MANZANA LIEVANO - ALCALDÍA MAYOR | H67: 3214522349 | I67: 10/04/2026 | J67: OK | K67: OK | L67: OK | M67: OK | N67: D | O67: OK | P67: OK | Q67: OK | R67: OK | S67: OK | T67: OK | U67: D | V67: D | W67: OK | X67: OK | Y67: OK | Z67: OK | AA67: OK | AB67: D | AC67: D | AD67: OK | AE67: OK | AF67: OK | AG67: OK | AH67: OK | AI67: OK | AJ67: D | AK67: OK | AL67: OK | AM67: OK | AO67: =COUNTIF($J67:$AM67,AO$7) -> 0 | AP67: =COUNTIF($J67:$AM67,AP$7) -> 0 | AQ67: =COUNTIF($J67:$AM67,AQ$7) -> 6 | AR67: =COUNTIF($J67:$AM67,AR$7) -> 0 | AS67: =COUNTIF($J67:$AM67,AS$7) -> 0 | AT67: =COUNTIF($J67:$AM67,AT$7) -> 0 | AU67: =COUNTIF($J67:$AM67,AU$7) -> 0 | AV67: =COUNTIF($J67:$AM67,AV$7) -> 0 | ... BA67: =COUNTIF($J67:$AM67,BA$7) -> 24 | BB67: =+BA67+AQ67 -> 30 | BD67: 30
B68: 60 | C68: 1023882611 | D68: RODRIGUEZ ZEA CINDY YAZMIN | E68: LILIANA - JOHANNA | F68: Operario de aseo y cafetería | G68: SEDE 2- DIRECCIÓN DISTRITAL DE ARCHIVO DE BOGOTA | H68: 3206838202 | I68: 18/10/2025 | J68: OK | K68: OK | L68: OK | M68: OK | N68: D | O68: OK | P68: OK | Q68: OK | R68: OK | S68: OK | T68: OK | U68: D | V68: D | W68: OK | X68: OK | Y68: OK | Z68: OK | AA68: OK | AB68: D | AC68: D | AD68: OK | AE68: OK | AF68: OK | AG68: OK | AH68: OK | AI68: OK | AJ68: D | AK68: OK | AL68: OK | AM68: OK | AO68: =COUNTIF($J68:$AM68,AO$7) -> 0 | AP68: =COUNTIF($J68:$AM68,AP$7) -> 0 | AQ68: =COUNTIF($J68:$AM68,AQ$7) -> 6 | AR68: =COUNTIF($J68:$AM68,AR$7) -> 0 | AS68: =COUNTIF($J68:$AM68,AS$7) -> 0 | AT68: =COUNTIF($J68:$AM68,AT$7) -> 0 | AU68: =COUNTIF($J68:$AM68,AU$7) -> 0 | AV68: =COUNTIF($J68:$AM68,AV$7) -> 0 | ... BA68: =COUNTIF($J68:$AM68,BA$7) -> 24 | BB68: =+BA68+AQ68 -> 30 | BD68: 30
B69: 61 | C69: 52339253 | D69: CANTE MELO NELLY FARID | E69: LILIANA - JOHANNA | F69: Operario de aseo y cafetería | G69: SEDE 1 - MANZANA LIEVANO - ALCALDÍA MAYOR | H69: 3242549695 | I69: 18/10/2025 | J69: OK | K69: OK | L69: OK | M69: OK | N69: D | O69: OK | P69: OK | Q69: OK | R69: OK | S69: OK | T69: OK | U69: D | V69: D | W69: OK | X69: OK | Y69: OK | Z69: OK | AA69: OK | AB69: D | AC69: D | AD69: OK | AE69: OK | AF69: OK | AG69: OK | AH69: OK | AI69: OK | AJ69: D | AK69: OK | AL69: OK | AM69: OK | AO69: =COUNTIF($J69:$AM69,AO$7) -> 0 | AP69: =COUNTIF($J69:$AM69,AP$7) -> 0 | AQ69: =COUNTIF($J69:$AM69,AQ$7) -> 6 | AR69: =COUNTIF($J69:$AM69,AR$7) -> 0 | AS69: =COUNTIF($J69:$AM69,AS$7) -> 0 | AT69: =COUNTIF($J69:$AM69,AT$7) -> 0 | AU69: =COUNTIF($J69:$AM69,AU$7) -> 0 | AV69: =COUNTIF($J69:$AM69,AV$7) -> 0 | ... BA69: =COUNTIF($J69:$AM69,BA$7) -> 24 | BB69: =+BA69+AQ69 -> 30 | BD69: 30
B70: 62 | C70: 79771060 | D70: CITA MARTINEZ ORLANDO | E70: LILIANA - JOHANNA | F70: Jardinero | G70: SEDE 1 - MANZANA LIEVANO - ALCALDÍA MAYOR | H70: 3214213047 | I70: 18/10/2025 | J70: OK | K70: OK | L70: OK | M70: OK | N70: D | O70: OK | P70: OK | Q70: OK | R70: OK | S70: OK | T70: OK | U70: D | V70: D | W70: OK | X70: OK | Y70: OK | Z70: OK | AA70: OK | AB70: D | AC70: D | AD70: OK | AE70: OK | AF70: OK | AG70: OK | AH70: OK | AI70: OK | AJ70: D | AK70: OK | AL70: OK | AM70: OK | AO70: =COUNTIF($J70:$AM70,AO$7) -> 0 | AP70: =COUNTIF($J70:$AM70,AP$7) -> 0 | AQ70: =COUNTIF($J70:$AM70,AQ$7) -> 6 | AR70: =COUNTIF($J70:$AM70,AR$7) -> 0 | AS70: =COUNTIF($J70:$AM70,AS$7) -> 0 | AT70: =COUNTIF($J70:$AM70,AT$7) -> 0 | AU70: =COUNTIF($J70:$AM70,AU$7) -> 0 | AV70: =COUNTIF($J70:$AM70,AV$7) -> 0 | ... BA70: =COUNTIF($J70:$AM70,BA$7) -> 24 | BB70: =+BA70+AQ70 -> 30 | BD70: 30
A71: REPETIDO | B71: 63 | C71: 52973150 | D71: YANGUMA NINI YOANA | E71: LILIANA - JOHANNA | F71: Operario de aseo y cafetería | G71: SEDE 1 - MANZANA LIEVANO - ALCALDÍA MAYOR | H71: 3213976040 | I71: 21/10/2025 | J71: TS | K71: TS | L71: TS | M71: TS | N71: TS | O71: TS | P71: OK | Q71: OK | R71: OK | S71: OK | T71: OK | U71: D | V71: D | W71: OK | X71: OK | Y71: OK | Z71: OK | AA71: OK | AB71: D | AC71: D | AD71: OK | AE71: OK | AF71: OK | AG71: OK | AH71: OK | AI71: OK | AJ71: D | AK71: OK | AL71: OK | AM71: OK | AO71: =COUNTIF($J71:$AM71,AO$7) -> 0 | AP71: =COUNTIF($J71:$AM71,AP$7) -> 0 | AQ71: =COUNTIF($J71:$AM71,AQ$7) -> 5 | AR71: =COUNTIF($J71:$AM71,AR$7) -> 0 | AS71: =COUNTIF($J71:$AM71,AS$7) -> 0 | AT71: =COUNTIF($J71:$AM71,AT$7) -> 0 | AU71: =COUNTIF($J71:$AM71,AU$7) -> 0 | AV71: =COUNTIF($J71:$AM71,AV$7) -> 0 | ... BA71: =COUNTIF($J71:$AM71,BA$7) -> 19 | BB71: =+BA71+AQ71 -> 24 | BD71: 30
B72: 64 | C72: 1128053736 | D72: PAJARO PANIZZA MARIANA DEJESUS | E72: LILIANA - JOHANNA | F72: Operario de aseo y cafetería | G72: SEDE 1 - MANZANA LIEVANO - ALCALDÍA MAYOR | H72: 3223884422 | I72: 18/10/2025 | J72: OK | K72: OK | L72: OK | M72: OK | N72: D | O72: OK | P72: OK | Q72: OK | R72: OK | S72: OK | T72: OK | U72: D | V72: D | W72: OK | X72: OK | Y72: OK | Z72: OK | AA72: OK | AB72: D | AC72: D | AD72: OK | AE72: OK | AF72: OK | AG72: OK | AH72: OK | AI72: OK | AJ72: D | AK72: OK | AL72: OK | AM72: OK | AO72: =COUNTIF($J72:$AM72,AO$7) -> 0 | AP72: =COUNTIF($J72:$AM72,AP$7) -> 0 | AQ72: =COUNTIF($J72:$AM72,AQ$7) -> 6 | AR72: =COUNTIF($J72:$AM72,AR$7) -> 0 | AS72: =COUNTIF($J72:$AM72,AS$7) -> 0 | AT72: =COUNTIF($J72:$AM72,AT$7) -> 0 | AU72: =COUNTIF($J72:$AM72,AU$7) -> 0 | AV72: =COUNTIF($J72:$AM72,AV$7) -> 0 | ... BA72: =COUNTIF($J72:$AM72,BA$7) -> 24 | BB72: =+BA72+AQ72 -> 30 | BD72: 30
B73: 65 | C73: 52033728 | D73: PARRA ESPITIA ANGELICA | E73: LILIANA - JOHANNA | F73: Supernumeraria Aseo Y Cafeteria | G73: SEDE 1 - MANZANA LIEVANO - ALCALDÍA MAYOR | H73: 3187091610 | I73: 04/12/2025 | J73: OK | K73: OK | L73: OK | M73: OK | N73: D | O73: OK | P73: OK | Q73: OK | R73: OK | S73: OK | T73: OK | U73: D | V73: D | W73: OK | X73: OK | Y73: OK | Z73: OK | AA73: OK | AB73: D | AC73: D | AD73: OK | AE73: OK | AF73: OK | AG73: OK | AH73: OK | AI73: OK | AJ73: D | AK73: OK | AL73: OK | AM73: OK | AO73: =COUNTIF($J73:$AM73,AO$7) -> 0 | AP73: =COUNTIF($J73:$AM73,AP$7) -> 0 | AQ73: =COUNTIF($J73:$AM73,AQ$7) -> 6 | AR73: =COUNTIF($J73:$AM73,AR$7) -> 0 | AS73: =COUNTIF($J73:$AM73,AS$7) -> 0 | AT73: =COUNTIF($J73:$AM73,AT$7) -> 0 | AU73: =COUNTIF($J73:$AM73,AU$7) -> 0 | AV73: =COUNTIF($J73:$AM73,AV$7) -> 0 | ... BA73: =COUNTIF($J73:$AM73,BA$7) -> 24 | BB73: =+BA73+AQ73 -> 30 | BD73: 30
B74: 66 | C74: 79667853 | D74: RUBIO HERRERA WILLIAM ALEJANDRO | E74: LILIANA - JOHANNA | F74: Operario de mantenimiento | G74: SEDE 1 - MANZANA LIEVANO - ALCALDÍA MAYOR | H74: 3222853281 | I74: 18/10/2025 | J74: OK | K74: OK | L74: OK | M74: OK | N74: D | O74: OK | P74: OK | Q74: OK | R74: OK | S74: OK | T74: OK | U74: D | V74: D | W74: OK | X74: OK | Y74: OK | Z74: OK | AA74: OK | AB74: D | AC74: D | AD74: OK | AE74: OK | AF74: OK | AG74: OK | AH74: OK | AI74: OK | AJ74: D | AK74: OK | AL74: OK | AM74: OK | AO74: =COUNTIF($J74:$AM74,AO$7) -> 0 | AP74: =COUNTIF($J74:$AM74,AP$7) -> 0 | AQ74: =COUNTIF($J74:$AM74,AQ$7) -> 6 | AR74: =COUNTIF($J74:$AM74,AR$7) -> 0 | AS74: =COUNTIF($J74:$AM74,AS$7) -> 0 | AT74: =COUNTIF($J74:$AM74,AT$7) -> 0 | AU74: =COUNTIF($J74:$AM74,AU$7) -> 0 | AV74: =COUNTIF($J74:$AM74,AV$7) -> 0 | ... BA74: =COUNTIF($J74:$AM74,BA$7) -> 24 | BB74: =+BA74+AQ74 -> 30 | BD74: 30
B75: 67 | C75: 79670360 | D75: UMAÑA SANCHEZ JHON FREDDY | E75: LILIANA - JOHANNA | F75: Operario de aseo y cafetería | G75: SEDE 1 - MANZANA LIEVANO - ALCALDÍA MAYOR | I75: SECTOR 50 | J75: 0 | K75: 0 | L75: 0 | M75: 0 | N75: 0 | O75: 0 | P75: 0 | Q75: 0 | R75: 0 | S75: 0 | T75: 0 | U75: 0 | V75: 0 | W75: 0 | X75: 0 | Y75: 0 | Z75: 0 | AA75: 0 | AB75: 0 | AC75: 0 | AD75: 0 | AE75: 0 | AF75: 0 | AG75: 0 | AH75: 0 | AI75: OK | AJ75: D | AK75: OK | AL75: OK | AM75: OK | AO75: =COUNTIF($J75:$AM75,AO$7) -> 0 | AP75: =COUNTIF($J75:$AM75,AP$7) -> 0 | AQ75: =COUNTIF($J75:$AM75,AQ$7) -> 1 | AR75: =COUNTIF($J75:$AM75,AR$7) -> 0 | AS75: =COUNTIF($J75:$AM75,AS$7) -> 0 | AT75: =COUNTIF($J75:$AM75,AT$7) -> 0 | AU75: =COUNTIF($J75:$AM75,AU$7) -> 0 | AV75: =COUNTIF($J75:$AM75,AV$7) -> 0 | ... BA75: =COUNTIF($J75:$AM75,BA$7) -> 4 | BB75: =+BA75+AQ75 -> 5 | BD75: 5
B76: 68 | C76: 1126122552 | D76: VILLARREAL ROYER JULIO ABEL | E76: LILIANA - JOHANNA | F76: Operario de mantenimiento | G76: SEDE 1 - MANZANA LIEVANO - ALCALDÍA MAYOR | H76: 3145730019 | I76: 18/10/2025 | J76: OK | K76: OK | L76: OK | M76: OK | N76: D | O76: OK | P76: OK | Q76: OK | R76: OK | S76: OK | T76: OK | U76: D | V76: D | W76: OK | X76: OK | Y76: OK | Z76: OK | AA76: OK | AB76: D | AC76: D | AD76: OK | AE76: OK | AF76: OK | AG76: OK | AH76: INC | AI76: INC | AJ76: D | AK76: OK | AL76: OK | AM76: OK | AO76: =COUNTIF($J76:$AM76,AO$7) -> 0 | AP76: =COUNTIF($J76:$AM76,AP$7) -> 0 | AQ76: =COUNTIF($J76:$AM76,AQ$7) -> 6 | AR76: =COUNTIF($J76:$AM76,AR$7) -> 2 | AS76: =COUNTIF($J76:$AM76,AS$7) -> 0 | AT76: =COUNTIF($J76:$AM76,AT$7) -> 0 | AU76: =COUNTIF($J76:$AM76,AU$7) -> 0 | AV76: =COUNTIF($J76:$AM76,AV$7) -> 0 | ... BA76: =COUNTIF($J76:$AM76,BA$7) -> 22 | BB76: =+BA76+AQ76 -> 28 | BD76: 30
B77: 69 | C77: 64577288 | D77: DIAZ RIVERA LORENA PATRICIA | E77: LILIANA - JOHANNA | F77: Operario de mantenimiento | G77: SEDE 1 - MANZANA LIEVANO - ALCALDÍA MAYOR | H77: 3205662589 | I77: 18/10/2025 | J77: OK | K77: OK | L77: OK | M77: OK | N77: D | O77: OK | P77: OK | Q77: OK | R77: OK | S77: OK | T77: OK | U77: D | V77: D | W77: OK | X77: OK | Y77: OK | Z77: OK | AA77: OK | AB77: D | AC77: D | AD77: OK | AE77: OK | AF77: OK | AG77: OK | AH77: OK | AI77: OK | AJ77: D | AK77: OK | AL77: OK | AM77: OK | AO77: =COUNTIF($J77:$AM77,AO$7) -> 0 | AP77: =COUNTIF($J77:$AM77,AP$7) -> 0 | AQ77: =COUNTIF($J77:$AM77,AQ$7) -> 6 | AR77: =COUNTIF($J77:$AM77,AR$7) -> 0 | AS77: =COUNTIF($J77:$AM77,AS$7) -> 0 | AT77: =COUNTIF($J77:$AM77,AT$7) -> 0 | AU77: =COUNTIF($J77:$AM77,AU$7) -> 0 | AV77: =COUNTIF($J77:$AM77,AV$7) -> 0 | ... BA77: =COUNTIF($J77:$AM77,BA$7) -> 24 | BB77: =+BA77+AQ77 -> 30 | BD77: 30
B78: 70 | C78: 52295887 | D78: ROMERO MEDINA NELLY LILIANA | E78: LILIANA - JOHANNA | F78: Coordinador de tiempo completo | G78: SEDE 1 - MANZANA LIEVANO - ALCALDÍA MAYOR | H78: 3167372238 | I78: 25/03/2026 | J78: OK | K78: OK | L78: OK | M78: OK | N78: D | O78: OK | P78: OK | Q78: OK | R78: OK | S78: OK | T78: OK | U78: D | V78: D | W78: OK | X78: OK | Y78: OK | Z78: OK | AA78: OK | AB78: D | AC78: D | AD78: OK | AE78: OK | AF78: OK | AG78: OK | AH78: OK | AI78: OK | AJ78: D | AK78: OK | AL78: OK | AM78: OK | AO78: =COUNTIF($J78:$AM78,AO$7) -> 0 | AP78: =COUNTIF($J78:$AM78,AP$7) -> 0 | AQ78: =COUNTIF($J78:$AM78,AQ$7) -> 6 | AR78: =COUNTIF($J78:$AM78,AR$7) -> 0 | AS78: =COUNTIF($J78:$AM78,AS$7) -> 0 | AT78: =COUNTIF($J78:$AM78,AT$7) -> 0 | AU78: =COUNTIF($J78:$AM78,AU$7) -> 0 | AV78: =COUNTIF($J78:$AM78,AV$7) -> 0 | ... BA78: =COUNTIF($J78:$AM78,BA$7) -> 24 | BB78: =+BA78+AQ78 -> 30 | BD78: 30
B79: 71 | C79: 1073715044 | D79: GUTIERREZ TARQUINO YORLEY CAMILO | E79: LILIANA - JOHANNA | F79: Coordinador de tiempo completo | G79: SEDE 1 - MANZANA LIEVANO - ALCALDÍA MAYOR | I79: 16/07/2026 | J79: 0 | K79: 0 | L79: 0 | M79: 0 | N79: 0 | O79: 0 | P79: 0 | Q79: 0 | R79: 0 | S79: 0 | T79: 0 | U79: 0 | V79: 0 | W79: 0 | X79: 0 | Y79: OK | Z79: OK | AA79: OK | AB79: D | AC79: D | AD79: OK | AE79: OK | AF79: OK | AG79: OK | AH79: OK | AI79: OK | AJ79: D | AK79: OK | AL79: OK | AM79: OK | AO79: =COUNTIF($J79:$AM79,AO$7) -> 0 | AP79: =COUNTIF($J79:$AM79,AP$7) -> 0 | AQ79: =COUNTIF($J79:$AM79,AQ$7) -> 3 | AR79: =COUNTIF($J79:$AM79,AR$7) -> 0 | AS79: =COUNTIF($J79:$AM79,AS$7) -> 0 | AT79: =COUNTIF($J79:$AM79,AT$7) -> 0 | AU79: =COUNTIF($J79:$AM79,AU$7) -> 0 | AV79: =COUNTIF($J79:$AM79,AV$7) -> 0 | ... BA79: =COUNTIF($J79:$AM79,BA$7) -> 12 | BB79: =+BA79+AQ79 -> 15 | BD79: 15
B80: 72 | C80: 52762197 | D80: ZAMORA ZAMORA JOHANNA | E80: LILIANA - JOHANNA | F80: Coordinador de tiempo completo | G80: SEDE 1 - MANZANA LIEVANO - ALCALDÍA MAYOR | H80: 3507896880 | I80: 18/10/2025 | J80: OK | K80: OK | L80: OK | M80: OK | N80: D | O80: OK | P80: OK | Q80: OK | R80: OK | S80: OK | T80: OK | U80: D | V80: D | W80: OK | X80: OK | Y80: OK | Z80: OK | AA80: OK | AB80: D | AC80: D | AD80: OK | AE80: OK | AF80: TC | AG80: TC | AH80: TC | AI80: OK | AJ80: TC | AK80: TC | AL80: TC | AM80: TC | AO80: =COUNTIF($J80:$AM80,AO$7) -> 0 | AP80: =COUNTIF($J80:$AM80,AP$7) -> 0 | AQ80: =COUNTIF($J80:$AM80,AQ$7) -> 5 | AR80: =COUNTIF($J80:$AM80,AR$7) -> 0 | AS80: =COUNTIF($J80:$AM80,AS$7) -> 0 | AT80: =COUNTIF($J80:$AM80,AT$7) -> 0 | AU80: =COUNTIF($J80:$AM80,AU$7) -> 0 | AV80: =COUNTIF($J80:$AM80,AV$7) -> 0 | ... BA80: =COUNTIF($J80:$AM80,BA$7) -> 18 | BB80: =+BA80+AQ80 -> 23 | BD80: 30
A81: REPETIDO | B81: 73 | C81: 28115434 | D81: CAMACHO TORRES MARIA EDILIA | E81: LILIANA - JOHANNA | F81: Operario de aseo y cafetería | G81: SEDE 2- DIRECCIÓN DISTRITAL DE ARCHIVO DE BOGOTA | H81: 3142957281 | I81: 18/10/2025 | J81: TS | K81: TS | L81: TS | M81: TS | N81: TS | O81: TS | P81: TS | Q81: TS | R81: TS | S81: TS | T81: TS | U81: D | V81: D | W81: OK | X81: OK | Y81: OK | Z81: OK | AA81: OK | AB81: D | AC81: D | AD81: OK | AE81: OK | AF81: OK | AG81: OK | AH81: OK | AI81: OK | AJ81: D | AK81: OK | AL81: OK | AM81: OK | AO81: =COUNTIF($J81:$AM81,AO$7) -> 0 | AP81: =COUNTIF($J81:$AM81,AP$7) -> 0 | AQ81: =COUNTIF($J81:$AM81,AQ$7) -> 5 | AR81: =COUNTIF($J81:$AM81,AR$7) -> 0 | AS81: =COUNTIF($J81:$AM81,AS$7) -> 0 | AT81: =COUNTIF($J81:$AM81,AT$7) -> 0 | AU81: =COUNTIF($J81:$AM81,AU$7) -> 0 | AV81: =COUNTIF($J81:$AM81,AV$7) -> 0 | ... BA81: =COUNTIF($J81:$AM81,BA$7) -> 14 | BB81: =+BA81+AQ81 -> 19 | BD81: 30
B82: 74 | C82: 1007186042 | D82: ALARCON HERNANDEZ YENNY MARCELA | E82: LUZ HELENA | F82: Operario de aseo y cafetería | G82: SEDE 10 - SUPERCADE MANITAS | H82: 3222575884 | I82: 18/10/2025 | J82: OK | K82: OK | L82: OK | M82: OK | N82: D | O82: OK | P82: OK | Q82: OK | R82: OK | S82: OK | T82: OK | U82: D | V82: D | W82: OK | X82: OK | Y82: OK | Z82: OK | AA82: OK | AB82: D | AC82: D | AD82: OK | AE82: OK | AF82: OK | AG82: OK | AH82: OK | AI82: D | AJ82: OK | AK82: OK | AL82: OK | AM82: OK | AO82: =COUNTIF($J82:$AM82,AO$7) -> 0 | AP82: =COUNTIF($J82:$AM82,AP$7) -> 0 | AQ82: =COUNTIF($J82:$AM82,AQ$7) -> 6 | AR82: =COUNTIF($J82:$AM82,AR$7) -> 0 | AS82: =COUNTIF($J82:$AM82,AS$7) -> 0 | AT82: =COUNTIF($J82:$AM82,AT$7) -> 0 | AU82: =COUNTIF($J82:$AM82,AU$7) -> 0 | AV82: =COUNTIF($J82:$AM82,AV$7) -> 0 | ... BA82: =COUNTIF($J82:$AM82,BA$7) -> 24 | BB82: =+BA82+AQ82 -> 30 | BD82: 30
B83: 75 | C83: 80369946 | D83: MEDINA CASTRO PEDRO ANTONIO | E83: LUZ HELENA | F83: Operario de mantenimiento | G83: SEDE 7 - SUPERCADE BOSA | H83: 3114917055 | I83: 18/10/2025 | J83: OK | K83: OK | L83: OK | M83: OK | N83: D | O83: OK | P83: OK | Q83: OK | R83: OK | S83: OK | T83: OK | U83: D | V83: D | W83: OK | X83: OK | Y83: OK | Z83: OK | AA83: OK | AB83: D | AC83: D | AD83: OK | AE83: OK | AF83: OK | AG83: OK | AH83: OK | AI83: D | AJ83: OK | AK83: OK | AL83: OK | AM83: OK | AO83: =COUNTIF($J83:$AM83,AO$7) -> 0 | AP83: =COUNTIF($J83:$AM83,AP$7) -> 0 | AQ83: =COUNTIF($J83:$AM83,AQ$7) -> 6 | AR83: =COUNTIF($J83:$AM83,AR$7) -> 0 | AS83: =COUNTIF($J83:$AM83,AS$7) -> 0 | AT83: =COUNTIF($J83:$AM83,AT$7) -> 0 | AU83: =COUNTIF($J83:$AM83,AU$7) -> 0 | AV83: =COUNTIF($J83:$AM83,AV$7) -> 0 | ... BA83: =COUNTIF($J83:$AM83,BA$7) -> 24 | BB83: =+BA83+AQ83 -> 30 | BD83: 30
B84: 76 | C84: 55305195 | D84: RUDA GONZALEZ YADIRA MILAGROS | E84: LUZ HELENA | F84: Operario de aseo y cafetería | G84: SEDE 10 - SUPERCADE MANITAS | H84: 3223827570 | I84: 23/10/2025 | J84: OK | K84: OK | L84: OK | M84: OK | N84: D | O84: OK | P84: OK | Q84: OK | R84: OK | S84: OK | T84: OK | U84: D | V84: D | W84: OK | X84: OK | Y84: OK | Z84: OK | AA84: OK | AB84: D | AC84: D | AD84: OK | AE84: OK | AF84: OK | AG84: OK | AH84: OK | AI84: D | AJ84: OK | AK84: OK | AL84: OK | AM84: OK | AO84: =COUNTIF($J84:$AM84,AO$7) -> 0 | AP84: =COUNTIF($J84:$AM84,AP$7) -> 0 | AQ84: =COUNTIF($J84:$AM84,AQ$7) -> 6 | AR84: =COUNTIF($J84:$AM84,AR$7) -> 0 | AS84: =COUNTIF($J84:$AM84,AS$7) -> 0 | AT84: =COUNTIF($J84:$AM84,AT$7) -> 0 | AU84: =COUNTIF($J84:$AM84,AU$7) -> 0 | AV84: =COUNTIF($J84:$AM84,AV$7) -> 0 | ... BA84: =COUNTIF($J84:$AM84,BA$7) -> 24 | BB84: =+BA84+AQ84 -> 30 | BD84: 30
B85: 77 | C85: 1007105867 | D85: GACHA SANCHEZ NATALIA SILBINA | E85: LUZ HELENA | F85: Operario de aseo y cafetería | G85: SEDE 10 - SUPERCADE MANITAS | H85: 3209552545 | I85: 18/10/2025 | J85: OK | K85: OK | L85: OK | M85: OK | N85: D | O85: OK | P85: OK | Q85: OK | R85: OK | S85: OK | T85: OK | U85: D | V85: D | W85: OK | X85: OK | Y85: OK | Z85: OK | AA85: OK | AB85: D | AC85: D | AD85: OK | AE85: OK | AF85: OK | AG85: OK | AH85: OK | AI85: D | AJ85: OK | AK85: OK | AL85: OK | AM85: OK | AO85: =COUNTIF($J85:$AM85,AO$7) -> 0 | AP85: =COUNTIF($J85:$AM85,AP$7) -> 0 | AQ85: =COUNTIF($J85:$AM85,AQ$7) -> 6 | AR85: =COUNTIF($J85:$AM85,AR$7) -> 0 | AS85: =COUNTIF($J85:$AM85,AS$7) -> 0 | AT85: =COUNTIF($J85:$AM85,AT$7) -> 0 | AU85: =COUNTIF($J85:$AM85,AU$7) -> 0 | AV85: =COUNTIF($J85:$AM85,AV$7) -> 0 | ... BA85: =COUNTIF($J85:$AM85,BA$7) -> 24 | BB85: =+BA85+AQ85 -> 30 | BD85: 30
B86: 78 | C86: 42778107 | D86: ORTIZ RESTREPO NANCY JANET | E86: LUZ HELENA | F86: Operario de aseo y cafetería | G86: SEDE 10 - SUPERCADE MANITAS | H86: 3112552620 | I86: 23/10/2025 | J86: OK | K86: OK | L86: OK | M86: OK | N86: D | O86: OK | P86: OK | Q86: OK | R86: OK | S86: OK | T86: OK | U86: D | V86: D | W86: OK | X86: OK | Y86: OK | Z86: OK | AA86: OK | AB86: D | AC86: D | AD86: INC | AE86: INC | AF86: OK | AG86: OK | AH86: OK | AI86: D | AJ86: OK | AK86: OK | AL86: OK | AM86: OK | AO86: =COUNTIF($J86:$AM86,AO$7) -> 0 | AP86: =COUNTIF($J86:$AM86,AP$7) -> 0 | AQ86: =COUNTIF($J86:$AM86,AQ$7) -> 6 | AR86: =COUNTIF($J86:$AM86,AR$7) -> 2 | AS86: =COUNTIF($J86:$AM86,AS$7) -> 0 | AT86: =COUNTIF($J86:$AM86,AT$7) -> 0 | AU86: =COUNTIF($J86:$AM86,AU$7) -> 0 | AV86: =COUNTIF($J86:$AM86,AV$7) -> 0 | ... BA86: =COUNTIF($J86:$AM86,BA$7) -> 22 | BB86: =+BA86+AQ86 -> 28 | BD86: 30
B87: 79 | C87: 1033743386 | D87: MARTINEZ VERANO LEYDY BRIYITH | E87: LUZ HELENA | F87: Operario de aseo y cafetería | G87: SEDE 10 - SUPERCADE MANITAS | H87: 3209980970 | I87: 29/05/2026 | J87: OK | K87: OK | L87: OK | M87: OK | N87: D | O87: OK | P87: OK | Q87: OK | R87: OK | S87: OK | T87: OK | U87: D | V87: D | W87: OK | X87: OK | Y87: OK | Z87: OK | AA87: OK | AB87: D | AC87: D | AD87: OK | AE87: OK | AF87: OK | AG87: OK | AH87: OK | AI87: D | AJ87: OK | AK87: OK | AL87: OK | AM87: OK | AO87: =COUNTIF($J87:$AM87,AO$7) -> 0 | AP87: =COUNTIF($J87:$AM87,AP$7) -> 0 | AQ87: =COUNTIF($J87:$AM87,AQ$7) -> 6 | AR87: =COUNTIF($J87:$AM87,AR$7) -> 0 | AS87: =COUNTIF($J87:$AM87,AS$7) -> 0 | AT87: =COUNTIF($J87:$AM87,AT$7) -> 0 | AU87: =COUNTIF($J87:$AM87,AU$7) -> 0 | AV87: =COUNTIF($J87:$AM87,AV$7) -> 0 | ... BA87: =COUNTIF($J87:$AM87,BA$7) -> 24 | BB87: =+BA87+AQ87 -> 30 | BD87: 30
B88: 80 | C88: 52751251 | D88: BERNAL MUNOZ DEISY JOHANNA | E88: LUZ HELENA | F88: Operario de aseo y cafetería | G88: SEDE 10 - SUPERCADE MANITAS | H88: 3008721363 | I88: 23/09/2025 | J88: OK | K88: OK | L88: OK | M88: OK | N88: D | O88: OK | P88: OK | Q88: OK | R88: OK | S88: OK | T88: OK | U88: D | V88: D | W88: OK | X88: OK | Y88: OK | Z88: OK | AA88: OK | AB88: D | AC88: D | AD88: OK | AE88: OK | AF88: OK | AG88: OK | AH88: OK | AI88: D | AJ88: OK | AK88: OK | AL88: OK | AM88: OK | AO88: =COUNTIF($J88:$AM88,AO$7) -> 0 | AP88: =COUNTIF($J88:$AM88,AP$7) -> 0 | AQ88: =COUNTIF($J88:$AM88,AQ$7) -> 6 | AR88: =COUNTIF($J88:$AM88,AR$7) -> 0 | AS88: =COUNTIF($J88:$AM88,AS$7) -> 0 | AT88: =COUNTIF($J88:$AM88,AT$7) -> 0 | AU88: =COUNTIF($J88:$AM88,AU$7) -> 0 | AV88: =COUNTIF($J88:$AM88,AV$7) -> 0 | ... BA88: =COUNTIF($J88:$AM88,BA$7) -> 24 | BB88: =+BA88+AQ88 -> 30 | BD88: 30
B89: 81 | C89: 1023881249 | D89: POVEDA GONZALEZ MIGUEL ANGEL | E89: LUZ HELENA | F89: Operario de mantenimiento | G89: SEDE 10 - SUPERCADE MANITAS | H89: 3219768700 | I89: 18/10/2025 | J89: OK | K89: OK | L89: OK | M89: OK | N89: D | O89: OK | P89: OK | Q89: OK | R89: OK | S89: OK | T89: OK | U89: D | V89: D | W89: OK | X89: OK | Y89: OK | Z89: OK | AA89: OK | AB89: D | AC89: D | AD89: OK | AE89: OK | AF89: OK | AG89: OK | AH89: OK | AI89: D | AJ89: OK | AK89: OK | AL89: OK | AM89: OK | AO89: =COUNTIF($J89:$AM89,AO$7) -> 0 | AP89: =COUNTIF($J89:$AM89,AP$7) -> 0 | AQ89: =COUNTIF($J89:$AM89,AQ$7) -> 6 | AR89: =COUNTIF($J89:$AM89,AR$7) -> 0 | AS89: =COUNTIF($J89:$AM89,AS$7) -> 0 | AT89: =COUNTIF($J89:$AM89,AT$7) -> 0 | AU89: =COUNTIF($J89:$AM89,AU$7) -> 0 | AV89: =COUNTIF($J89:$AM89,AV$7) -> 0 | ... BA89: =COUNTIF($J89:$AM89,BA$7) -> 24 | BB89: =+BA89+AQ89 -> 30 | BD89: 30
B90: 82 | C90: 1026279093 | D90: RODRIGUEZ MATEUS NASLY JULIETH | E90: LUZ HELENA | F90: Operario de aseo y cafetería | G90: SEDE 25 - SEDE YOMASA | H90: 3228841284 | I90: 18/10/2025 | J90: OK | K90: OK | L90: OK | M90: OK | N90: D | O90: OK | P90: OK | Q90: OK | R90: OK | S90: OK | T90: OK | U90: D | V90: D | W90: OK | X90: OK | Y90: OK | Z90: OK | AA90: OK | AB90: D | AC90: D | AD90: OK | AE90: OK | AF90: OK | AG90: OK | AH90: OK | AI90: D | AJ90: OK | AK90: OK | AL90: OK | AM90: OK | AO90: =COUNTIF($J90:$AM90,AO$7) -> 0 | AP90: =COUNTIF($J90:$AM90,AP$7) -> 0 | AQ90: =COUNTIF($J90:$AM90,AQ$7) -> 6 | AR90: =COUNTIF($J90:$AM90,AR$7) -> 0 | AS90: =COUNTIF($J90:$AM90,AS$7) -> 0 | AT90: =COUNTIF($J90:$AM90,AT$7) -> 0 | AU90: =COUNTIF($J90:$AM90,AU$7) -> 0 | AV90: =COUNTIF($J90:$AM90,AV$7) -> 0 | ... BA90: =COUNTIF($J90:$AM90,BA$7) -> 24 | BB90: =+BA90+AQ90 -> 30 | BD90: 30
B91: 83 | C91: 39802794 | D91: ZAPATA CAMACHO NUBIA AMPARO | E91: LUZ HELENA | F91: Operario de aseo y cafetería | G91: SEDE - CADE MUZÚ | H91: 3202892554 | I91: 18/10/2025 | J91: OK | K91: OK | L91: OK | M91: OK | N91: D | O91: OK | P91: OK | Q91: OK | R91: OK | S91: OK | T91: OK | U91: D | V91: D | W91: OK | X91: OK | Y91: OK | Z91: OK | AA91: OK | AB91: D | AC91: D | AD91: OK | AE91: OK | AF91: OK | AG91: OK | AH91: OK | AI91: D | AJ91: OK | AK91: OK | AL91: OK | AM91: OK | AO91: =COUNTIF($J91:$AM91,AO$7) -> 0 | AP91: =COUNTIF($J91:$AM91,AP$7) -> 0 | AQ91: =COUNTIF($J91:$AM91,AQ$7) -> 6 | AR91: =COUNTIF($J91:$AM91,AR$7) -> 0 | AS91: =COUNTIF($J91:$AM91,AS$7) -> 0 | AT91: =COUNTIF($J91:$AM91,AT$7) -> 0 | AU91: =COUNTIF($J91:$AM91,AU$7) -> 0 | AV91: =COUNTIF($J91:$AM91,AV$7) -> 0 | ... BA91: =COUNTIF($J91:$AM91,BA$7) -> 24 | BB91: =+BA91+AQ91 -> 30 | BD91: 30
B92: 84 | C92: 52742012 | D92: RAMIREZ TORRES PAOLA ANDREA | E92: LUZ HELENA | F92: Operario de aseo y cafetería | G92: SEDE 7 - SUPERCADE BOSA | H92: 3132204307 | I92: 18/10/2025 | J92: OK | K92: OK | L92: OK | M92: OK | N92: D | O92: OK | P92: OK | Q92: OK | R92: OK | S92: OK | T92: OK | U92: D | V92: D | W92: OK | X92: OK | Y92: OK | Z92: OK | AA92: OK | AB92: D | AC92: D | AD92: OK | AE92: OK | AF92: OK | AG92: OK | AH92: OK | AI92: D | AJ92: OK | AK92: OK | AL92: OK | AM92: OK | AO92: =COUNTIF($J92:$AM92,AO$7) -> 0 | AP92: =COUNTIF($J92:$AM92,AP$7) -> 0 | AQ92: =COUNTIF($J92:$AM92,AQ$7) -> 6 | AR92: =COUNTIF($J92:$AM92,AR$7) -> 0 | AS92: =COUNTIF($J92:$AM92,AS$7) -> 0 | AT92: =COUNTIF($J92:$AM92,AT$7) -> 0 | AU92: =COUNTIF($J92:$AM92,AU$7) -> 0 | AV92: =COUNTIF($J92:$AM92,AV$7) -> 0 | ... BA92: =COUNTIF($J92:$AM92,BA$7) -> 24 | BB92: =+BA92+AQ92 -> 30 | BD92: 30
B93: 85 | C93: 52017874 | D93: MATEUS PIRACOA MARTHA JANETH | E93: LUZ HELENA | F93: Operario de aseo y cafetería | G93: SEDE 7 - SUPERCADE BOSA | H93: 3193602960 | I93: 18/10/2025 | J93: OK | K93: OK | L93: OK | M93: OK | N93: D | O93: OK | P93: OK | Q93: OK | R93: OK | S93: OK | T93: OK | U93: D | V93: D | W93: OK | X93: OK | Y93: OK | Z93: OK | AA93: OK | AB93: D | AC93: D | AD93: OK | AE93: OK | AF93: OK | AG93: OK | AH93: OK | AI93: D | AJ93: OK | AK93: OK | AL93: OK | AM93: OK | AO93: =COUNTIF($J93:$AM93,AO$7) -> 0 | AP93: =COUNTIF($J93:$AM93,AP$7) -> 0 | AQ93: =COUNTIF($J93:$AM93,AQ$7) -> 6 | AR93: =COUNTIF($J93:$AM93,AR$7) -> 0 | AS93: =COUNTIF($J93:$AM93,AS$7) -> 0 | AT93: =COUNTIF($J93:$AM93,AT$7) -> 0 | AU93: =COUNTIF($J93:$AM93,AU$7) -> 0 | AV93: =COUNTIF($J93:$AM93,AV$7) -> 0 | ... BA93: =COUNTIF($J93:$AM93,BA$7) -> 24 | BB93: =+BA93+AQ93 -> 30 | BD93: 30
... B143: 135 | C143: 1026595414 | D143: SOTO PACHECO BRANDON | E143: EDNA BERNAL | F143: Operario de mantenimiento | G143: SEDE 23 - CENTRO DE ENCUENTRO RAFAEL URIBE | H143: 3009886043 | I143: 18/10/2025 | J143: OK | K143: OK | L143: OK | M143: OK | N143: D | O143: OK | P143: OK | Q143: OK | R143: OK | S143: OK | T143: OK | U143: D | V143: D | W143: OK | X143: OK | Y143: OK | Z143: OK | AA143: OK | AB143: D | AC143: D | AD143: OK | AE143: OK | AF143: OK | AG143: OK | AH143: OK | AI143: D | AJ143: OK | AK143: OK | AL143: OK | AM143: OK | AO143: =COUNTIF($J143:$AM143,AO$7) -> 0 | AP143: =COUNTIF($J143:$AM143,AP$7) -> 0 | AQ143: =COUNTIF($J143:$AM143,AQ$7) -> 6 | AR143: =COUNTIF($J143:$AM143,AR$7) -> 0 | AS143: =COUNTIF($J143:$AM143,AS$7) -> 0 | AT143: =COUNTIF($J143:$AM143,AT$7) -> 0 | AU143: =COUNTIF($J143:$AM143,AU$7) -> 0 | AV143: =COUNTIF($J143:$AM143,AV$7) -> 0 | ... BA143: =COUNTIF($J143:$AM143,BA$7) -> 24 | BB143: =+BA143+AQ143 -> 30 | BD143: 30
A144: REPETIDO | B144: 136 | C144: 28115434 | D144: CAMACHO TORRES MARIA EDILIA | E144: EDNA BERNAL | F144: Operario de aseo y cafetería | G144: SEDE 23 - CENTRO DE ENCUENTRO RAFAEL URIBE | H144: 3142957281 | I144: 18/10/2025 | J144: OK | K144: OK | L144: OK | M144: OK | N144: D | O144: OK | P144: OK | Q144: OK | R144: OK | S144: OK | T144: OK | U144: TS | V144: TS | W144: TS | X144: TS | Y144: TS | Z144: TS | AA144: TS | AB144: TS | AC144: TS | AD144: TS | AE144: TS | AF144: TS | AG144: TS | AH144: TS | AI144: TS | AJ144: TS | AK144: TS | AL144: TS | AM144: TS | AO144: =COUNTIF($J144:$AM144,AO$7) -> 0 | AP144: =COUNTIF($J144:$AM144,AP$7) -> 0 | AQ144: =COUNTIF($J144:$AM144,AQ$7) -> 1 | AR144: =COUNTIF($J144:$AM144,AR$7) -> 0 | AS144: =COUNTIF($J144:$AM144,AS$7) -> 0 | AT144: =COUNTIF($J144:$AM144,AT$7) -> 0 | AU144: =COUNTIF($J144:$AM144,AU$7) -> 0 | AV144: =COUNTIF($J144:$AM144,AV$7) -> 0 | ... BA144: =COUNTIF($J144:$AM144,BA$7) -> 10 | BB144: =+BA144+AQ144 -> 11 | BD144: 30
B145: 137 | C145: 45555531 | D145: MOSQUERA CORREA LEIDA | E145: EDNA BERNAL | F145: Operario de aseo y cafetería | G145: SEDE 23 - CENTRO DE ENCUENTRO RAFAEL URIBE | H145: 3212184703 | I145: 10/07/2026 | J145: 0 | K145: 0 | L145: 0 | M145: 0 | N145: 0 | O145: 0 | P145: 0 | Q145: 0 | R145: 0 | S145: OK | T145: OK | U145: D | V145: D | W145: OK | X145: OK | Y145: OK | Z145: OK | AA145: OK | AB145: D | AC145: D | AD145: OK | AE145: OK | AF145: OK | AG145: OK | AH145: OK | AI145: D | AJ145: OK | AK145: OK | AL145: OK | AM145: OK | AO145: =COUNTIF($J145:$AM145,AO$7) -> 0 | AP145: =COUNTIF($J145:$AM145,AP$7) -> 0 | AQ145: =COUNTIF($J145:$AM145,AQ$7) -> 5 | AR145: =COUNTIF($J145:$AM145,AR$7) -> 0 | AS145: =COUNTIF($J145:$AM145,AS$7) -> 0 | AT145: =COUNTIF($J145:$AM145,AT$7) -> 0 | AU145: =COUNTIF($J145:$AM145,AU$7) -> 0 | AV145: =COUNTIF($J145:$AM145,AV$7) -> 0 | ... BA145: =COUNTIF($J145:$AM145,BA$7) -> 16 | BB145: =+BA145+AQ145 -> 21 | BD145: 21
B146: 138 | C146: 1013612458 | D146: TORRES GOMEZ SANDI YUSVELI | E146: EDNA BERNAL | F146: Operario de aseo y cafetería | G146: SEDE 23 - CENTRO DE ENCUENTRO RAFAEL URIBE | H146: 3209567199 | I146: 18/10/2025 | J146: LT | K146: LT | L146: LT | M146: LT | N146: D | O146: OK | P146: OK | Q146: OK | R146: OK | S146: OK | T146: OK | U146: D | V146: D | W146: OK | X146: OK | Y146: OK | Z146: OK | AA146: OK | AB146: D | AC146: D | AD146: OK | AE146: OK | AF146: OK | AG146: OK | AH146: OK | AI146: D | AJ146: OK | AK146: OK | AL146: OK | AM146: OK | AO146: =COUNTIF($J146:$AM146,AO$7) -> 0 | AP146: =COUNTIF($J146:$AM146,AP$7) -> 0 | AQ146: =COUNTIF($J146:$AM146,AQ$7) -> 6 | AR146: =COUNTIF($J146:$AM146,AR$7) -> 0 | AS146: =COUNTIF($J146:$AM146,AS$7) -> 0 | AT146: =COUNTIF($J146:$AM146,AT$7) -> 0 | AU146: =COUNTIF($J146:$AM146,AU$7) -> 0 | AV146: =COUNTIF($J146:$AM146,AV$7) -> 0 | ... BA146: =COUNTIF($J146:$AM146,BA$7) -> 20 | BB146: =+BA146+AQ146 -> 26 | BD146: 30
B147: 139 | C147: 1118854040 | D147: CHAMORRO OSPINO EMILI PAOLA | E147: EDNA BERNAL | F147: Operario de aseo y cafetería | G147: SEDE 23 - CENTRO DE ENCUENTRO RAFAEL URIBE | H147: 3013527159 | I147: 18/10/2025 | J147: OK | K147: OK | L147: OK | M147: OK | N147: D | O147: OK | P147: OK | Q147: OK | R147: OK | S147: OK | T147: OK | U147: D | V147: D | W147: OK | X147: OK | Y147: OK | Z147: OK | AA147: OK | AB147: D | AC147: D | AD147: OK | AE147: OK | AF147: OK | AG147: OK | AH147: OK | AI147: D | AJ147: OK | AK147: OK | AL147: OK | AM147: OK | AO147: =COUNTIF($J147:$AM147,AO$7) -> 0 | AP147: =COUNTIF($J147:$AM147,AP$7) -> 0 | AQ147: =COUNTIF($J147:$AM147,AQ$7) -> 6 | AR147: =COUNTIF($J147:$AM147,AR$7) -> 0 | AS147: =COUNTIF($J147:$AM147,AS$7) -> 0 | AT147: =COUNTIF($J147:$AM147,AT$7) -> 0 | AU147: =COUNTIF($J147:$AM147,AU$7) -> 0 | AV147: =COUNTIF($J147:$AM147,AV$7) -> 0 | ... BA147: =COUNTIF($J147:$AM147,BA$7) -> 24 | BB147: =+BA147+AQ147 -> 30 | BD147: 30
A148: REPETIDO | B148: 140 | C148: 52973150 | D148: YANGUMA NINI YOANA | E148: EDNA BERNAL | F148: Operario de aseo y cafetería | G148: SEDE 8 - SUPERCADE CALLE 13 | H148: 3213976040 | I148: 21/10/2025 | J148: OK | K148: OK | L148: OK | M148: OK | N148: D | O148: OK | P148: TS | Q148: TS | R148: TS | S148: TS | T148: TS | U148: TS | V148: TS | W148: TS | X148: TS | Y148: TS | Z148: TS | AA148: TS | AB148: TS | AC148: TS | AD148: TS | AE148: TS | AF148: TS | AG148: TS | AH148: TS | AI148: TS | AJ148: TS | AK148: TS | AL148: TS | AM148: TS | AO148: =COUNTIF($J148:$AM148,AO$7) -> 0 | AP148: =COUNTIF($J148:$AM148,AP$7) -> 0 | AQ148: =COUNTIF($J148:$AM148,AQ$7) -> 1 | AR148: =COUNTIF($J148:$AM148,AR$7) -> 0 | AS148: =COUNTIF($J148:$AM148,AS$7) -> 0 | AT148: =COUNTIF($J148:$AM148,AT$7) -> 0 | AU148: =COUNTIF($J148:$AM148,AU$7) -> 0 | AV148: =COUNTIF($J148:$AM148,AV$7) -> 0 | ... BA148: =COUNTIF($J148:$AM148,BA$7) -> 5 | BB148: =+BA148+AQ148 -> 6 | BD148: 30
B149: 141 | C149: 80443614 | D149: LARA TELLEZ YESID | E149: EDNA BERNAL | F149: Operario de mantenimiento | G149: SEDE 8 - SUPERCADE CALLE 13 | H149: 3042009163 | I149: 22/10/2025 | J149: OK | K149: OK | L149: OK | M149: OK | N149: D | O149: OK | P149: OK | Q149: OK | R149: OK | S149: OK | T149: OK | U149: D | V149: D | W149: OK | X149: OK | Y149: OK | Z149: OK | AA149: OK | AB149: D | AC149: D | AD149: OK | AE149: OK | AF149: OK | AG149: OK | AH149: OK | AI149: D | AJ149: OK | AK149: OK | AL149: OK | AM149: OK | AO149: =COUNTIF($J149:$AM149,AO$7) -> 0 | AP149: =COUNTIF($J149:$AM149,AP$7) -> 0 | AQ149: =COUNTIF($J149:$AM149,AQ$7) -> 6 | AR149: =COUNTIF($J149:$AM149,AR$7) -> 0 | AS149: =COUNTIF($J149:$AM149,AS$7) -> 0 | AT149: =COUNTIF($J149:$AM149,AT$7) -> 0 | AU149: =COUNTIF($J149:$AM149,AU$7) -> 0 | AV149: =COUNTIF($J149:$AM149,AV$7) -> 0 | ... BA149: =COUNTIF($J149:$AM149,BA$7) -> 24 | BB149: =+BA149+AQ149 -> 30 | BD149: 30
A150: REPETIDO | B150: 142 | C150: 45479518 | D150: ROMERO SOTO YUDY | E150: EDNA BERNAL | F150: Operario de aseo y cafetería | G150: SEDE 8 - SUPERCADE CALLE 13 | H150: 3233719798 | I150: 14/07/2026 | J150: 0 | K150: 0 | L150: 0 | M150: 0 | N150: 0 | O150: 0 | P150: 0 | Q150: 0 | R150: 0 | S150: 0 | T150: 0 | U150: 0 | V150: 0 | W150: OK | X150: OK | Y150: OK | Z150: OK | AA150: OK | AB150: D | AC150: D | AD150: TS | AE150: TS | AF150: TS | AG150: TS | AH150: TS | AI150: TS | AJ150: TS | AK150: TS | AL150: TS | AM150: TS | AO150: =COUNTIF($J150:$AM150,AO$7) -> 0 | AP150: =COUNTIF($J150:$AM150,AP$7) -> 0 | AQ150: =COUNTIF($J150:$AM150,AQ$7) -> 2 | AR150: =COUNTIF($J150:$AM150,AR$7) -> 0 | AS150: =COUNTIF($J150:$AM150,AS$7) -> 0 | AT150: =COUNTIF($J150:$AM150,AT$7) -> 0 | AU150: =COUNTIF($J150:$AM150,AU$7) -> 0 | AV150: =COUNTIF($J150:$AM150,AV$7) -> 0 | ... BA150: =COUNTIF($J150:$AM150,BA$7) -> 5 | BB150: =+BA150+AQ150 -> 7 | BD150: 17
B151: 143 | C151: 51970521 | D151: HERNANDEZ LUNA MARIBEL | E151: EDNA BERNAL | F151: Operario de aseo y cafetería | G151: SEDE 8 - SUPERCADE CALLE 13 | H151: 3134219368 | I151: 18/10/2025 | J151: OK | K151: OK | L151: OK | M151: OK | N151: D | O151: OK | P151: OK | Q151: OK | R151: OK | S151: OK | T151: OK | U151: D | V151: D | W151: OK | X151: OK | Y151: OK | Z151: OK | AA151: OK | AB151: D | AC151: D | AD151: OK | AE151: OK | AF151: OK | AG151: OK | AH151: OK | AI151: D | AJ151: OK | AK151: OK | AL151: OK | AM151: OK | AO151: =COUNTIF($J151:$AM151,AO$7) -> 0 | AP151: =COUNTIF($J151:$AM151,AP$7) -> 0 | AQ151: =COUNTIF($J151:$AM151,AQ$7) -> 6 | AR151: =COUNTIF($J151:$AM151,AR$7) -> 0 | AS151: =COUNTIF($J151:$AM151,AS$7) -> 0 | AT151: =COUNTIF($J151:$AM151,AT$7) -> 0 | AU151: =COUNTIF($J151:$AM151,AU$7) -> 0 | AV151: =COUNTIF($J151:$AM151,AV$7) -> 0 | ... BA151: =COUNTIF($J151:$AM151,BA$7) -> 24 | BB151: =+BA151+AQ151 -> 30 | BD151: 30
B152: 144 | C152: 1000989781 | D152: AVILA DURAN BRAYAN STEVEN | E152: EDNA BERNAL | F152: Operario de mantenimiento | G152: SEDE 14 - CADE LA VICTORIA | H152: 3229057219 | I152: 02/06/2026 | J152: OK | K152: OK | L152: OK | M152: OK | N152: D | O152: OK | P152: OK | Q152: OK | R152: OK | S152: OK | T152: OK | U152: D | V152: D | W152: OK | X152: OK | Y152: OK | Z152: OK | AA152: OK | AB152: D | AC152: D | AD152: OK | AE152: OK | AF152: OK | AG152: OK | AH152: OK | AI152: D | AJ152: OK | AK152: OK | AL152: OK | AM152: OK | AO152: =COUNTIF($J152:$AM152,AO$7) -> 0 | AP152: =COUNTIF($J152:$AM152,AP$7) -> 0 | AQ152: =COUNTIF($J152:$AM152,AQ$7) -> 6 | AR152: =COUNTIF($J152:$AM152,AR$7) -> 0 | AS152: =COUNTIF($J152:$AM152,AS$7) -> 0 | AT152: =COUNTIF($J152:$AM152,AT$7) -> 0 | AU152: =COUNTIF($J152:$AM152,AU$7) -> 0 | AV152: =COUNTIF($J152:$AM152,AV$7) -> 0 | ... BA152: =COUNTIF($J152:$AM152,BA$7) -> 24 | BB152: =+BA152+AQ152 -> 30 | BD152: 30
B153: 145 | C153: 51909861 | D153: AREVALO LUZ MIRELLA | E153: EDNA BERNAL | F153: Operario de aseo y cafetería | G153: SEDE 14 - CADE LA VICTORIA | H153: 3134433828 | I153: 18/10/2025 | J153: OK | K153: OK | L153: OK | M153: OK | N153: D | O153: OK | P153: OK | Q153: OK | R153: OK | S153: OK | T153: OK | U153: D | V153: D | W153: OK | X153: OK | Y153: OK | Z153: OK | AA153: OK | AB153: D | AC153: D | AD153: OK | AE153: OK | AF153: OK | AG153: OK | AH153: OK | AI153: D | AJ153: OK | AK153: OK | AL153: OK | AM153: OK | AO153: =COUNTIF($J153:$AM153,AO$7) -> 0 | AP153: =COUNTIF($J153:$AM153,AP$7) -> 0 | AQ153: =COUNTIF($J153:$AM153,AQ$7) -> 6 | AR153: =COUNTIF($J153:$AM153,AR$7) -> 0 | AS153: =COUNTIF($J153:$AM153,AS$7) -> 0 | AT153: =COUNTIF($J153:$AM153,AT$7) -> 0 | AU153: =COUNTIF($J153:$AM153,AU$7) -> 0 | AV153: =COUNTIF($J153:$AM153,AV$7) -> 0 | ... BA153: =COUNTIF($J153:$AM153,BA$7) -> 24 | BB153: =+BA153+AQ153 -> 30 | BD153: 30
B154: 146 | C154: 1002377643 | D154: MARTINEZ ORTIZ VERONICA | E154: EDNA BERNAL | F154: Operario de aseo y cafetería | G154: SEDE 14 - CADE LA VICTORIA | H154: 3043801757 | I154: 18/10/2025 | J154: OK | K154: OK | L154: OK | M154: OK | N154: D | O154: OK | P154: OK | Q154: OK | R154: OK | S154: OK | T154: OK | U154: D | V154: D | W154: OK | X154: OK | Y154: CD | Z154: OK | AA154: OK | AB154: D | AC154: D | AD154: OK | AE154: OK | AF154: OK | AG154: OK | AH154: OK | AI154: D | AJ154: OK | AK154: OK | AL154: OK | AM154: OK | AO154: =COUNTIF($J154:$AM154,AO$7) -> 0 | AP154: =COUNTIF($J154:$AM154,AP$7) -> 0 | AQ154: =COUNTIF($J154:$AM154,AQ$7) -> 6 | AR154: =COUNTIF($J154:$AM154,AR$7) -> 0 | AS154: =COUNTIF($J154:$AM154,AS$7) -> 0 | AT154: =COUNTIF($J154:$AM154,AT$7) -> 0 | AU154: =COUNTIF($J154:$AM154,AU$7) -> 0 | AV154: =COUNTIF($J154:$AM154,AV$7) -> 1 | ... BA154: =COUNTIF($J154:$AM154,BA$7) -> 23 | BB154: =+BA154+AQ154 -> 29 | BD154: 30
B155: 147 | C155: 80735722 | D155: BELTRAN ANGEL ANTONIO | E155: EDNA BERNAL | F155: Operario de mantenimiento | G155: SEDE 5 - SUPERCADE CAD CARRERA | H155: 3124825793 | I155: 13/11/2025 | J155: OK | K155: OK | L155: OK | M155: OK | N155: D | O155: OK | P155: OK | Q155: OK | R155: OK | S155: OK | T155: OK | U155: D | V155: D | W155: OK | X155: OK | Y155: OK | Z155: OK | AA155: OK | AB155: D | AC155: D | AD155: OK | AE155: OK | AF155: OK | AG155: OK | AH155: OK | AI155: D | AJ155: OK | AK155: OK | AL155: OK | AM155: OK | AO155: =COUNTIF($J155:$AM155,AO$7) -> 0 | AP155: =COUNTIF($J155:$AM155,AP$7) -> 0 | AQ155: =COUNTIF($J155:$AM155,AQ$7) -> 6 | AR155: =COUNTIF($J155:$AM155,AR$7) -> 0 | AS155: =COUNTIF($J155:$AM155,AS$7) -> 0 | AT155: =COUNTIF($J155:$AM155,AT$7) -> 0 | AU155: =COUNTIF($J155:$AM155,AU$7) -> 0 | AV155: =COUNTIF($J155:$AM155,AV$7) -> 0 | ... BA155: =COUNTIF($J155:$AM155,BA$7) -> 24 | BB155: =+BA155+AQ155 -> 30 | BD155: 30
B156: 148 | C156: 28057943 | D156: CUADROS VALDERRAMA FRANCEID | E156: EDNA BERNAL | F156: Operario de aseo y cafetería | G156: SEDE 5 - SUPERCADE CAD CARRERA | H156: 3016896216 | I156: 18/10/2025 | J156: OK | K156: OK | L156: OK | M156: OK | N156: D | O156: OK | P156: OK | Q156: OK | R156: OK | S156: OK | T156: OK | U156: D | V156: D | W156: OK | X156: OK | Y156: OK | Z156: OK | AA156: OK | AB156: D | AC156: D | AD156: OK | AE156: OK | AF156: OK | AG156: OK | AH156: OK | AI156: D | AJ156: OK | AK156: OK | AL156: OK | AM156: OK | AO156: =COUNTIF($J156:$AM156,AO$7) -> 0 | AP156: =COUNTIF($J156:$AM156,AP$7) -> 0 | AQ156: =COUNTIF($J156:$AM156,AQ$7) -> 6 | AR156: =COUNTIF($J156:$AM156,AR$7) -> 0 | AS156: =COUNTIF($J156:$AM156,AS$7) -> 0 | AT156: =COUNTIF($J156:$AM156,AT$7) -> 0 | AU156: =COUNTIF($J156:$AM156,AU$7) -> 0 | AV156: =COUNTIF($J156:$AM156,AV$7) -> 0 | ... BA156: =COUNTIF($J156:$AM156,BA$7) -> 24 | BB156: =+BA156+AQ156 -> 30 | BD156: 30
B157: 149 | C157: 52463545 | D157: ROJAS CAMACHO SONIA YEMILE | E157: EDNA BERNAL | F157: Operario de aseo y cafetería | G157: SEDE 5 - SUPERCADE CAD CARRERA | H157: 3115585946 | I157: 21/10/2025 | J157: OK | K157: OK | L157: OK | M157: OK | N157: D | O157: INC | P157: INC | Q157: OK | R157: OK | S157: OK | T157: OK | U157: D | V157: D | W157: OK | X157: OK | Y157: OK | Z157: OK | AA157: OK | AB157: D | AC157: D | AD157: OK | AE157: OK | AF157: OK | AG157: OK | AH157: OK | AI157: D | AJ157: OK | AK157: OK | AL157: OK | AM157: OK | AO157: =COUNTIF($J157:$AM157,AO$7) -> 0 | AP157: =COUNTIF($J157:$AM157,AP$7) -> 0 | AQ157: =COUNTIF($J157:$AM157,AQ$7) -> 6 | AR157: =COUNTIF($J157:$AM157,AR$7) -> 2 | AS157: =COUNTIF($J157:$AM157,AS$7) -> 0 | AT157: =COUNTIF($J157:$AM157,AT$7) -> 0 | AU157: =COUNTIF($J157:$AM157,AU$7) -> 0 | AV157: =COUNTIF($J157:$AM157,AV$7) -> 0 | ... BA157: =COUNTIF($J157:$AM157,BA$7) -> 22 | BB157: =+BA157+AQ157 -> 28 | BD157: 30
B158: 150 | C158: 52038499 | D158: GUERRERO RINCON ROSA MARIA | E158: EDNA BERNAL | F158: Operario de aseo y cafetería | G158: SEDE 5 - SUPERCADE CAD CARRERA | H158: 3004534624 | I158: 18/10/2025 | J158: OK | K158: OK | L158: OK | M158: OK | N158: INC | O158: INC | P158: INC | Q158: INC | R158: INC | S158: OK | T158: OK | U158: D | V158: D | W158: OK | X158: OK | Y158: OK | Z158: OK | AA158: OK | AB158: D | AC158: D | AD158: OK | AE158: OK | AF158: OK | AG158: OK | AH158: OK | AI158: D | AJ158: OK | AK158: OK | AL158: OK | AM158: OK | AO158: =COUNTIF($J158:$AM158,AO$7) -> 0 | AP158: =COUNTIF($J158:$AM158,AP$7) -> 0 | AQ158: =COUNTIF($J158:$AM158,AQ$7) -> 5 | AR158: =COUNTIF($J158:$AM158,AR$7) -> 5 | AS158: =COUNTIF($J158:$AM158,AS$7) -> 0 | AT158: =COUNTIF($J158:$AM158,AT$7) -> 0 | AU158: =COUNTIF($J158:$AM158,AU$7) -> 0 | AV158: =COUNTIF($J158:$AM158,AV$7) -> 0 | ... BA158: =COUNTIF($J158:$AM158,BA$7) -> 20 | BB158: =+BA158+AQ158 -> 25 | BD158: 30
B159: 151 | C159: 28915752 | D159: CALDERON APONTE YANED | E159: EDNA BERNAL | F159: Operario de aseo y cafetería | G159: SEDE 5 - SUPERCADE CAD CARRERA | H159: 3127020342 | I159: 18/10/2025 | J159: OK | K159: OK | L159: OK | M159: OK | N159: D | O159: OK | P159: OK | Q159: OK | R159: OK | S159: OK | T159: OK | U159: D | V159: D | W159: OK | X159: OK | Y159: OK | Z159: OK | AA159: OK | AB159: D | AC159: D | AD159: OK | AE159: OK | AF159: OK | AG159: OK | AH159: OK | AI159: D | AJ159: OK | AK159: OK | AL159: OK | AM159: OK | AO159: =COUNTIF($J159:$AM159,AO$7) -> 0 | AP159: =COUNTIF($J159:$AM159,AP$7) -> 0 | AQ159: =COUNTIF($J159:$AM159,AQ$7) -> 6 | AR159: =COUNTIF($J159:$AM159,AR$7) -> 0 | AS159: =COUNTIF($J159:$AM159,AS$7) -> 0 | AT159: =COUNTIF($J159:$AM159,AT$7) -> 0 | AU159: =COUNTIF($J159:$AM159,AU$7) -> 0 | AV159: =COUNTIF($J159:$AM159,AV$7) -> 0 | ... BA159: =COUNTIF($J159:$AM159,BA$7) -> 24 | BB159: =+BA159+AQ159 -> 30 | BD159: 30
B160: 152 | C160: 1024500166 | D160: BOTIA AVILA MARIA CONSUELO | E160: EDNA BERNAL | F160: Operario de aseo y cafetería | G160: SEDE 5 - SUPERCADE CAD CARRERA | H160: 3197541624 | I160: 18/10/2025 | J160: OK | K160: OK | L160: OK | M160: OK | N160: D | O160: OK | P160: OK | Q160: OK | R160: OK | S160: OK | T160: OK | U160: D | V160: D | W160: OK | X160: OK | Y160: OK | Z160: OK | AA160: OK | AB160: D | AC160: D | AD160: OK | AE160: OK | AF160: OK | AG160: OK | AH160: OK | AI160: D | AJ160: OK | AK160: OK | AL160: OK | AM160: OK | AO160: =COUNTIF($J160:$AM160,AO$7) -> 0 | AP160: =COUNTIF($J160:$AM160,AP$7) -> 0 | AQ160: =COUNTIF($J160:$AM160,AQ$7) -> 6 | AR160: =COUNTIF($J160:$AM160,AR$7) -> 0 | AS160: =COUNTIF($J160:$AM160,AS$7) -> 0 | AT160: =COUNTIF($J160:$AM160,AT$7) -> 0 | AU160: =COUNTIF($J160:$AM160,AU$7) -> 0 | AV160: =COUNTIF($J160:$AM160,AV$7) -> 0 | ... BA160: =COUNTIF($J160:$AM160,BA$7) -> 24 | BB160: =+BA160+AQ160 -> 30 | BD160: 30
B161: 153 | C161: 53153000 | D161: ALVAREZ ALVAREZ YENI MARITZA | E161: EDNA BERNAL | F161: Operario de aseo y cafetería | G161: SEDE 5 - SUPERCADE CAD CARRERA | H161: 3124526294 | I161: 18/10/2025 | J161: OK | K161: OK | L161: OK | M161: OK | N161: D | O161: OK | P161: CD | Q161: CD | R161: CD | S161: OK | T161: OK | U161: D | V161: D | W161: OK | X161: OK | Y161: OK | Z161: OK | AA161: OK | AB161: D | AC161: D | AD161: OK | AE161: OK | AF161: OK | AG161: OK | AH161: OK | AI161: D | AJ161: OK | AK161: OK | AL161: OK | AM161: OK | AO161: =COUNTIF($J161:$AM161,AO$7) -> 0 | AP161: =COUNTIF($J161:$AM161,AP$7) -> 0 | AQ161: =COUNTIF($J161:$AM161,AQ$7) -> 6 | AR161: =COUNTIF($J161:$AM161,AR$7) -> 0 | AS161: =COUNTIF($J161:$AM161,AS$7) -> 0 | AT161: =COUNTIF($J161:$AM161,AT$7) -> 0 | AU161: =COUNTIF($J161:$AM161,AU$7) -> 0 | AV161: =COUNTIF($J161:$AM161,AV$7) -> 3 | ... BA161: =COUNTIF($J161:$AM161,BA$7) -> 21 | BB161: =+BA161+AQ161 -> 27 | BD161: 30
B162: 154 | C162: 52231175 | D162: ABDO CORTES YANNA ZORAYA | E162: EDNA BERNAL | F162: Operario de aseo y cafetería | G162: SEDE 5 - SUPERCADE CAD CARRERA | H162: 3136280582 | I162: 15/12/2025 | J162: OK | K162: OK | L162: OK | M162: OK | N162: D | O162: OK | P162: OK | Q162: OK | R162: OK | S162: OK | T162: OK | U162: D | V162: D | W162: OK | X162: OK | Y162: OK | Z162: OK | AA162: OK | AB162: D | AC162: D | AD162: OK | AE162: OK | AF162: OK | AG162: OK | AH162: OK | AI162: D | AJ162: OK | AK162: OK | AL162: OK | AM162: OK | AO162: =COUNTIF($J162:$AM162,AO$7) -> 0 | AP162: =COUNTIF($J162:$AM162,AP$7) -> 0 | AQ162: =COUNTIF($J162:$AM162,AQ$7) -> 6 | AR162: =COUNTIF($J162:$AM162,AR$7) -> 0 | AS162: =COUNTIF($J162:$AM162,AS$7) -> 0 | AT162: =COUNTIF($J162:$AM162,AT$7) -> 0 | AU162: =COUNTIF($J162:$AM162,AU$7) -> 0 | AV162: =COUNTIF($J162:$AM162,AV$7) -> 0 | ... BA162: =COUNTIF($J162:$AM162,BA$7) -> 24 | BB162: =+BA162+AQ162 -> 30 | BD162: 30
... B173: 165 | C173: 52582054 | D173: RODRIGUEZ CASTILLO ELIZABETH | E173: EDNA BERNAL | F173: Operario de aseo y cafetería | G173: SEDE 18 - CENTRO DE MEMORIA, PAZ Y RECONCILIACIÓN | H173: 3125181881 | I173: 26/03/2026 | J173: OK | K173: OK | L173: OK | M173: OK | N173: D | O173: OK | P173: OK | Q173: OK | R173: OK | S173: OK | T173: OK | U173: D | V173: D | W173: OK | X173: OK | Y173: OK | Z173: OK | AA173: OK | AB173: D | AC173: D | AD173: OK | AE173: OK | AF173: OK | AG173: OK | AH173: OK | AI173: D | AJ173: OK | AK173: OK | AL173: OK | AM173: OK | AO173: =COUNTIF($J173:$AM173,AO$7) -> 0 | AP173: =COUNTIF($J173:$AM173,AP$7) -> 0 | AQ173: =COUNTIF($J173:$AM173,AQ$7) -> 6 | AR173: =COUNTIF($J173:$AM173,AR$7) -> 0 | AS173: =COUNTIF($J173:$AM173,AS$7) -> 0 | AT173: =COUNTIF($J173:$AM173,AT$7) -> 0 | AU173: =COUNTIF($J173:$AM173,AU$7) -> 0 | AV173: =COUNTIF($J173:$AM173,AV$7) -> 0 | ... BA173: =COUNTIF($J173:$AM173,BA$7) -> 24 | BB173: =+BA173+AQ173 -> 30 | BD173: 30
A174: REPETIDO | B174: 166 | C174: 39659470 | D174: GUAYARA MOSCOSO MARIS MELDA | E174: EDNA BERNAL | F174: Operario de aseo y cafetería | G174: SEDE 5 - SUPERCADE CAD CARRERA | H174: 3208232057 | I174: 18/10/2025 | J174: TS | K174: TS | L174: TS | M174: TS | N174: TS | O174: TS | P174: TS | Q174: TS | R174: TS | S174: TS | T174: TS | U174: TS | V174: TS | W174: TS | X174: TS | Y174: TS | Z174: TS | AA174: TS | AB174: TS | AC174: TS | AD174: OK | AE174: OK | AF174: OK | AG174: OK | AH174: OK | AI174: OK | AJ174: OK | AK174: OK | AL174: OK | AM174: OK | AO174: =COUNTIF($J174:$AM174,AO$7) -> 0 | AP174: =COUNTIF($J174:$AM174,AP$7) -> 0 | AQ174: =COUNTIF($J174:$AM174,AQ$7) -> 0 | AR174: =COUNTIF($J174:$AM174,AR$7) -> 0 | AS174: =COUNTIF($J174:$AM174,AS$7) -> 0 | AT174: =COUNTIF($J174:$AM174,AT$7) -> 0 | AU174: =COUNTIF($J174:$AM174,AU$7) -> 0 | AV174: =COUNTIF($J174:$AM174,AV$7) -> 0 | ... BA174: =COUNTIF($J174:$AM174,BA$7) -> 10 | BB174: =+BA174+AQ174 -> 10 | BD174: 30
B175: 167 | C175: 1010176179 | D175: HERNANDEZ CINDY LORENA | E175: EDNA BERNAL | F175: Supernumeraria Aseo Y Cafeteria | G175: SEDE 23 - CENTRO DE ENCUENTRO RAFAEL URIBE | H175: 3151006455 | I175: 01/12/2025 | J175: OK | K175: OK | L175: OK | M175: OK | N175: D | O175: OK | P175: OK | Q175: OK | R175: OK | S175: OK | T175: OK | U175: D | V175: D | W175: OK | X175: OK | Y175: OK | Z175: OK | AA175: OK | AB175: D | AC175: D | AD175: OK | AE175: OK | AF175: OK | AG175: OK | AH175: OK | AI175: D | AJ175: OK | AK175: OK | AL175: OK | AM175: OK | AO175: =COUNTIF($J175:$AM175,AO$7) -> 0 | AP175: =COUNTIF($J175:$AM175,AP$7) -> 0 | AQ175: =COUNTIF($J175:$AM175,AQ$7) -> 6 | AR175: =COUNTIF($J175:$AM175,AR$7) -> 0 | AS175: =COUNTIF($J175:$AM175,AS$7) -> 0 | AT175: =COUNTIF($J175:$AM175,AT$7) -> 0 | AU175: =COUNTIF($J175:$AM175,AU$7) -> 0 | AV175: =COUNTIF($J175:$AM175,AV$7) -> 0 | ... BA175: =COUNTIF($J175:$AM175,BA$7) -> 24 | BB175: =+BA175+AQ175 -> 30 | BD175: 30
B176: 168 | C176: 1023917280 | D176: BERNAL HOYOS EDNA | E176: EDNA BERNAL | F176: Coordinador de tiempo completo | G176: SEDE 18 - CENTRO DE MEMORIA, PAZ Y RECONCILIACIÓN | H176: 3112290273 | I176: 02/02/2026 | J176: OK | K176: OK | L176: OK | M176: OK | N176: D | O176: OK | P176: OK | Q176: OK | R176: OK | S176: OK | T176: OK | U176: D | V176: D | W176: OK | X176: OK | Y176: OK | Z176: OK | AA176: OK | AB176: D | AC176: D | AD176: OK | AE176: OK | AF176: OK | AG176: OK | AH176: OK | AI176: D | AJ176: OK | AK176: OK | AL176: OK | AM176: OK | AO176: =COUNTIF($J176:$AM176,AO$7) -> 0 | AP176: =COUNTIF($J176:$AM176,AP$7) -> 0 | AQ176: =COUNTIF($J176:$AM176,AQ$7) -> 6 | AR176: =COUNTIF($J176:$AM176,AR$7) -> 0 | AS176: =COUNTIF($J176:$AM176,AS$7) -> 0 | AT176: =COUNTIF($J176:$AM176,AT$7) -> 0 | AU176: =COUNTIF($J176:$AM176,AU$7) -> 0 | AV176: =COUNTIF($J176:$AM176,AV$7) -> 0 | ... BA176: =COUNTIF($J176:$AM176,BA$7) -> 24 | BB176: =+BA176+AQ176 -> 30 | BD176: 30
B177: 169 | C177: 53073073 | D177: MURCIA CHICUE CONSUELO MATILDE | E177: YEIMI MORENO | F177: Operario de aseo y cafetería | G177: SEDE 11 - SUPERCADE SUBA | H177: 3229044250 | I177: 18/10/2025 | J177: OK | K177: OK | L177: OK | M177: OK | N177: D | O177: OK | P177: OK | Q177: OK | R177: OK | S177: OK | T177: OK | U177: D | V177: D | W177: OK | X177: OK | Y177: OK | Z177: OK | AA177: OK | AB177: D | AC177: D | AD177: OK | AE177: OK | AF177: OK | AG177: OK | AH177: OK | AI177: D | AJ177: OK | AK177: OK | AL177: OK | AM177: OK | AO177: =COUNTIF($J177:$AM177,AO$7) -> 0 | AP177: =COUNTIF($J177:$AM177,AP$7) -> 0 | AQ177: =COUNTIF($J177:$AM177,AQ$7) -> 6 | AR177: =COUNTIF($J177:$AM177,AR$7) -> 0 | AS177: =COUNTIF($J177:$AM177,AS$7) -> 0 | AT177: =COUNTIF($J177:$AM177,AT$7) -> 0 | AU177: =COUNTIF($J177:$AM177,AU$7) -> 0 | AV177: =COUNTIF($J177:$AM177,AV$7) -> 0 | ... BA177: =COUNTIF($J177:$AM177,BA$7) -> 24 | BB177: =+BA177+AQ177 -> 30 | BD177: 30
B178: 170 | C178: 1010014769 | D178: EPINAYU ARIAS MARIA JOSE | E178: YEIMI MORENO | F178: Operario de aseo y cafetería | G178: SEDE 11 - SUPERCADE SUBA | H178: 3243657620 | I178: 05/11/2025 | J178: OK | K178: OK | L178: OK | M178: OK | N178: D | O178: OK | P178: OK | Q178: OK | R178: OK | S178: OK | T178: OK | U178: D | V178: D | W178: OK | X178: OK | Y178: OK | Z178: OK | AA178: OK | AB178: D | AC178: D | AD178: OK | AE178: OK | AF178: OK | AG178: OK | AH178: OK | AI178: D | AJ178: OK | AK178: OK | AL178: OK | AM178: OK | AO178: =COUNTIF($J178:$AM178,AO$7) -> 0 | AP178: =COUNTIF($J178:$AM178,AP$7) -> 0 | AQ178: =COUNTIF($J178:$AM178,AQ$7) -> 6 | AR178: =COUNTIF($J178:$AM178,AR$7) -> 0 | AS178: =COUNTIF($J178:$AM178,AS$7) -> 0 | AT178: =COUNTIF($J178:$AM178,AT$7) -> 0 | AU178: =COUNTIF($J178:$AM178,AU$7) -> 0 | AV178: =COUNTIF($J178:$AM178,AV$7) -> 0 | ... BA178: =COUNTIF($J178:$AM178,BA$7) -> 24 | BB178: =+BA178+AQ178 -> 30 | BD178: 30
B179: 171 | C179: 1073707145 | D179: ALVARADO RAMIREZ WHITNEY GIANNINA | E179: YEIMI MORENO | F179: Operario de aseo y cafetería | G179: SEDE 11 - SUPERCADE SUBA | H179: 3014499286 | I179: 18/10/2025 | J179: OK | K179: OK | L179: OK | M179: OK | N179: D | O179: OK | P179: OK | Q179: OK | R179: OK | S179: OK | T179: OK | U179: D | V179: D | W179: OK | X179: OK | Y179: OK | Z179: OK | AA179: OK | AB179: D | AC179: D | AD179: OK | AE179: OK | AF179: OK | AG179: OK | AH179: OK | AI179: D | AJ179: OK | AK179: OK | AL179: OK | AM179: OK | AO179: =COUNTIF($J179:$AM179,AO$7) -> 0 | AP179: =COUNTIF($J179:$AM179,AP$7) -> 0 | AQ179: =COUNTIF($J179:$AM179,AQ$7) -> 6 | AR179: =COUNTIF($J179:$AM179,AR$7) -> 0 | AS179: =COUNTIF($J179:$AM179,AS$7) -> 0 | AT179: =COUNTIF($J179:$AM179,AT$7) -> 0 | AU179: =COUNTIF($J179:$AM179,AU$7) -> 0 | AV179: =COUNTIF($J179:$AM179,AV$7) -> 0 | ... BA179: =COUNTIF($J179:$AM179,BA$7) -> 24 | BB179: =+BA179+AQ179 -> 30 | BD179: 30
B180: 172 | C180: 52351391 | D180: PEREZ SANDRA MARCELA | E180: YEIMI MORENO | F180: Operario de aseo y cafetería | G180: SEDE 11 - SUPERCADE SUBA | H180: 3046515188 | I180: 18/10/2025 | J180: OK | K180: OK | L180: OK | M180: OK | N180: D | O180: OK | P180: OK | Q180: OK | R180: OK | S180: OK | T180: OK | U180: D | V180: D | W180: OK | X180: OK | Y180: OK | Z180: OK | AA180: OK | AB180: D | AC180: D | AD180: OK | AE180: OK | AF180: OK | AG180: OK | AH180: OK | AI180: D | AJ180: OK | AK180: OK | AL180: OK | AM180: OK | AO180: =COUNTIF($J180:$AM180,AO$7) -> 0 | AP180: =COUNTIF($J180:$AM180,AP$7) -> 0 | AQ180: =COUNTIF($J180:$AM180,AQ$7) -> 6 | AR180: =COUNTIF($J180:$AM180,AR$7) -> 0 | AS180: =COUNTIF($J180:$AM180,AS$7) -> 0 | AT180: =COUNTIF($J180:$AM180,AT$7) -> 0 | AU180: =COUNTIF($J180:$AM180,AU$7) -> 0 | AV180: =COUNTIF($J180:$AM180,AV$7) -> 0 | ... BA180: =COUNTIF($J180:$AM180,BA$7) -> 24 | BB180: =+BA180+AQ180 -> 30 | BD180: 30
B181: 173 | C181: 52897266 | D181: BERMUDEZ MARTINEZ JENNY KIMBERLY | E181: YEIMI MORENO | F181: Operario de aseo y cafetería | G181: SEDE 11 - SUPERCADE SUBA | H181: 3154173171 | I181: 18/10/2025 | J181: OK | K181: OK | L181: OK | M181: OK | N181: D | O181: OK | P181: OK | Q181: OK | R181: OK | S181: OK | T181: OK | U181: D | V181: D | W181: OK | X181: OK | Y181: OK | Z181: OK | AA181: OK | AB181: D | AC181: D | AD181: OK | AE181: OK | AF181: OK | AG181: OK | AH181: OK | AI181: D | AJ181: OK | AK181: OK | AL181: OK | AM181: OK | AO181: =COUNTIF($J181:$AM181,AO$7) -> 0 | AP181: =COUNTIF($J181:$AM181,AP$7) -> 0 | AQ181: =COUNTIF($J181:$AM181,AQ$7) -> 6 | AR181: =COUNTIF($J181:$AM181,AR$7) -> 0 | AS181: =COUNTIF($J181:$AM181,AS$7) -> 0 | AT181: =COUNTIF($J181:$AM181,AT$7) -> 0 | AU181: =COUNTIF($J181:$AM181,AU$7) -> 0 | AV181: =COUNTIF($J181:$AM181,AV$7) -> 0 | ... BA181: =COUNTIF($J181:$AM181,BA$7) -> 24 | BB181: =+BA181+AQ181 -> 30 | BD181: 30
B182: 174 | C182: 1020727061 | D182: GIRALDO LOPEZ LUZ ESTELLA | E182: YEIMI MORENO | F182: Operario de aseo y cafetería | G182: SEDE 11 - SUPERCADE SUBA | H182: 3244809972 | I182: 18/10/2025 | J182: OK | K182: OK | L182: OK | M182: OK | N182: D | O182: OK | P182: OK | Q182: OK | R182: OK | S182: OK | T182: OK | U182: D | V182: D | W182: OK | X182: OK | Y182: OK | Z182: OK | AA182: OK | AB182: D | AC182: D | AD182: OK | AE182: OK | AF182: OK | AG182: OK | AH182: OK | AI182: D | AJ182: OK | AK182: OK | AL182: OK | AM182: AUS | AO182: =COUNTIF($J182:$AM182,AO$7) -> 1 | AP182: =COUNTIF($J182:$AM182,AP$7) -> 0 | AQ182: =COUNTIF($J182:$AM182,AQ$7) -> 6 | AR182: =COUNTIF($J182:$AM182,AR$7) -> 0 | AS182: =COUNTIF($J182:$AM182,AS$7) -> 0 | AT182: =COUNTIF($J182:$AM182,AT$7) -> 0 | AU182: =COUNTIF($J182:$AM182,AU$7) -> 0 | AV182: =COUNTIF($J182:$AM182,AV$7) -> 0 | ... BA182: =COUNTIF($J182:$AM182,BA$7) -> 23 | BB182: =+BA182+AQ182 -> 29 | BD182: 30
B183: 175 | C183: 1235250628 | D183: JIMENEZ RIGOBERTO ANTONIO | E183: YEIMI MORENO | F183: Operario de mantenimiento | G183: SEDE 11 - SUPERCADE SUBA | H183: 3150448123 | I183: 18/10/2025 | J183: OK | K183: OK | L183: OK | M183: OK | N183: D | O183: OK | P183: OK | Q183: OK | R183: OK | S183: OK | T183: OK | U183: D | V183: D | W183: OK | X183: OK | Y183: OK | Z183: OK | AA183: OK | AB183: D | AC183: D | AD183: OK | AE183: OK | AF183: OK | AG183: OK | AH183: OK | AI183: D | AJ183: OK | AK183: OK | AL183: OK | AM183: OK | AO183: =COUNTIF($J183:$AM183,AO$7) -> 0 | AP183: =COUNTIF($J183:$AM183,AP$7) -> 0 | AQ183: =COUNTIF($J183:$AM183,AQ$7) -> 6 | AR183: =COUNTIF($J183:$AM183,AR$7) -> 0 | AS183: =COUNTIF($J183:$AM183,AS$7) -> 0 | AT183: =COUNTIF($J183:$AM183,AT$7) -> 0 | AU183: =COUNTIF($J183:$AM183,AU$7) -> 0 | AV183: =COUNTIF($J183:$AM183,AV$7) -> 0 | ... BA183: =COUNTIF($J183:$AM183,BA$7) -> 24 | BB183: =+BA183+AQ183 -> 30 | BD183: 30
B184: 176 | C184: 1002296084 | D184: TORRES AREVALO SEBASTIAN | E184: YEIMI MORENO | F184: Operario de mantenimiento | G184: SEDE 11 - SUPERCADE SUBA | H184: 3148873264 | I184: 15/12/2025 | J184: OK | K184: OK | L184: OK | M184: OK | N184: D | O184: OK | P184: OK | Q184: OK | R184: OK | S184: OK | T184: OK | U184: D | V184: D | W184: OK | X184: OK | Y184: OK | Z184: OK | AA184: OK | AB184: D | AC184: D | AD184: OK | AE184: OK | AF184: OK | AG184: OK | AH184: OK | AI184: D | AJ184: OK | AK184: OK | AL184: OK | AM184: OK | AO184: =COUNTIF($J184:$AM184,AO$7) -> 0 | AP184: =COUNTIF($J184:$AM184,AP$7) -> 0 | AQ184: =COUNTIF($J184:$AM184,AQ$7) -> 6 | AR184: =COUNTIF($J184:$AM184,AR$7) -> 0 | AS184: =COUNTIF($J184:$AM184,AS$7) -> 0 | AT184: =COUNTIF($J184:$AM184,AT$7) -> 0 | AU184: =COUNTIF($J184:$AM184,AU$7) -> 0 | AV184: =COUNTIF($J184:$AM184,AV$7) -> 0 | ... BA184: =COUNTIF($J184:$AM184,BA$7) -> 24 | BB184: =+BA184+AQ184 -> 30 | BD184: 30
B185: 177 | C185: 52740829 | D185: PEDRAZA BENITEZ SANDRA MILENA | E185: YEIMI MORENO | F185: Operario de aseo y cafetería | G185: SEDE 11 - SUPERCADE SUBA | H185: 3046415013 | I185: 07/07/2026 | J185: OK | K185: OK | L185: OK | M185: OK | N185: D | O185: OK | P185: OK | Q185: OK | R185: OK | S185: OK | T185: OK | U185: D | V185: D | W185: OK | X185: OK | Y185: OK | Z185: OK | AA185: OK | AB185: D | AC185: D | AD185: OK | AE185: OK | AF185: OK | AG185: OK | AH185: OK | AI185: D | AJ185: OK | AK185: OK | AL185: OK | AM185: OK | AO185: =COUNTIF($J185:$AM185,AO$7) -> 0 | AP185: =COUNTIF($J185:$AM185,AP$7) -> 0 | AQ185: =COUNTIF($J185:$AM185,AQ$7) -> 6 | AR185: =COUNTIF($J185:$AM185,AR$7) -> 0 | AS185: =COUNTIF($J185:$AM185,AS$7) -> 0 | AT185: =COUNTIF($J185:$AM185,AT$7) -> 0 | AU185: =COUNTIF($J185:$AM185,AU$7) -> 0 | AV185: =COUNTIF($J185:$AM185,AV$7) -> 0 | ... BA185: =COUNTIF($J185:$AM185,BA$7) -> 24 | BB185: =+BA185+AQ185 -> 30 | BD185: 30
B186: 178 | C186: 1020807797 | D186: SANCHEZ HERNANDEZ YEIMY PATRISIA | E186: YEIMI MORENO | F186: Operario de aseo y cafetería | G186: SEDE 11 - SUPERCADE SUBA | H186: 3004027594 | I186: 07/07/2026 | J186: OK | K186: OK | L186: OK | M186: OK | N186: D | O186: OK | P186: OK | Q186: OK | R186: OK | S186: OK | T186: OK | U186: D | V186: D | W186: OK | X186: OK | Y186: OK | Z186: OK | AA186: OK | AB186: D | AC186: D | AD186: OK | AE186: OK | AF186: OK | AG186: OK | AH186: OK | AI186: D | AJ186: OK | AK186: OK | AL186: OK | AM186: OK | AO186: =COUNTIF($J186:$AM186,AO$7) -> 0 | AP186: =COUNTIF($J186:$AM186,AP$7) -> 0 | AQ186: =COUNTIF($J186:$AM186,AQ$7) -> 6 | AR186: =COUNTIF($J186:$AM186,AR$7) -> 0 | AS186: =COUNTIF($J186:$AM186,AS$7) -> 0 | AT186: =COUNTIF($J186:$AM186,AT$7) -> 0 | AU186: =COUNTIF($J186:$AM186,AU$7) -> 0 | AV186: =COUNTIF($J186:$AM186,AV$7) -> 0 | ... BA186: =COUNTIF($J186:$AM186,BA$7) -> 24 | BB186: =+BA186+AQ186 -> 30 | BD186: 30
... B192: 184 | C192: 1233899199 | D192: MATIZ CANTOR ERIKA PAMELA | E192: YEIMI MORENO | F192: Operario de aseo y cafetería | G192: SEDE 16 - SUPERCADE ENGATIVA | H192: 3102935990 | I192: 19/01/2026 | J192: OK | K192: OK | L192: INC | M192: INC | N192: INC | O192: OK | P192: OK | Q192: OK | R192: OK | S192: OK | T192: OK | U192: D | V192: D | W192: OK | X192: OK | Y192: OK | Z192: OK | AA192: OK | AB192: D | AC192: D | AD192: OK | AE192: OK | AF192: OK | AG192: OK | AH192: OK | AI192: D | AJ192: OK | AK192: OK | AL192: OK | AM192: OK | AO192: =COUNTIF($J192:$AM192,AO$7) -> 0 | AP192: =COUNTIF($J192:$AM192,AP$7) -> 0 | AQ192: =COUNTIF($J192:$AM192,AQ$7) -> 5 | AR192: =COUNTIF($J192:$AM192,AR$7) -> 3 | AS192: =COUNTIF($J192:$AM192,AS$7) -> 0 | AT192: =COUNTIF($J192:$AM192,AT$7) -> 0 | AU192: =COUNTIF($J192:$AM192,AU$7) -> 0 | AV192: =COUNTIF($J192:$AM192,AV$7) -> 0 | ... BA192: =COUNTIF($J192:$AM192,BA$7) -> 22 | BB192: =+BA192+AQ192 -> 27 | BD192: 30
A193: REPETIDO | B193: 185 | C193: 39659470 | D193: GUAYARA MOSCOSO MARIS MELDA | E193: YEIMI MORENO | F193: Operario de aseo y cafetería | G193: SEDE 16 - SUPERCADE ENGATIVA | H193: 3208232057 | I193: 18/10/2025 | J193: OK | K193: OK | L193: OK | M193: OK | N193: D | O193: OK | P193: OK | Q193: OK | R193: OK | S193: OK | T193: OK | U193: D | V193: D | W193: OK | X193: OK | Y193: OK | Z193: OK | AA193: OK | AB193: D | AC193: D | AD193: TR | AE193: TR | AF193: TR | AG193: TR | AH193: TR | AI193: TR | AJ193: TR | AK193: TR | AL193: TR | AM193: TR | AO193: =COUNTIF($J193:$AM193,AO$7) -> 0 | AP193: =COUNTIF($J193:$AM193,AP$7) -> 0 | AQ193: =COUNTIF($J193:$AM193,AQ$7) -> 5 | AR193: =COUNTIF($J193:$AM193,AR$7) -> 0 | AS193: =COUNTIF($J193:$AM193,AS$7) -> 0 | AT193: =COUNTIF($J193:$AM193,AT$7) -> 0 | AU193: =COUNTIF($J193:$AM193,AU$7) -> 0 | AV193: =COUNTIF($J193:$AM193,AV$7) -> 0 | ... BA193: =COUNTIF($J193:$AM193,BA$7) -> 15 | BB193: =+BA193+AQ193 -> 20 | BD193: 20
B194: 186 | C194: 53026098 | D194: GUARIN TORRES LILIANA PAOLA | E194: YEIMI MORENO | F194: Operario de aseo y cafetería | G194: SEDE 16 - SUPERCADE ENGATIVA | H194: 3187766237 | I194: 02/01/2026 | J194: OK | K194: OK | L194: OK | M194: OK | N194: D | O194: OK | P194: OK | Q194: OK | R194: OK | S194: OK | T194: OK | U194: D | V194: D | W194: OK | X194: OK | Y194: OK | Z194: OK | AA194: OK | AB194: D | AC194: D | AD194: OK | AE194: OK | AF194: OK | AG194: OK | AH194: OK | AI194: D | AJ194: OK | AK194: OK | AL194: OK | AM194: OK | AO194: =COUNTIF($J194:$AM194,AO$7) -> 0 | AP194: =COUNTIF($J194:$AM194,AP$7) -> 0 | AQ194: =COUNTIF($J194:$AM194,AQ$7) -> 6 | AR194: =COUNTIF($J194:$AM194,AR$7) -> 0 | AS194: =COUNTIF($J194:$AM194,AS$7) -> 0 | AT194: =COUNTIF($J194:$AM194,AT$7) -> 0 | AU194: =COUNTIF($J194:$AM194,AU$7) -> 0 | AV194: =COUNTIF($J194:$AM194,AV$7) -> 0 | ... BA194: =COUNTIF($J194:$AM194,BA$7) -> 24 | BB194: =+BA194+AQ194 -> 30 | BD194: 30
B195: 187 | C195: 1016049175 | D195: TAO ULTENGO CESAR MAURICIO | E195: YEIMI MORENO | F195: Operario de mantenimiento | G195: SEDE 16 - SUPERCADE ENGATIVA | H195: 3138228706 | I195: 18/10/2025 | J195: OK | K195: OK | L195: OK | M195: OK | N195: D | O195: OK | P195: OK | Q195: OK | R195: OK | S195: OK | T195: OK | U195: D | V195: D | W195: OK | X195: OK | Y195: OK | Z195: OK | AA195: OK | AB195: D | AC195: D | AD195: OK | AE195: OK | AF195: OK | AG195: OK | AH195: OK | AI195: D | AJ195: OK | AK195: OK | AL195: INC | AM195: INC | AO195: =COUNTIF($J195:$AM195,AO$7) -> 0 | AP195: =COUNTIF($J195:$AM195,AP$7) -> 0 | AQ195: =COUNTIF($J195:$AM195,AQ$7) -> 6 | AR195: =COUNTIF($J195:$AM195,AR$7) -> 2 | AS195: =COUNTIF($J195:$AM195,AS$7) -> 0 | AT195: =COUNTIF($J195:$AM195,AT$7) -> 0 | AU195: =COUNTIF($J195:$AM195,AU$7) -> 0 | AV195: =COUNTIF($J195:$AM195,AV$7) -> 0 | ... BA195: =COUNTIF($J195:$AM195,BA$7) -> 22 | BB195: =+BA195+AQ195 -> 28 | BD195: 30
B196: 188 | C196: 1104224004 | D196: SUAREZ GARCIA JUAN PABLO | E196: YEIMI MORENO | F196: Operario de mantenimiento | G196: SEDE 16 - SUPERCADE ENGATIVA | H196: 3208179264 | I196: 18/10/2025 | J196: OK | K196: OK | L196: OK | M196: OK | N196: D | O196: OK | P196: OK | Q196: OK | R196: OK | S196: OK | T196: OK | U196: D | V196: INC | W196: INC | X196: INC | Y196: INC | Z196: INC | AA196: OK | AB196: D | AC196: D | AD196: OK | AE196: OK | AF196: OK | AG196: OK | AH196: OK | AI196: D | AJ196: OK | AK196: OK | AL196: OK | AM196: OK | AO196: =COUNTIF($J196:$AM196,AO$7) -> 0 | AP196: =COUNTIF($J196:$AM196,AP$7) -> 0 | AQ196: =COUNTIF($J196:$AM196,AQ$7) -> 5 | AR196: =COUNTIF($J196:$AM196,AR$7) -> 5 | AS196: =COUNTIF($J196:$AM196,AS$7) -> 0 | AT196: =COUNTIF($J196:$AM196,AT$7) -> 0 | AU196: =COUNTIF($J196:$AM196,AU$7) -> 0 | AV196: =COUNTIF($J196:$AM196,AV$7) -> 0 | ... BA196: =COUNTIF($J196:$AM196,BA$7) -> 20 | BB196: =+BA196+AQ196 -> 25 | BD196: 30
B197: 189 | C197: 1143366323 | D197: CASTELLAR CHAVEZ YULIETH PAOLA | E197: YEIMI MORENO | F197: Operario de aseo y cafetería | G197: SEDE 16 - SUPERCADE ENGATIVA | H197: 3227517511 | I197: 15/07/2026 | J197: 0 | K197: 0 | L197: 0 | M197: 0 | N197: D | O197: 0 | P197: 0 | Q197: 0 | R197: 0 | S197: 0 | T197: 0 | U197: D | V197: D | W197: 0 | X197: OK | Y197: CD | Z197: OK | AA197: OK | AB197: D | AC197: D | AD197: OK | AE197: OK | AF197: OK | AG197: OK | AH197: OK | AI197: D | AJ197: AUS | AK197: OK | AL197: OK | AM197: REN | AO197: =COUNTIF($J197:$AM197,AO$7) -> 1 | AP197: =COUNTIF($J197:$AM197,AP$7) -> 0 | AQ197: =COUNTIF($J197:$AM197,AQ$7) -> 6 | AR197: =COUNTIF($J197:$AM197,AR$7) -> 0 | AS197: =COUNTIF($J197:$AM197,AS$7) -> 0 | AT197: =COUNTIF($J197:$AM197,AT$7) -> 0 | AU197: =COUNTIF($J197:$AM197,AU$7) -> 0 | AV197: =COUNTIF($J197:$AM197,AV$7) -> 1 | ... BA197: =COUNTIF($J197:$AM197,BA$7) -> 10 | BB197: =+BA197+AQ197 -> 16 | BD197: 19
B198: 190 | C198: 1233911895 | D198: BAQUERO ORTIZ LUISA FERNANDA | E198: YEIMI MORENO | F198: Operario de aseo y cafetería | G198: SEDE 13 - CADE SERVITA | H198: 3005075170 | I198: 02/01/2026 | J198: OK | K198: INC | L198: OK | M198: OK | N198: D | O198: OK | P198: OK | Q198: OK | R198: OK | S198: OK | T198: OK | U198: D | V198: D | W198: OK | X198: OK | Y198: OK | Z198: OK | AA198: OK | AB198: D | AC198: D | AD198: OK | AE198: OK | AF198: OK | AG198: OK | AH198: OK | AI198: D | AJ198: INC | AK198: INC | AL198: INC | AM198: INC | AO198: =COUNTIF($J198:$AM198,AO$7) -> 0 | AP198: =COUNTIF($J198:$AM198,AP$7) -> 0 | AQ198: =COUNTIF($J198:$AM198,AQ$7) -> 6 | AR198: =COUNTIF($J198:$AM198,AR$7) -> 5 | AS198: =COUNTIF($J198:$AM198,AS$7) -> 0 | AT198: =COUNTIF($J198:$AM198,AT$7) -> 0 | AU198: =COUNTIF($J198:$AM198,AU$7) -> 0 | AV198: =COUNTIF($J198:$AM198,AV$7) -> 0 | ... BA198: =COUNTIF($J198:$AM198,BA$7) -> 19 | BB198: =+BA198+AQ198 -> 25 | BD198: 30
B199: 191 | C199: 1020781448 | D199: CALDERON MEDRANO MARIA ALEJANDRA | E199: YEIMI MORENO | F199: Operario de aseo y cafetería | G199: SEDE 13 - CADE SERVITA | H199: 3234039310 | I199: 06/01/2026 | J199: OK | K199: OK | L199: OK | M199: OK | N199: D | O199: OK | P199: OK | Q199: OK | R199: OK | S199: OK | T199: OK | U199: D | V199: D | W199: OK | X199: OK | Y199: OK | Z199: OK | AA199: OK | AB199: D | AC199: D | AD199: OK | AE199: OK | AF199: OK | AG199: OK | AH199: OK | AI199: D | AJ199: OK | AK199: OK | AL199: OK | AM199: OK | AO199: =COUNTIF($J199:$AM199,AO$7) -> 0 | AP199: =COUNTIF($J199:$AM199,AP$7) -> 0 | AQ199: =COUNTIF($J199:$AM199,AQ$7) -> 6 | AR199: =COUNTIF($J199:$AM199,AR$7) -> 0 | AS199: =COUNTIF($J199:$AM199,AS$7) -> 0 | AT199: =COUNTIF($J199:$AM199,AT$7) -> 0 | AU199: =COUNTIF($J199:$AM199,AU$7) -> 0 | AV199: =COUNTIF($J199:$AM199,AV$7) -> 0 | ... BA199: =COUNTIF($J199:$AM199,BA$7) -> 24 | BB199: =+BA199+AQ199 -> 30 | BD199: 30
B200: 192 | C200: 52919244 | D200: DUARTE FORERO ANA JULIA | E200: YEIMI MORENO | F200: Operario de aseo y cafetería | G200: SEDE 12 - SUPERCADE SOCIAL | H200: 3193470687 | I200: 18/10/2025 | J200: OK | K200: OK | L200: OK | M200: OK | N200: D | O200: OK | P200: OK | Q200: OK | R200: OK | S200: OK | T200: OK | U200: D | V200: D | W200: OK | X200: OK | Y200: OK | Z200: OK | AA200: OK | AB200: D | AC200: D | AD200: OK | AE200: OK | AF200: OK | AG200: OK | AH200: OK | AI200: D | AJ200: OK | AK200: OK | AL200: OK | AM200: OK | AO200: =COUNTIF($J200:$AM200,AO$7) -> 0 | AP200: =COUNTIF($J200:$AM200,AP$7) -> 0 | AQ200: =COUNTIF($J200:$AM200,AQ$7) -> 6 | AR200: =COUNTIF($J200:$AM200,AR$7) -> 0 | AS200: =COUNTIF($J200:$AM200,AS$7) -> 0 | AT200: =COUNTIF($J200:$AM200,AT$7) -> 0 | AU200: =COUNTIF($J200:$AM200,AU$7) -> 0 | AV200: =COUNTIF($J200:$AM200,AV$7) -> 0 | ... BA200: =COUNTIF($J200:$AM200,BA$7) -> 24 | BB200: =+BA200+AQ200 -> 30 | BD200: 30
B201: 193 | C201: 52832379 | D201: LOZANO OCHOA GLADYS STELLA | E201: YEIMI MORENO | F201: Operario de aseo y cafetería | G201: SEDE 12 - SUPERCADE SOCIAL | H201: 3115077400 | I201: 18/10/2025 | J201: OK | K201: OK | L201: OK | M201: OK | N201: D | O201: OK | P201: OK | Q201: OK | R201: OK | S201: OK | T201: OK | U201: D | V201: D | W201: OK | X201: OK | Y201: OK | Z201: OK | AA201: OK | AB201: D | AC201: D | AD201: OK | AE201: OK | AF201: OK | AG201: OK | AH201: OK | AI201: D | AJ201: OK | AK201: OK | AL201: OK | AM201: OK | AO201: =COUNTIF($J201:$AM201,AO$7) -> 0 | AP201: =COUNTIF($J201:$AM201,AP$7) -> 0 | AQ201: =COUNTIF($J201:$AM201,AQ$7) -> 6 | AR201: =COUNTIF($J201:$AM201,AR$7) -> 0 | AS201: =COUNTIF($J201:$AM201,AS$7) -> 0 | AT201: =COUNTIF($J201:$AM201,AT$7) -> 0 | AU201: =COUNTIF($J201:$AM201,AU$7) -> 0 | AV201: =COUNTIF($J201:$AM201,AV$7) -> 0 | ... BA201: =COUNTIF($J201:$AM201,BA$7) -> 24 | BB201: =+BA201+AQ201 -> 30 | BD201: 30
B202: 194 | C202: 52035420 | D202: PUERTO ROA ANGELICA MERCEDES | E202: YEIMI MORENO | F202: Operario de aseo y cafetería | G202: CADE SANTA HELENITA | H202: 3186439873 | I202: 18/10/2025 | J202: OK | K202: OK | L202: OK | M202: OK | N202: D | O202: OK | P202: OK | Q202: OK | R202: OK | S202: OK | T202: OK | U202: D | V202: D | W202: OK | X202: OK | Y202: OK | Z202: OK | AA202: OK | AB202: D | AC202: D | AD202: OK | AE202: OK | AF202: OK | AG202: OK | AH202: OK | AI202: D | AJ202: OK | AK202: OK | AL202: OK | AM202: OK | AO202: =COUNTIF($J202:$AM202,AO$7) -> 0 | AP202: =COUNTIF($J202:$AM202,AP$7) -> 0 | AQ202: =COUNTIF($J202:$AM202,AQ$7) -> 6 | AR202: =COUNTIF($J202:$AM202,AR$7) -> 0 | AS202: =COUNTIF($J202:$AM202,AS$7) -> 0 | AT202: =COUNTIF($J202:$AM202,AT$7) -> 0 | AU202: =COUNTIF($J202:$AM202,AU$7) -> 0 | AV202: =COUNTIF($J202:$AM202,AV$7) -> 0 | ... BA202: =COUNTIF($J202:$AM202,BA$7) -> 24 | BB202: =+BA202+AQ202 -> 30 | BD202: 30
B203: 195 | C203: 52389391 | D203: JARAMILLO TOBON SIRLEY ADRIANA | E203: YEIMI MORENO | F203: Operario de aseo y cafetería | G203: CADE SANTA HELENITA | H203: 3125406945 | I203: 18/10/2025 | J203: OK | K203: OK | L203: OK | M203: OK | N203: D | O203: OK | P203: OK | Q203: OK | R203: OK | S203: OK | T203: OK | U203: D | V203: D | W203: OK | X203: OK | Y203: OK | Z203: OK | AA203: OK | AB203: D | AC203: D | AD203: OK | AE203: OK | AF203: OK | AG203: OK | AH203: OK | AI203: D | AJ203: OK | AK203: OK | AL203: OK | AM203: OK | AO203: =COUNTIF($J203:$AM203,AO$7) -> 0 | AP203: =COUNTIF($J203:$AM203,AP$7) -> 0 | AQ203: =COUNTIF($J203:$AM203,AQ$7) -> 6 | AR203: =COUNTIF($J203:$AM203,AR$7) -> 0 | AS203: =COUNTIF($J203:$AM203,AS$7) -> 0 | AT203: =COUNTIF($J203:$AM203,AT$7) -> 0 | AU203: =COUNTIF($J203:$AM203,AU$7) -> 0 | AV203: =COUNTIF($J203:$AM203,AV$7) -> 0 | ... BA203: =COUNTIF($J203:$AM203,BA$7) -> 24 | BB203: =+BA203+AQ203 -> 30 | BD203: 30
...

Sheet SUPERNUMERARIAS
B2: JULIO
B4: CONTROL Y ASISTENCIA DE PERSONAL
J6: 1 | K6: 2 | L6: 3 | M6: 4 | N6: 5 | O6: 6 | P6: 7 | Q6: 8 | R6: 9 | S6: 10 | T6: 11 | U6: 12 | V6: 13 | W6: 14 | X6: 15 | Y6: 16 | Z6: 17 | AA6: 18 | AB6: 19 | AC6: 20 | AD6: 21 | AE6: 22 | AF6: 23 | AG6: 24 | AH6: 25 | AI6: 26 | AJ6: 27 | AK6: 28 | AL6: 29 | AM6: 30
B7: ITEMS | C7: DOCUMENTO | D7: NOMBRE Y APELLIDO | E7: SUPERVISORA | F7: CARGO | G7: SEDE | H7: TELEFONO | I7: FECHA INGRESO | J7: mié | K7: jue | L7: vie | M7: sáb | N7: dom | O7: lun | P7: mar | Q7: mié | R7: jue | S7: vie | T7: sáb | U7: dom | V7: lun | W7: mar | X7: mié | Y7: jue | Z7: vie | AA7: sáb | AB7: dom | AC7: lun | AD7: mar | AE7: mié | AF7: jue | AG7: vie | AH7: sáb | AI7: dom | AJ7: lun | AK7: mar | AL7: dom | AM7: lun | AO7: AUS | AP7: PNR | AQ7: D | AR7: INC | AS7: S | AT7: LNR | AU7: VAC | AV7: CD | AW7: REN | AX7: TC | AY7: LT | AZ7: TS | BA7: OK | BB7: TOTAL LABORADO
J8: 46204 | K8: 46205 | L8: 46206 | M8: 46207 | N8: 46208 | O8: 46209 | P8: 46210 | Q8: 46211 | R8: 46212 | S8: 46213 | T8: 46214 | U8: 46215 | V8: 46216 | W8: 46217 | X8: 46218 | Y8: 46219 | Z8: 46220 | AA8: 46221 | AB8: 46222 | AC8: 46223 | AD8: 46224 | AE8: 46225 | AF8: 46226 | AG8: 46227 | AH8: 46228 | AI8: 46229 | AJ8: 46230 | AK8: 46231 | AL8: 29 | AM8: 30 | AO8: AUSENCIAS | AP8: PERMISO NO REMUNERADO | AQ8: DESCANSO | AR8: INCAPACIDAD | AS8: SUSPENSION | AT8: LICENCIA NO REMUNERADA | AU8: VACACIONES | AV8: CALAMIDAS DOMESTICA | AW8: RENUNCIA | AX8: TERMINACION CONTRATO | AY8: LICENCIA DE LUTO | AZ8: TRASLADO | BA8: LABORÓ
B9: 65 | C9: 52033728 | D9: PARRA ESPITIA ANGELICA | E9: LILIANA - JOHANNA | F9: Supernumeraria Aseo Y Cafeteria | G9: SEDE 1 - MANZANA LIEVANO - ALCALDÍA MAYOR | H9: 3187091610 | I9: 04/12/2025 | J9: OK | K9: OK | L9: OK | M9: OK | N9: D | O9: OK | P9: OK | Q9: OK | R9: OK | S9: OK | T9: OK | U9: D | V9: D | W9: OK | X9: OK | Y9: OK | Z9: OK | AA9: OK | AB9: D | AC9: D | AD9: OK | AE9: OK | AF9: OK | AG9: OK | AH9: OK | AI9: OK | AJ9: D | AK9: OK | AL9: OK | AM9: OK | AO9: =COUNTIF($J9:$AM9,AO$7) -> 0 | AP9: =COUNTIF($J9:$AM9,AP$7) -> 0 | AQ9: =COUNTIF($J9:$AM9,AQ$7) -> 6 | AR9: =COUNTIF($J9:$AM9,AR$7) -> 0 | AS9: =COUNTIF($J9:$AM9,AS$7) -> 0 | AT9: =COUNTIF($J9:$AM9,AT$7) -> 0 | AU9: =COUNTIF($J9:$AM9,AU$7) -> 0 | AV9: =COUNTIF($J9:$AM9,AV$7) -> 0 | ... BA9: =COUNTIF($J9:$AM9,BA$7) -> 24 | BB9: =+BA9+AQ9 -> 30 | BD9: 30
B10: 167 | C10: 1010176179 | D10: HERNANDEZ CINDY LORENA | E10: EDNA BERNAL | F10: Supernumeraria Aseo Y Cafeteria | G10: SEDE 23 - CENTRO DE ENCUENTRO RAFAEL URIBE | H10: 3151006455 | I10: 01/12/2025 | J10: OK | K10: OK | L10: OK | M10: OK | N10: D | O10: OK | P10: OK | Q10: OK | R10: OK | S10: OK | T10: OK | U10: D | V10: D | W10: OK | X10: OK | Y10: OK | Z10: OK | AA10: OK | AB10: D | AC10: D | AD10: OK | AE10: OK | AF10: OK | AG10: OK | AH10: OK | AI10: D | AJ10: OK | AK10: OK | AL10: OK | AM10: OK | AO10: =COUNTIF($J10:$AM10,AO$7) -> 0 | AP10: =COUNTIF($J10:$AM10,AP$7) -> 0 | AQ10: =COUNTIF($J10:$AM10,AQ$7) -> 6 | AR10: =COUNTIF($J10:$AM10,AR$7) -> 0 | AS10: =COUNTIF($J10:$AM10,AS$7) -> 0 | AT10: =COUNTIF($J10:$AM10,AT$7) -> 0 | AU10: =COUNTIF($J10:$AM10,AU$7) -> 0 | AV10: =COUNTIF($J10:$AM10,AV$7) -> 0 | ... BA10: =COUNTIF($J10:$AM10,BA$7) -> 24 | BB10: =+BA10+AQ10 -> 30 | BD10: 30
B11: 196 | C11: 5070700 | D11: MALAVE HERNANDEZ DIANA VALENTINA | E11: YEIMI MORENO | F11: Supernumeraria Aseo Y Cafeteria | G11: SEDE 11 - SUPERCADE SUBA | H11: 3008787026 | I11: 12/12/2025 | J11: OK | K11: OK | L11: OK | M11: OK | N11: D | O11: OK | P11: OK | Q11: OK | R11: OK | S11: OK | T11: OK | U11: D | V11: D | W11: OK | X11: OK | Y11: OK | Z11: OK | AA11: OK | AB11: D | AC11: D | AD11: INC | AE11: INC | AF11: OK | AG11: OK | AH11: OK | AI11: D | AJ11: OK | AK11: OK | AL11: OK | AM11: OK | AO11: =COUNTIF($J11:$AM11,AO$7) -> 0 | AP11: =COUNTIF($J11:$AM11,AP$7) -> 0 | AQ11: =COUNTIF($J11:$AM11,AQ$7) -> 6 | AR11: =COUNTIF($J11:$AM11,AR$7) -> 2 | AS11: =COUNTIF($J11:$AM11,AS$7) -> 0 | AT11: =COUNTIF($J11:$AM11,AT$7) -> 0 | AU11: =COUNTIF($J11:$AM11,AU$7) -> 0 | AV11: =COUNTIF($J11:$AM11,AV$7) -> 0 | ... BA11: =COUNTIF($J11:$AM11,BA$7) -> 22 | BB11: =+BA11+AQ11 -> 28 | BD11: 30
AO12: =SUM(AO9:AO11) -> 0 | AP12: =SUM(AP9:AP11) -> 0 | AQ12: =SUM(AQ9:AQ11) -> 18 | AR12: =SUM(AR9:AR11) -> 2 | AS12: =SUM(AS9:AS11) -> 0 | AT12: =SUM(AT9:AT11) -> 0 | AU12: =SUM(AU9:AU11) -> 0 | AV12: =SUM(AV9:AV11) -> 0 | ... BB12: =SUM(BB9:BB11) -> 88 | BD12: =SUM(BD9:BD11) -> 90 | BE12: =+AO12+AP12+AR12+AV12+AW12+AX12+AY12+AZ12 -> 2 | BF12: =+BB12-BD12 -> -2

Sheet PERSONAL JULIO
A1: Nombre del Proveedor: | C1: ZV SERVIASEAMOS UNION TEMPORAL
A3: VALOR OPERARIOS ASEO Y CAFETERIA TIEMPO COMPLETO
A4: Regional/Sede | C4: Dias Trab. | D4: Cantidad Op | E4: Total Dias | F4: Valor Dia | G4: Nuevo precio cláusula 8 | H4: Valor Mensual / Valor X Unidad | I4: Recargo por Trabajo nocturno, extra, dominical y festivo | J4: Recargo por dotación especial | K4: Valor Total | L4: Total Sede | M4: AIU | N4: IVA-AIU | O4: Gran Total
A5: SEDE 1 - MANZANA LIEVANO - ALCALDÍA MAYOR | B5: Operario de aseo y cafetería | C5: 5 | D5: =COUNTIFS('NOMINA JULIO'!$G$9:$G$208,'PERSONAL JULIO'!A5,'NOMINA JULIO'!$F$9:$F$208,'PERSONAL JULIO'!B5,'NOMINA JULIO'!$BB$9:$BB$208,'PERSONAL JULIO'!C5) -> 1 | E5: =+C5*D5 -> 5 | F5: =G5/30 -> 116146.92 | G5: 3484407.6 | H5: =G5*D5 -> 3484407.6 | K5: =+C5*D5*F5 -> 580734.6 | L5: =K5+K6+K7+K8+K9+K10+K11+K70+K71+K96+K105+K106+K107+K64+K63+K65+K66 -> 1.849059e+08 | M5: =L5*0.1 -> 18490590 | N5: =M5*0.19 -> 3513212 | O5: =L5+M5+N5 -> 2.069097e+08
A6: SEDE 1 - MANZANA LIEVANO - ALCALDÍA MAYOR | B6: Operario de aseo y cafetería | C6: 24 | D6: =COUNTIFS('NOMINA JULIO'!$G$9:$G$208,'PERSONAL JULIO'!A6,'NOMINA JULIO'!$F$9:$F$208,'PERSONAL JULIO'!B6,'NOMINA JULIO'!$BB$9:$BB$208,'PERSONAL JULIO'!C6) -> 4 | E6: =+C6*D6 -> 96 | F6: =G6/30 -> 116146.92 | G6: 3484407.6 | H6: =G6*D6 -> 13937630 | K6: =+C6*D6*F6 -> 11150104
A7: SEDE 1 - MANZANA LIEVANO - ALCALDÍA MAYOR | B7: Operario de aseo y cafetería | C7: 27 | D7: =COUNTIFS('NOMINA JULIO'!$G$9:$G$208,'PERSONAL JULIO'!A7,'NOMINA JULIO'!$F$9:$F$208,'PERSONAL JULIO'!B7,'NOMINA JULIO'!$BB$9:$BB$208,'PERSONAL JULIO'!C7) -> 2 | E7: =+C7*D7 -> 54 | F7: =G7/30 -> 116146.92 | G7: 3484407.6 | H7: =G7*D7 -> 6968815.2 | K7: =+C7*D7*F7 -> 6271933.7
A8: SEDE 1 - MANZANA LIEVANO - ALCALDÍA MAYOR | B8: Operario de aseo y cafetería | C8: 28 | D8: =COUNTIFS('NOMINA JULIO'!$G$9:$G$208,'PERSONAL JULIO'!A8,'NOMINA JULIO'!$F$9:$F$208,'PERSONAL JULIO'!B8,'NOMINA JULIO'!$BB$9:$BB$208,'PERSONAL JULIO'!C8) -> 2 | E8: =+C8*D8 -> 56 | F8: =G8/30 -> 116146.92 | G8: 3484407.6 | H8: =G8*D8 -> 6968815.2 | K8: =+C8*D8*F8 -> 6504227.5
A9: SEDE 1 - MANZANA LIEVANO - ALCALDÍA MAYOR | B9: Operario de aseo y cafetería | C9: 29 | D9: =COUNTIFS('NOMINA JULIO'!$G$9:$G$208,'PERSONAL JULIO'!A9,'NOMINA JULIO'!$F$9:$F$208,'PERSONAL JULIO'!B9,'NOMINA JULIO'!$BB$9:$BB$208,'PERSONAL JULIO'!C9) -> 1 | E9: =+C9*D9 -> 29 | F9: =G9/30 -> 116146.92 | G9: 3484407.6 | H9: =G9*D9 -> 3484407.6 | K9: =+C9*D9*F9 -> 3368260.7
A10: SEDE 1 - MANZANA LIEVANO - ALCALDÍA MAYOR | B10: Operario de aseo y cafetería | C10: 30 | D10: =COUNTIFS('NOMINA JULIO'!$G$9:$G$208,'PERSONAL JULIO'!A10,'NOMINA JULIO'!$F$9:$F$208,'PERSONAL JULIO'!B10,'NOMINA JULIO'!$BB$9:$BB$208,'PERSONAL JULIO'!C10) -> 24 | E10: =+C10*D10 -> 720 | F10: =G10/30 -> 116146.92 | G10: 3484407.6 | H10: =G10*D10 -> 83625782 | K10: =+C10*D10*F10 -> 83625782
A11: SEDE 1 - MANZANA LIEVANO - ALCALDÍA MAYOR | B11: Supernumeraria Aseo Y Cafeteria | C11: 30 | D11: =COUNTIFS('NOMINA JULIO'!$G$9:$G$208,'PERSONAL JULIO'!A11,'NOMINA JULIO'!$F$9:$F$208,'PERSONAL JULIO'!B11,'NOMINA JULIO'!$BB$9:$BB$208,'PERSONAL JULIO'!C11) -> 1 | E11: =+C11*D11 -> 30 | F11: =G11/30 -> 116146.92 | G11: 3484407.6 | H11: =G11*D11 -> 3484407.6 | K11: =+C11*D11*F11 -> 3484407.6
A12: SEDE 2- DIRECCIÓN DISTRITAL DE ARCHIVO DE BOGOTA | B12: Operario de aseo y cafetería | C12: 19 | D12: =COUNTIFS('NOMINA JULIO'!$G$9:$G$208,'PERSONAL JULIO'!A12,'NOMINA JULIO'!$F$9:$F$208,'PERSONAL JULIO'!B12,'NOMINA JULIO'!$BB$9:$BB$208,'PERSONAL JULIO'!C12) -> 1 | E12: =+C12*D12 -> 19 | F12: =G12/30 -> 116146.92 | G12: 3484407.6 | H12: =G12*D12 -> 3484407.6 | K12: =+C12*D12*F12 -> 2206791.5 | L12: =K12+K13+K14+K72+K73+K97 -> 53892171 | M12: =L12*0.1 -> 5389217.1 | N12: =+M12*0.19 -> 1023951.2 | O12: =N12+M12+L12 -> 60305339
A13: SEDE 2- DIRECCIÓN DISTRITAL DE ARCHIVO DE BOGOTA | B13: Operario de aseo y cafetería | C13: 27 | D13: =COUNTIFS('NOMINA JULIO'!$G$9:$G$208,'PERSONAL JULIO'!A13,'NOMINA JULIO'!$F$9:$F$208,'PERSONAL JULIO'!B13,'NOMINA JULIO'!$BB$9:$BB$208,'PERSONAL JULIO'!C13) -> 1 | E13: =+C13*D13 -> 27 | F13: =G13/30 -> 116146.92 | G13: 3484407.6 | H13: =G13*D13 -> 3484407.6 | K13: =+C13*D13*F13 -> 3135966.8
A14: SEDE 2- DIRECCIÓN DISTRITAL DE ARCHIVO DE BOGOTA | B14: Operario de aseo y cafetería | C14: 30 | D14: =COUNTIFS('NOMINA JULIO'!$G$9:$G$208,'PERSONAL JULIO'!A14,'NOMINA JULIO'!$F$9:$F$208,'PERSONAL JULIO'!B14,'NOMINA JULIO'!$BB$9:$BB$208,'PERSONAL JULIO'!C14) -> 10 | E14: =+C14*D14 -> 300 | F14: =G14/30 -> 116146.92 | G14: 3484407.6 | H14: =G14*D14 -> 34844076 | K14: =+C14*D14*F14 -> 34844076
A15: SEDE 3 - IMPRENTA DISTRITAL | B15: Operario de aseo y cafetería | C15: 30 | D15: =COUNTIFS('NOMINA JULIO'!$G$9:$G$208,'PERSONAL JULIO'!A15,'NOMINA JULIO'!$F$9:$F$208,'PERSONAL JULIO'!B15,'NOMINA JULIO'!$BB$9:$BB$208,'PERSONAL JULIO'!C15) -> 2 | E15: =+C15*D15 -> 60 | F15: =G15/30 -> 116146.92 | G15: 3484407.6 | H15: =G15*D15 -> 6968815.2 | K15: =+C15*D15*F15 -> 6968815.2 | L15: =K15+K74+K98 -> 13937630 | M15: =L15*0.1 -> 1393763 | N15: =M15*0.19 -> 264814.98 | O15: =N15+M15+L15 -> 15596208
A16: SEDE 4 - SEDE ALTERNA RESTREPO | B16: Operario de aseo y cafetería | C16: 30 | D16: =COUNTIFS('NOMINA JULIO'!$G$9:$G$208,'PERSONAL JULIO'!A16,'NOMINA JULIO'!$F$9:$F$208,'PERSONAL JULIO'!B16,'NOMINA JULIO'!$BB$9:$BB$208,'PERSONAL JULIO'!C16) -> 2 | E16: =+C16*D16 -> 60 | F16: =G16/30 -> 116146.92 | G16: 3484407.6 | H16: =G16*D16 -> 6968815.2 | K16: =+C16*D16*F16 -> 6968815.2 | L16: =K16 -> 6968815.2 | M16: =L16*0.1 -> 696881.52 | N16: =M16*0.19 -> 132407.49 | O16: =N16+M16+L16 -> 7798104.2
A17: SEDE 5 - SUPERCADE CAD CARRERA | B17: Operario de aseo y cafetería | C17: 10 | D17: =COUNTIFS('NOMINA JULIO'!$G$9:$G$208,'PERSONAL JULIO'!A17,'NOMINA JULIO'!$F$9:$F$208,'PERSONAL JULIO'!B17,'NOMINA JULIO'!$BB$9:$BB$208,'PERSONAL JULIO'!C17) -> 1 | E17: =+C17*D17 -> 10 | F17: =G17/30 -> 116146.92 | G17: 3484407.6 | H17: =G17*D17 -> 3484407.6 | K17: =+C17*D17*F17 -> 1161469.2 | L17: =K17+K18+K19+K20+K21+K75 -> 41464450 | M17: =L17*0.1 -> 4146445 | N17: =M17*0.19 -> 787824.56 | O17: =N17+M17+L17 -> 46398720
A18: SEDE 5 - SUPERCADE CAD CARRERA | B18: Operario de aseo y cafetería | C18: 25 | D18: =COUNTIFS('NOMINA JULIO'!$G$9:$G$208,'PERSONAL JULIO'!A18,'NOMINA JULIO'!$F$9:$F$208,'PERSONAL JULIO'!B18,'NOMINA JULIO'!$BB$9:$BB$208,'PERSONAL JULIO'!C18) -> 1 | E18: =+C18*D18 -> 25 | F18: =G18/30 -> 116146.92 | G18: 3484407.6 | H18: =G18*D18 -> 3484407.6 | K18: =+C18*D18*F18 -> 2903673
A19: SEDE 5 - SUPERCADE CAD CARRERA | B19: Operario de aseo y cafetería | C19: 27 | D19: =COUNTIFS('NOMINA JULIO'!$G$9:$G$208,'PERSONAL JULIO'!A19,'NOMINA JULIO'!$F$9:$F$208,'PERSONAL JULIO'!B19,'NOMINA JULIO'!$BB$9:$BB$208,'PERSONAL JULIO'!C19) -> 2 | E19: =+C19*D19 -> 54 | F19: =G19/30 -> 116146.92 | G19: 3484407.6 | H19: =G19*D19 -> 6968815.2 | K19: =+C19*D19*F19 -> 6271933.7
A20: SEDE 5 - SUPERCADE CAD CARRERA | B20: Operario de aseo y cafetería | C20: 28 | D20: =COUNTIFS('NOMINA JULIO'!$G$9:$G$208,'PERSONAL JULIO'!A20,'NOMINA JULIO'!$F$9:$F$208,'PERSONAL JULIO'!B20,'NOMINA JULIO'!$BB$9:$BB$208,'PERSONAL JULIO'!C20) -> 1 | E20: =+C20*D20 -> 28 | F20: =G20/30 -> 116146.92 | G20: 3484407.6 | H20: =G20*D20 -> 3484407.6 | K20: =+C20*D20*F20 -> 3252113.8
A21: SEDE 5 - SUPERCADE CAD CARRERA | B21: Operario de aseo y cafetería | C21: 30 | D21: =COUNTIFS('NOMINA JULIO'!$G$9:$G$208,'PERSONAL JULIO'!A21,'NOMINA JULIO'!$F$9:$F$208,'PERSONAL JULIO'!B21,'NOMINA JULIO'!$BB$9:$BB$208,'PERSONAL JULIO'!C21) -> 6 | E21: =+C21*D21 -> 180 | F21: =G21/30 -> 116146.92 | G21: 3484407.6 | H21: =G21*D21 -> 20906446 | K21: =+C21*D21*F21 -> 20906446
A22: SEDE 6 - SUPERCADE AMERICAS | B22: Operario de aseo y cafetería | C22: 29 | D22: =COUNTIFS('NOMINA JULIO'!$G$9:$G$208,'PERSONAL JULIO'!A22,'NOMINA JULIO'!$F$9:$F$208,'PERSONAL JULIO'!B22,'NOMINA JULIO'!$BB$9:$BB$208,'PERSONAL JULIO'!C22) -> 1 | E22: =+C22*D22 -> 29 | F22: =G22/30 -> 116146.92 | G22: 3484407.6 | H22: =G22*D22 -> 3484407.6 | K22: =+C22*D22*F22 -> 3368260.7 | L22: =K22+K23+K76 -> 34727929 | M22: =L22*0.1 -> 3472792.9 | N22: =M22*0.19 -> 659830.65 | O22: =N22+M22+L22 -> 38860553
A23: SEDE 6 - SUPERCADE AMERICAS | B23: Operario de aseo y cafetería | C23: 30 | D23: =COUNTIFS('NOMINA JULIO'!$G$9:$G$208,'PERSONAL JULIO'!A23,'NOMINA JULIO'!$F$9:$F$208,'PERSONAL JULIO'!B23,'NOMINA JULIO'!$BB$9:$BB$208,'PERSONAL JULIO'!C23) -> 7 | E23: =+C23*D23 -> 210 | F23: =G23/30 -> 116146.92 | G23: 3484407.6 | H23: =G23*D23 -> 24390853 | K23: =+C23*D23*F23 -> 24390853
A24: SEDE 7 - SUPERCADE BOSA | B24: Operario de aseo y cafetería | C24: 27 | D24: =COUNTIFS('NOMINA JULIO'!$G$9:$G$208,'PERSONAL JULIO'!A24,'NOMINA JULIO'!$F$9:$F$208,'PERSONAL JULIO'!B24,'NOMINA JULIO'!$BB$9:$BB$208,'PERSONAL JULIO'!C24) -> 1 | E24: =+C24*D24 -> 27 | F24: =G24/30 -> 116146.92 | G24: 3484407.6 | H24: =G24*D24 -> 3484407.6 | K24: =+C24*D24*F24 -> 3135966.8 | L24: =K25+K24+K77+K78 -> 30778934 | M24: =L24*0.1 -> 3077893.4 | N24: =M24*0.19 -> 584799.74 | O24: =N24+M24+L24 -> 34441627
A25: SEDE 7 - SUPERCADE BOSA | B25: Operario de aseo y cafetería | C25: 30 | D25: =COUNTIFS('NOMINA JULIO'!$G$9:$G$208,'PERSONAL JULIO'!A25,'NOMINA JULIO'!$F$9:$F$208,'PERSONAL JULIO'!B25,'NOMINA JULIO'!$BB$9:$BB$208,'PERSONAL JULIO'!C25) -> 6 | E25: =+C25*D25 -> 180 | F25: =G25/30 -> 116146.92 | G25: 3484407.6 | H25: =G25*D25 -> 20906446 | K25: =+C25*D25*F25 -> 20906446
A26: SEDE 8 - SUPERCADE CALLE 13 | B26: Operario de aseo y cafetería | C26: 6 | D26: =COUNTIFS('NOMINA JULIO'!$G$9:$G$208,'PERSONAL JULIO'!A26,'NOMINA JULIO'!$F$9:$F$208,'PERSONAL JULIO'!B26,'NOMINA JULIO'!$BB$9:$BB$208,'PERSONAL JULIO'!C26) -> 1 | E26: =+C26*D26 -> 6 | F26: =G26/30 -> 116146.92 | G26: 3484407.6 | H26: =G26*D26 -> 3484407.6 | K26: =+C26*D26*F26 -> 696881.52 | L26: =K26+K27+K28+K79 -> 8478725.1 | M26: =L26*0.1 -> 847872.51 | N26: =M26*0.19 -> 161095.78 | O26: =N26+M26+L26 -> 9487693.4
A27: SEDE 8 - SUPERCADE CALLE 13 | B27: Operario de aseo y cafetería | C27: 7 | D27: =COUNTIFS('NOMINA JULIO'!$G$9:$G$208,'PERSONAL JULIO'!A27,'NOMINA JULIO'!$F$9:$F$208,'PERSONAL JULIO'!B27,'NOMINA JULIO'!$BB$9:$BB$208,'PERSONAL JULIO'!C27) -> 1 | E27: =+C27*D27 -> 7 | F27: =G27/30 -> 116146.92 | G27: 3484407.6 | H27: =G27*D27 -> 3484407.6 | K27: =+C27*D27*F27 -> 813028.44
A28: SEDE 8 - SUPERCADE CALLE 13 | B28: Operario de aseo y cafetería | C28: 30 | D28: =COUNTIFS('NOMINA JULIO'!$G$9:$G$208,'PERSONAL JULIO'!A28,'NOMINA JULIO'!$F$9:$F$208,'PERSONAL JULIO'!B28,'NOMINA JULIO'!$BB$9:$BB$208,'PERSONAL JULIO'!C28) -> 1 | E28: =+C28*D28 -> 30 | F28: =G28/30 -> 116146.92 | G28: 3484407.6 | H28: =G28*D28 -> 3484407.6 | K28: =+C28*D28*F28 -> 3484407.6
A29: SEDE 9 - SUPERCADE 20 DE JULIO | B29: Operario de aseo y cafetería | C29: 30 | D29: =COUNTIFS('NOMINA JULIO'!$G$9:$G$208,'PERSONAL JULIO'!A29,'NOMINA JULIO'!$F$9:$F$208,'PERSONAL JULIO'!B29,'NOMINA JULIO'!$BB$9:$BB$208,'PERSONAL JULIO'!C29) -> 6 | E29: =+C29*D29 -> 180 | F29: =G29/30 -> 116146.92 | G29: 3484407.6 | H29: =G29*D29 -> 20906446 | K29: =+C29*D29*F29 -> 20906446 | L29: =K29+K80 -> 27875261 | M29: =L29*0.1 -> 2787526.1 | N29: =M29*0.19 -> 529629.95 | O29: =N29+M29+L29 -> 31192417
A30: SEDE 10 - SUPERCADE MANITAS | B30: Operario de aseo y cafetería | C30: 28 | D30: =COUNTIFS('NOMINA JULIO'!$G$9:$G$208,'PERSONAL JULIO'!A30,'NOMINA JULIO'!$F$9:$F$208,'PERSONAL JULIO'!B30,'NOMINA JULIO'!$BB$9:$BB$208,'PERSONAL JULIO'!C30) -> 1 | E30: =+C30*D30 -> 28 | F30: =G30/30 -> 116146.92 | G30: 3484407.6 | H30: =G30*D30 -> 3484407.6 | K30: =+C30*D30*F30 -> 3252113.8 | L30: =K30+K31+K81+K82+K108 -> 44948858 | M30: =L30*0.1 -> 4494885.8 | N30: =M30*0.19 -> 854028.3 | O30: =N30+M30+L30 -> 50297772
A31: SEDE 10 - SUPERCADE MANITAS | B31: Operario de aseo y cafetería | C31: 30 | D31: =COUNTIFS('NOMINA JULIO'!$G$9:$G$208,'PERSONAL JULIO'!A31,'NOMINA JULIO'!$F$9:$F$208,'PERSONAL JULIO'!B31,'NOMINA JULIO'!$BB$9:$BB$208,'PERSONAL JULIO'!C31) -> 8 | E31: =+C31*D31 -> 240 | F31: =G31/30 -> 116146.92 | G31: 3484407.6 | H31: =G31*D31 -> 27875261 | K31: =+C31*D31*F31 -> 27875261
A32: SEDE 11 - SUPERCADE SUBA | B32: Operario de aseo y cafetería | C32: 26 | D32: =COUNTIFS('NOMINA JULIO'!$G$9:$G$208,'PERSONAL JULIO'!A32,'NOMINA JULIO'!$F$9:$F$208,'PERSONAL JULIO'!B32,'NOMINA JULIO'!$BB$9:$BB$208,'PERSONAL JULIO'!C32) -> 1 | E32: =+C32*D32 -> 26 | F32: =G32/30 -> 116146.92 | G32: 3484407.6 | H32: =G32*D32 -> 3484407.6 | K32: =+C32*D32*F32 -> 3019819.9 | L32: =K32+K33+K34+K35+K83+K109 -> 47968678 | M32: =L32*0.1 -> 4796867.8 | N32: =M32*0.19 -> 911404.88 | O32: =N32+M32+L32 -> 53676951
A33: SEDE 11 - SUPERCADE SUBA | B33: Operario de aseo y cafetería | C33: 29 | D33: =COUNTIFS('NOMINA JULIO'!$G$9:$G$208,'PERSONAL JULIO'!A33,'NOMINA JULIO'!$F$9:$F$208,'PERSONAL JULIO'!B33,'NOMINA JULIO'!$BB$9:$BB$208,'PERSONAL JULIO'!C33) -> 1 | E33: =+C33*D33 -> 29 | F33: =G33/30 -> 116146.92 | G33: 3484407.6 | H33: =G33*D33 -> 3484407.6 | K33: =+C33*D33*F33 -> 3368260.7
A34: SEDE 11 - SUPERCADE SUBA | B34: Operario de aseo y cafetería | C34: 30 | D34: =COUNTIFS('NOMINA JULIO'!$G$9:$G$208,'PERSONAL JULIO'!A34,'NOMINA JULIO'!$F$9:$F$208,'PERSONAL JULIO'!B34,'NOMINA JULIO'!$BB$9:$BB$208,'PERSONAL JULIO'!C34) -> 8 | E34: =+C34*D34 -> 240 | F34: =G34/30 -> 116146.92 | G34: 3484407.6 | H34: =G34*D34 -> 27875261 | K34: =+C34*D34*F34 -> 27875261
A35: SEDE 11 - SUPERCADE SUBA | B35: Supernumeraria Aseo Y Cafeteria | C35: 28 | D35: =COUNTIFS('NOMINA JULIO'!$G$9:$G$208,'PERSONAL JULIO'!A35,'NOMINA JULIO'!$F$9:$F$208,'PERSONAL JULIO'!B35,'NOMINA JULIO'!$BB$9:$BB$208,'PERSONAL JULIO'!C35) -> 1 | E35: =+C35*D35 -> 28 | F35: =G35/30 -> 116146.92 | G35: 3484407.6 | H35: =G35*D35 -> 3484407.6 | K35: =+C35*D35*F35 -> 3252113.8
A36: SEDE 12 - SUPERCADE SOCIAL | B36: Operario de aseo y cafetería | C36: 30 | D36: =COUNTIFS('NOMINA JULIO'!$G$9:$G$208,'PERSONAL JULIO'!A36,'NOMINA JULIO'!$F$9:$F$208,'PERSONAL JULIO'!B36,'NOMINA JULIO'!$BB$9:$BB$208,'PERSONAL JULIO'!C36) -> 2 | E36: =+C36*D36 -> 60 | F36: =G36/30 -> 116146.92 | G36: 3484407.6 | H36: =G36*D36 -> 6968815.2 | K36: =+C36*D36*F36 -> 6968815.2 | L36: =K36 -> 6968815.2 | M36: =L36*0.1 -> 696881.52 | N36: =M36*0.19 -> 132407.49 | O36: =N36+M36+L36 -> 7798104.2
A37: SEDE 13 - CADE SERVITA | B37: Operario de aseo y cafetería | C37: 25 | D37: =COUNTIFS('NOMINA JULIO'!$G$9:$G$208,'PERSONAL JULIO'!A37,'NOMINA JULIO'!$F$9:$F$208,'PERSONAL JULIO'!B37,'NOMINA JULIO'!$BB$9:$BB$208,'PERSONAL JULIO'!C37) -> 1 | E37: =+C37*D37 -> 25 | F37: =G37/30 -> 116146.92 | G37: 3484407.6 | H37: =G37*D37 -> 3484407.6 | K37: =+C37*D37*F37 -> 2903673 | L37: =K37+K38 -> 6388080.6 | M37: =L37*0.1 -> 638808.06 | N37: =M37*0.19 -> 121373.53 | O37: =N37+M37+L37 -> 7148262.2
A38: SEDE 13 - CADE SERVITA | B38: Operario de aseo y cafetería | C38: 30 | D38: =COUNTIFS('NOMINA JULIO'!$G$9:$G$208,'PERSONAL JULIO'!A38,'NOMINA JULIO'!$F$9:$F$208,'PERSONAL JULIO'!B38,'NOMINA JULIO'!$BB$9:$BB$208,'PERSONAL JULIO'!C38) -> 1 | E38: =+C38*D38 -> 30 | F38: =G38/30 -> 116146.92 | G38: 3484407.6 | H38: =G38*D38 -> 3484407.6 | K38: =+C38*D38*F38 -> 3484407.6
A39: SEDE 14 - CADE LA VICTORIA | B39: Operario de aseo y cafetería | C39: 29 | D39: =COUNTIFS('NOMINA JULIO'!$G$9:$G$208,'PERSONAL JULIO'!A39,'NOMINA JULIO'!$F$9:$F$208,'PERSONAL JULIO'!B39,'NOMINA JULIO'!$BB$9:$BB$208,'PERSONAL JULIO'!C39) -> 1 | E39: =+C39*D39 -> 29 | F39: =G39/30 -> 116146.92 | G39: 3484407.6 | H39: =G39*D39 -> 3484407.6 | K39: =+C39*D39*F39 -> 3368260.7 | L39: =K39+K40+K84 -> 10337076 | M39: =L39*0.1 -> 1033707.6 | N39: =M39*0.19 -> 196404.44 | O39: =N39+M39+L39 -> 11567188
A40: SEDE 14 - CADE LA VICTORIA | B40: Operario de aseo y cafetería | C40: 30 | D40: =COUNTIFS('NOMINA JULIO'!$G$9:$G$208,'PERSONAL JULIO'!A40,'NOMINA JULIO'!$F$9:$F$208,'PERSONAL JULIO'!B40,'NOMINA JULIO'!$BB$9:$BB$208,'PERSONAL JULIO'!C40) -> 1 | E40: =+C40*D40 -> 30 | F40: =G40/30 -> 116146.92 | G40: 3484407.6 | H40: =G40*D40 -> 3484407.6 | K40: =+C40*D40*F40 -> 3484407.6
A41: SEDE 15 - CADE LA GAITANA | B41: Operario de aseo y cafetería | C41: 30 | D41: =COUNTIFS('NOMINA JULIO'!$G$9:$G$208,'PERSONAL JULIO'!A41,'NOMINA JULIO'!$F$9:$F$208,'PERSONAL JULIO'!B41,'NOMINA JULIO'!$BB$9:$BB$208,'PERSONAL JULIO'!C41) -> 2 | E41: =+C41*D41 -> 60 | F41: =G41/30 -> 116146.92 | G41: 3484407.6 | H41: =G41*D41 -> 6968815.2 | K41: =+C41*D41*F41 -> 6968815.2 | L41: =K41+K85 -> 10453223 | M41: =L41*0.1 -> 1045322.3 | N41: =M41*0.19 -> 198611.23 | O41: =N41+M41+L41 -> 11697156
A42: SEDE 16 - SUPERCADE ENGATIVA | B42: Operario de aseo y cafetería | C42: 16 | D42: =COUNTIFS('NOMINA JULIO'!$G$9:$G$208,'PERSONAL JULIO'!A42,'NOMINA JULIO'!$F$9:$F$208,'PERSONAL JULIO'!B42,'NOMINA JULIO'!$BB$9:$BB$208,'PERSONAL JULIO'!C42) -> 1 | E42: =+C42*D42 -> 16 | F42: =G42/30 -> 116146.92 | G42: 3484407.6 | H42: =G42*D42 -> 3484407.6 | K42: =+C42*D42*F42 -> 1858350.7 | L42: =K42+K43+K44+K45+K46+K86+K87 -> 19396536 | M42: =L42*0.1 -> 1939653.6 | N42: =M42*0.19 -> 368534.18 | O42: =N42+M42+L42 -> 21704723
A43: SEDE 16 - SUPERCADE ENGATIVA | B43: Operario de aseo y cafetería | C43: 20 | D43: =COUNTIFS('NOMINA JULIO'!$G$9:$G$208,'PERSONAL JULIO'!A43,'NOMINA JULIO'!$F$9:$F$208,'PERSONAL JULIO'!B43,'NOMINA JULIO'!$BB$9:$BB$208,'PERSONAL JULIO'!C43) -> 1 | E43: =+C43*D43 -> 20 | F43: =G43/30 -> 116146.92 | G43: 3484407.6 | H43: =G43*D43 -> 3484407.6 | K43: =+C43*D43*F43 -> 2322938.4
A44: SEDE 16 - SUPERCADE ENGATIVA | B44: Operario de aseo y cafetería | C44: 21 | D44: =COUNTIFS('NOMINA JULIO'!$G$9:$G$208,'PERSONAL JULIO'!A44,'NOMINA JULIO'!$F$9:$F$208,'PERSONAL JULIO'!B44,'NOMINA JULIO'!$BB$9:$BB$208,'PERSONAL JULIO'!C44) -> 1 | E44: =+C44*D44 -> 21 | F44: =G44/30 -> 116146.92 | G44: 3484407.6 | H44: =G44*D44 -> 3484407.6 | K44: =+C44*D44*F44 -> 2439085.3
A45: SEDE 16 - SUPERCADE ENGATIVA | B45: Operario de aseo y cafetería | C45: 27 | D45: =COUNTIFS('NOMINA JULIO'!$G$9:$G$208,'PERSONAL JULIO'!A45,'NOMINA JULIO'!$F$9:$F$208,'PERSONAL JULIO'!B45,'NOMINA JULIO'!$BB$9:$BB$208,'PERSONAL JULIO'!C45) -> 1 | E45: =+C45*D45 -> 27 | F45: =G45/30 -> 116146.92 | G45: 3484407.6 | H45: =G45*D45 -> 3484407.6 | K45: =+C45*D45*F45 -> 3135966.8
A46: SEDE 16 - SUPERCADE ENGATIVA | B46: Operario de aseo y cafetería | C46: 30 | D46: =COUNTIFS('NOMINA JULIO'!$G$9:$G$208,'PERSONAL JULIO'!A46,'NOMINA JULIO'!$F$9:$F$208,'PERSONAL JULIO'!B46,'NOMINA JULIO'!$BB$9:$BB$208,'PERSONAL JULIO'!C46) -> 1 | E46: =+C46*D46 -> 30 | F46: =G46/30 -> 116146.92 | G46: 3484407.6 | H46: =G46*D46 -> 3484407.6 | K46: =+C46*D46*F46 -> 3484407.6
A47: SEDE 17 - CADE LUCEROS | B47: Operario de aseo y cafetería | C47: 30 | D47: =COUNTIFS('NOMINA JULIO'!$G$9:$G$208,'PERSONAL JULIO'!A47,'NOMINA JULIO'!$F$9:$F$208,'PERSONAL JULIO'!B47,'NOMINA JULIO'!$BB$9:$BB$208,'PERSONAL JULIO'!C47) -> 1 | E47: =+C47*D47 -> 30 | F47: =G47/30 -> 116146.92 | G47: 3484407.6 | H47: =G47*D47 -> 3484407.6 | K47: =+C47*D47*F47 -> 3484407.6 | L47: =K47 -> 3484407.6 | M47: =L47*0.1 -> 348440.76 | N47: =M47*0.19 -> 66203.744 | O47: =N47+M47+L47 -> 3899052.1
A48: SEDE 18 - CENTRO DE MEMORIA, PAZ Y RECONCILIACIÓN | B48: Operario de aseo y cafetería | C48: 28 | D48: =COUNTIFS('NOMINA JULIO'!$G$9:$G$208,'PERSONAL JULIO'!A48,'NOMINA JULIO'!$F$9:$F$208,'PERSONAL JULIO'!B48,'NOMINA JULIO'!$BB$9:$BB$208,'PERSONAL JULIO'!C48) -> 1 | E48: =+C48*D48 -> 28 | F48: =G48/30 -> 116146.92 | G48: 3484407.6 | H48: =G48*D48 -> 3484407.6 | K48: =+C48*D48*F48 -> 3252113.8 | L48: =K48+K49+K88+K99+K110 -> 27642967 | M48: =L48*0.1 -> 2764296.7 | N48: =M48*0.19 -> 525216.37 | O48: =N48+M48+L48 -> 30932480
A49: SEDE 18 - CENTRO DE MEMORIA, PAZ Y RECONCILIACIÓN | B49: Operario de aseo y cafetería | C49: 30 | D49: =COUNTIFS('NOMINA JULIO'!$G$9:$G$208,'PERSONAL JULIO'!A49,'NOMINA JULIO'!$F$9:$F$208,'PERSONAL JULIO'!B49,'NOMINA JULIO'!$BB$9:$BB$208,'PERSONAL JULIO'!C49) -> 3 | E49: =+C49*D49 -> 90 | F49: =G49/30 -> 116146.92 | G49: 3484407.6 | H49: =G49*D49 -> 10453223 | K49: =+C49*D49*F49 -> 10453223
A50: SEDE 19 - CENTRO DE ENCUENTRO BOSA | B50: Operario de aseo y cafetería | C50: 24 | D50: =COUNTIFS('NOMINA JULIO'!$G$9:$G$208,'PERSONAL JULIO'!A50,'NOMINA JULIO'!$F$9:$F$208,'PERSONAL JULIO'!B50,'NOMINA JULIO'!$BB$9:$BB$208,'PERSONAL JULIO'!C50) -> 1 | E50: =+C50*D50 -> 24 | F50: =G50/30 -> 116146.92 | G50: 3484407.6 | H50: =G50*D50 -> 3484407.6 | K50: =+C50*D50*F50 -> 2787526.1 | L50: =K50+K51+K89+K100 -> 16725156 | M50: =L50*0.1 -> 1672515.6 | N50: =M50*0.19 -> 317777.97 | O50: =N50+M50+L50 -> 18715450
A51: SEDE 19 - CENTRO DE ENCUENTRO BOSA | B51: Operario de aseo y cafetería | C51: 30 | D51: =COUNTIFS('NOMINA JULIO'!$G$9:$G$208,'PERSONAL JULIO'!A51,'NOMINA JULIO'!$F$9:$F$208,'PERSONAL JULIO'!B51,'NOMINA JULIO'!$BB$9:$BB$208,'PERSONAL JULIO'!C51) -> 2 | E51: =+C51*D51 -> 60 | F51: =G51/30 -> 116146.92 | G51: 3484407.6 | H51: =G51*D51 -> 6968815.2 | K51: =+C51*D51*F51 -> 6968815.2
A52: SEDE 21 - CENTRO DE ENCUENTRO CIUDAD BOLIVAR | B52: Operario de aseo y cafetería | C52: 30 | D52: =COUNTIFS('NOMINA JULIO'!$G$9:$G$208,'PERSONAL JULIO'!A52,'NOMINA JULIO'!$F$9:$F$208,'PERSONAL JULIO'!B52,'NOMINA JULIO'!$BB$9:$BB$208,'PERSONAL JULIO'!C52) -> 2 | E52: =+C52*D52 -> 60 | F52: =G52/30 -> 116146.92 | G52: 3484407.6 | H52: =G52*D52 -> 6968815.2 | K52: =+C52*D52*F52 -> 6968815.2 | L52: =K52 -> 6968815.2 | M52: =L52*0.1 -> 696881.52 | N52: =M52*0.19 -> 132407.49 | O52: =N52+M52+L52+O47 -> 11697156
A53: SEDE 22 - CENTRO DE ENCUENTRO KENNEDY PATIO BONITO | B53: Operario de aseo y cafetería | C53: 30 | D53: =COUNTIFS('NOMINA JULIO'!$G$9:$G$208,'PERSONAL JULIO'!A53,'NOMINA JULIO'!$F$9:$F$208,'PERSONAL JULIO'!B53,'NOMINA JULIO'!$BB$9:$BB$208,'PERSONAL JULIO'!C53) -> 3 | E53: =+C53*D53 -> 90 | F53: =G53/30 -> 116146.92 | G53: 3484407.6 | H53: =G53*D53 -> 10453223 | K53: =+C53*D53*F53 -> 10453223 | L53: =K53 -> 10453223 | M53: =L53*0.1 -> 1045322.3 | N53: =M53*0.19 -> 198611.23 | O53: =N53+M53+L53 -> 11697156
A54: SEDE 23 - CENTRO DE ENCUENTRO RAFAEL URIBE | B54: Operario de aseo y cafetería | C54: 9 | D54: =COUNTIFS('NOMINA JULIO'!$G$9:$G$208,'PERSONAL JULIO'!A54,'NOMINA JULIO'!$F$9:$F$208,'PERSONAL JULIO'!B54,'NOMINA JULIO'!$BB$9:$BB$208,'PERSONAL JULIO'!C54) -> 1 | E54: =+C54*D54 -> 9 | F54: =G54/30 -> 116146.92 | G54: 3484407.6 | H54: =G54*D54 -> 3484407.6 | K54: =+C54*D54*F54 -> 1045322.3 | L54: =K54+K55+K56+K57+K58+K59+K91 -> 18235066 | M54: =L54*0.1 -> 1823506.6 | N54: =M54*0.19 -> 346466.26 | O54: =N54+M54+L54 -> 20405039
A55: SEDE 23 - CENTRO DE ENCUENTRO RAFAEL URIBE | B55: Operario de aseo y cafetería | C55: 11 | D55: =COUNTIFS('NOMINA JULIO'!$G$9:$G$208,'PERSONAL JULIO'!A55,'NOMINA JULIO'!$F$9:$F$208,'PERSONAL JULIO'!B55,'NOMINA JULIO'!$BB$9:$BB$208,'PERSONAL JULIO'!C55) -> 1 | E55: =+C55*D55 -> 11 | F55: =G55/30 -> 116146.92 | G55: 3484407.6 | H55: =G55*D55 -> 3484407.6 | K55: =+C55*D55*F55 -> 1277616.1
A56: SEDE 23 - CENTRO DE ENCUENTRO RAFAEL URIBE | B56: Operario de aseo y cafetería | C56: 21 | D56: =COUNTIFS('NOMINA JULIO'!$G$9:$G$208,'PERSONAL JULIO'!A56,'NOMINA JULIO'!$F$9:$F$208,'PERSONAL JULIO'!B56,'NOMINA JULIO'!$BB$9:$BB$208,'PERSONAL JULIO'!C56) -> 1 | E56: =+C56*D56 -> 21 | F56: =G56/30 -> 116146.92 | G56: 3484407.6 | H56: =G56*D56 -> 3484407.6 | K56: =+C56*D56*F56 -> 2439085.3
A57: SEDE 23 - CENTRO DE ENCUENTRO RAFAEL URIBE | B57: Operario de aseo y cafetería | C57: 26 | D57: =COUNTIFS('NOMINA JULIO'!$G$9:$G$208,'PERSONAL JULIO'!A57,'NOMINA JULIO'!$F$9:$F$208,'PERSONAL JULIO'!B57,'NOMINA JULIO'!$BB$9:$BB$208,'PERSONAL JULIO'!C57) -> 1 | E57: =+C57*D57 -> 26 | F57: =G57/30 -> 116146.92 | G57: 3484407.6 | H57: =G57*D57 -> 3484407.6 | K57: =+C57*D57*F57 -> 3019819.9
A58: SEDE 23 - CENTRO DE ENCUENTRO RAFAEL URIBE | B58: Operario de aseo y cafetería | C58: 30 | D58: =COUNTIFS('NOMINA JULIO'!$G$9:$G$208,'PERSONAL JULIO'!A58,'NOMINA JULIO'!$F$9:$F$208,'PERSONAL JULIO'!B58,'NOMINA JULIO'!$BB$9:$BB$208,'PERSONAL JULIO'!C58) -> 1 | E58: =+C58*D58 -> 30 | F58: =G58/30 -> 116146.92 | G58: 3484407.6 | H58: =G58*D58 -> 3484407.6 | K58: =+C58*D58*F58 -> 3484407.6
A59: SEDE 23 - CENTRO DE ENCUENTRO RAFAEL URIBE | B59: Supernumeraria Aseo Y Cafeteria | C59: 30 | D59: =COUNTIFS('NOMINA JULIO'!$G$9:$G$208,'PERSONAL JULIO'!A59,'NOMINA JULIO'!$F$9:$F$208,'PERSONAL JULIO'!B59,'NOMINA JULIO'!$BB$9:$BB$208,'PERSONAL JULIO'!C59) -> 1 | E59: =+C59*D59 -> 30 | F59: =G59/30 -> 116146.92 | G59: 3484407.6 | H59: =G59*D59 -> 3484407.6 | K59: =+C59*D59*F59 -> 3484407.6
A60: SEDE 24 - CENTRO DE ENCUENTRO SUBA | B60: Operario de aseo y cafetería | C60: 28 | D60: =COUNTIFS('NOMINA JULIO'!$G$9:$G$208,'PERSONAL JULIO'!A60,'NOMINA JULIO'!$F$9:$F$208,'PERSONAL JULIO'!B60,'NOMINA JULIO'!$BB$9:$BB$208,'PERSONAL JULIO'!C60) -> 1 | E60: =+C60*D60 -> 28 | F60: =G60/30 -> 116146.92 | G60: 3484407.6 | H60: =G60*D60 -> 3484407.6 | K60: =+C60*D60*F60 -> 3252113.8 | L60: =K60+K61 -> 6736521.4 | M60: =L60*0.1 -> 673652.14 | N60: =M60*0.19 -> 127993.91 | O60: =N60+M60+L60 -> 7538167.4
A61: SEDE 24 - CENTRO DE ENCUENTRO SUBA | B61: Operario de aseo y cafetería | C61: 30 | D61: =COUNTIFS('NOMINA JULIO'!$G$9:$G$208,'PERSONAL JULIO'!A61,'NOMINA JULIO'!$F$9:$F$208,'PERSONAL JULIO'!B61,'NOMINA JULIO'!$BB$9:$BB$208,'PERSONAL JULIO'!C61) -> 1 | E61: =+C61*D61 -> 30 | F61: =G61/30 -> 116146.92 | G61: 3484407.6 | H61: =G61*D61 -> 3484407.6 | K61: =+C61*D61*F61 -> 3484407.6
A62: SEDE 25 - SEDE YOMASA | B62: Operario de aseo y cafetería | C62: 30 | D62: =COUNTIFS('NOMINA JULIO'!$G$9:$G$208,'PERSONAL JULIO'!A62,'NOMINA JULIO'!$F$9:$F$208,'PERSONAL JULIO'!B62,'NOMINA JULIO'!$BB$9:$BB$208,'PERSONAL JULIO'!C62) -> 3 | E62: =+C62*D62 -> 90 | F62: =G62/30 -> 116146.92 | G62: 3484407.6 | H62: =G62*D62 -> 10453223 | K62: =+C62*D62*F62 -> 10453223 | L62: =K62+K92+K101 -> 16609010 | M62: =L62*0.1 -> 1660901 | N62: =M62*0.19 -> 315571.18 | O62: =N62+M62+L62 -> 18585482
A63: SEDE - CADE MUZÚ | B63: Operario de aseo y cafetería | C63: 30 | D63: =COUNTIFS('NOMINA JULIO'!$G$9:$G$208,'PERSONAL JULIO'!A63,'NOMINA JULIO'!$F$9:$F$208,'PERSONAL JULIO'!B63,'NOMINA JULIO'!$BB$9:$BB$208,'PERSONAL JULIO'!C63) -> 1 | E63: =+C63*D63 -> 30 | F63: =G63/30 -> 116146.92 | G63: 3484407.6 | H63: =G63*D63 -> 3484407.6 | K63: =+C63*D63*F63 -> 3484407.6
A64: SEDE - CADE KENEDDY | B64: Operario de aseo y cafetería | C64: 28 | D64: =COUNTIFS('NOMINA JULIO'!$G$9:$G$208,'PERSONAL JULIO'!A64,'NOMINA JULIO'!$F$9:$F$208,'PERSONAL JULIO'!B64,'NOMINA JULIO'!$BB$9:$BB$208,'PERSONAL JULIO'!C64) -> 1 | E64: =+C64*D64 -> 28 | F64: =G64/30 -> 116146.92 | G64: 3484407.6 | H64: =G64*D64 -> 3484407.6 | K64: =+C64*D64*F64 -> 3252113.8
A65: SEDE - CADE KENEDDY | B65: Operario de aseo y cafetería | C65: 30 | D65: =COUNTIFS('NOMINA JULIO'!$G$9:$G$208,'PERSONAL JULIO'!A65,'NOMINA JULIO'!$F$9:$F$208,'PERSONAL JULIO'!B65,'NOMINA JULIO'!$BB$9:$BB$208,'PERSONAL JULIO'!C65) -> 1 | E65: =+C65*D65 -> 30 | F65: =G65/30 -> 116146.92 | G65: 3484407.6 | H65: =G65*D65 -> 3484407.6 | K65: =+C65*D65*F65 -> 3484407.6
A66: CADE SANTA HELENITA | B66: Operario de aseo y cafetería | C66: 30 | D66: =COUNTIFS('NOMINA JULIO'!$G$9:$G$208,'PERSONAL JULIO'!A66,'NOMINA JULIO'!$F$9:$F$208,'PERSONAL JULIO'!B66,'NOMINA JULIO'!$BB$9:$BB$208,'PERSONAL JULIO'!C66) -> 2 | E66: =+C66*D66 -> 60 | F66: =G66/30 -> 116146.92 | G66: 3484407.6 | H66: =G66*D66 -> 6968815.2 | K66: =+C66*D66*F66 -> 6968815.2
A67: TOTAL OPERARIOS TIEMPO COMPLETO | K67: =SUM(K5:K66) -> 4.8386807e+08 | L67: =SUM(L5:L66) -> 6.5634624e+08 | M67: =SUM(M5:M66) -> 65634624 | N67: =SUM(N5:N66) -> 12470579 | O67: =SUM(O5:O66) -> 7.383505e+08
A68: VALOR OPERARIOS MANTENIMIENTO TIEMPO COMPLETO
A69: Regional/Sede | C69: Dias Trab. | D69: Cantidad Op | E69: Total Dias | F69: Valor Dia | G69: Nuevo precio cláusula 8 | H69: Valor Mensual / Valor X Unidad | I69: Recargo por Trabajo nocturno, extra, dominical y festivo | J69: Recargo por dotación especial | K69: Valor Total
A70: SEDE 1 - MANZANA LIEVANO - ALCALDÍA MAYOR | B70: Operario de mantenimiento | C70: 28 | D70: =COUNTIFS('NOMINA JULIO'!$G$9:$G$208,'PERSONAL JULIO'!A70,'NOMINA JULIO'!$F$9:$F$208,'PERSONAL JULIO'!B70,'NOMINA JULIO'!$BB$9:$BB$208,'PERSONAL JULIO'!C70) -> 2 | E70: =+C70*D70 -> 56 | F70: =G70/30 -> 116146.92 | G70: 3484407.6 | H70: =G70*D70 -> 6968815.2 | K70: =+C70*D70*F70 -> 6504227.5
A71: SEDE 1 - MANZANA LIEVANO - ALCALDÍA MAYOR | B71: Operario de mantenimiento | C71: 30 | D71: =COUNTIFS('NOMINA JULIO'!$G$9:$G$208,'PERSONAL JULIO'!A71,'NOMINA JULIO'!$F$9:$F$208,'PERSONAL JULIO'!B71,'NOMINA JULIO'!$BB$9:$BB$208,'PERSONAL JULIO'!C71) -> 10 | E71: =+C71*D71 -> 300 | F71: =G71/30 -> 116146.92 | G71: 3484407.6 | H71: =G71*D71 -> 34844076 | K71: =+C71*D71*F71 -> 34844076
A72: SEDE 2- DIRECCIÓN DISTRITAL DE ARCHIVO DE BOGOTA | B72: Operario de mantenimiento | C72: 28 | D72: =COUNTIFS('NOMINA JULIO'!$G$9:$G$208,'PERSONAL JULIO'!A72,'NOMINA JULIO'!$F$9:$F$208,'PERSONAL JULIO'!B72,'NOMINA JULIO'!$BB$9:$BB$208,'PERSONAL JULIO'!C72) -> 1 | E72: =+C72*D72 -> 28 | F72: =G72/30 -> 116146.92 | G72: 3484407.6 | H72: =G72*D72 -> 3484407.6 | K72: =+C72*D72*F72 -> 3252113.8
A73: SEDE 2- DIRECCIÓN DISTRITAL DE ARCHIVO DE BOGOTA | B73: Operario de mantenimiento | C73: 30 | D73: =COUNTIFS('NOMINA JULIO'!$G$9:$G$208,'PERSONAL JULIO'!A73,'NOMINA JULIO'!$F$9:$F$208,'PERSONAL JULIO'!B73,'NOMINA JULIO'!$BB$9:$BB$208,'PERSONAL JULIO'!C73) -> 2 | E73: =+C73*D73 -> 60 | F73: =G73/30 -> 116146.92 | G73: 3484407.6 | H73: =G73*D73 -> 6968815.2 | K73: =+C73*D73*F73 -> 6968815.2
A74: SEDE 3 - IMPRENTA DISTRITAL | B74: Operario de mantenimiento | C74: 30 | D74: =COUNTIFS('NOMINA JULIO'!$G$9:$G$208,'PERSONAL JULIO'!A74,'NOMINA JULIO'!$F$9:$F$208,'PERSONAL JULIO'!B74,'NOMINA JULIO'!$BB$9:$BB$208,'PERSONAL JULIO'!C74) -> 1 | E74: =+C74*D74 -> 30 | F74: =G74/30 -> 116146.92 | G74: 3484407.6 | H74: =G74*D74 -> 3484407.6 | K74: =+C74*D74*F74 -> 3484407.6
A75: SEDE 5 - SUPERCADE CAD CARRERA | B75: Operario de mantenimiento | C75: 30 | D75: =COUNTIFS('NOMINA JULIO'!$G$9:$G$208,'PERSONAL JULIO'!A75,'NOMINA JULIO'!$F$9:$F$208,'PERSONAL JULIO'!B75,'NOMINA JULIO'!$BB$9:$BB$208,'PERSONAL JULIO'!C75) -> 2 | E75: =+C75*D75 -> 60 | F75: =G75/30 -> 116146.92 | G75: 3484407.6 | H75: =G75*D75 -> 6968815.2 | K75: =+C75*D75*F75 -> 6968815.2
A76: SEDE 6 - SUPERCADE AMERICAS | B76: Operario de mantenimiento | C76: 30 | D76: =COUNTIFS('NOMINA JULIO'!$G$9:$G$208,'PERSONAL JULIO'!A76,'NOMINA JULIO'!$F$9:$F$208,'PERSONAL JULIO'!B76,'NOMINA JULIO'!$BB$9:$BB$208,'PERSONAL JULIO'!C76) -> 2 | E76: =+C76*D76 -> 60 | F76: =G76/30 -> 116146.92 | G76: 3484407.6 | H76: =G76*D76 -> 6968815.2 | K76: =+C76*D76*F76 -> 6968815.2
A77: SEDE 7 - SUPERCADE BOSA | B77: Operario de mantenimiento | C77: 30 | D77: =COUNTIFS('NOMINA JULIO'!$G$9:$G$208,'PERSONAL JULIO'!A77,'NOMINA JULIO'!$F$9:$F$208,'PERSONAL JULIO'!B77,'NOMINA JULIO'!$BB$9:$BB$208,'PERSONAL JULIO'!C77) -> 1 | E77: =+C77*D77 -> 30 | F77: =G77/30 -> 116146.92 | G77: 3484407.6 | H77: =G77*D77 -> 3484407.6 | K77: =+C77*D77*F77 -> 3484407.6
A78: SEDE 7 - SUPERCADE BOSA | B78: Operario de mantenimiento | C78: 28 | D78: =COUNTIFS('NOMINA JULIO'!$G$9:$G$208,'PERSONAL JULIO'!A78,'NOMINA JULIO'!$F$9:$F$208,'PERSONAL JULIO'!B78,'NOMINA JULIO'!$BB$9:$BB$208,'PERSONAL JULIO'!C78) -> 1 | E78: =+C78*D78 -> 28 | F78: =G78/30 -> 116146.92 | G78: 3484407.6 | H78: =G78*D78 -> 3484407.6 | K78: =+C78*D78*F78 -> 3252113.8
A79: SEDE 8 - SUPERCADE CALLE 13 | B79: Operario de mantenimiento | C79: 30 | D79: =COUNTIFS('NOMINA JULIO'!$G$9:$G$208,'PERSONAL JULIO'!A79,'NOMINA JULIO'!$F$9:$F$208,'PERSONAL JULIO'!B79,'NOMINA JULIO'!$BB$9:$BB$208,'PERSONAL JULIO'!C79) -> 1 | E79: =+C79*D79 -> 30 | F79: =G79/30 -> 116146.92 | G79: 3484407.6 | H79: =G79*D79 -> 3484407.6 | K79: =+C79*D79*F79 -> 3484407.6
A80: SEDE 9 - SUPERCADE 20 DE JULIO | B80: Operario de mantenimiento | C80: 30 | D80: =COUNTIFS('NOMINA JULIO'!$G$9:$G$208,'PERSONAL JULIO'!A80,'NOMINA JULIO'!$F$9:$F$208,'PERSONAL JULIO'!B80,'NOMINA JULIO'!$BB$9:$BB$208,'PERSONAL JULIO'!C80) -> 2 | E80: =+C80*D80 -> 60 | F80: =G80/30 -> 116146.92 | G80: 3484407.6 | H80: =G80*D80 -> 6968815.2 | K80: =+C80*D80*F80 -> 6968815.2
A81: SEDE 10 - SUPERCADE MANITAS | B81: Operario de mantenimiento | C81: 29 | D81: =COUNTIFS('NOMINA JULIO'!$G$9:$G$208,'PERSONAL JULIO'!A81,'NOMINA JULIO'!$F$9:$F$208,'PERSONAL JULIO'!B81,'NOMINA JULIO'!$BB$9:$BB$208,'PERSONAL JULIO'!C81) -> 1 | E81: =+C81*D81 -> 29 | F81: =G81/30 -> 116146.92 | G81: 3484407.6 | H81: =G81*D81 -> 3484407.6 | K81: =+C81*D81*F81 -> 3368260.7
... A89: SEDE 19 - CENTRO DE ENCUENTRO BOSA | B89: Operario de mantenimiento | C89: 30 | D89: =COUNTIFS('NOMINA JULIO'!$G$9:$G$208,'PERSONAL JULIO'!A89,'NOMINA JULIO'!$F$9:$F$208,'PERSONAL JULIO'!B89,'NOMINA JULIO'!$BB$9:$BB$208,'PERSONAL JULIO'!C89) -> 1 | E89: =+C89*D89 -> 30 | F89: =G89/30 -> 116146.92 | G89: 3484407.6 | H89: =G89*D89 -> 3484407.6 | K89: =+C89*D89*F89 -> 3484407.6
A90: SEDE 20 - CENTRO DE ENCUENTRO CIUDAD BOLIVAR | B90: Operario de mantenimiento | C90: 30 | D90: =COUNTIFS('NOMINA JULIO'!$G$9:$G$208,'PERSONAL JULIO'!A90,'NOMINA JULIO'!$F$9:$F$208,'PERSONAL JULIO'!B90,'NOMINA JULIO'!$BB$9:$BB$208,'PERSONAL JULIO'!C90) -> 1 | E90: =+C90*D90 -> 30 | F90: =G90/30 -> 116146.92 | G90: 3484407.6 | H90: =G90*D90 -> 3484407.6 | K90: =+C90*D90*F90 -> 3484407.6 | L90: =K90 -> 3484407.6
A91: SEDE 23 - CENTRO DE ENCUENTRO RAFAEL URIBE | B91: Operario de mantenimiento | C91: 30 | D91: =COUNTIFS('NOMINA JULIO'!$G$9:$G$208,'PERSONAL JULIO'!A91,'NOMINA JULIO'!$F$9:$F$208,'PERSONAL JULIO'!B91,'NOMINA JULIO'!$BB$9:$BB$208,'PERSONAL JULIO'!C91) -> 1 | E91: =+C91*D91 -> 30 | F91: =G91/30 -> 116146.92 | G91: 3484407.6 | H91: =G91*D91 -> 3484407.6 | K91: =+C91*D91*F91 -> 3484407.6
A92: SEDE 25 - SEDE YOMASA | B92: Operario de mantenimiento | C92: 30 | D92: =COUNTIFS('NOMINA JULIO'!$G$9:$G$208,'PERSONAL JULIO'!A92,'NOMINA JULIO'!$F$9:$F$208,'PERSONAL JULIO'!B92,'NOMINA JULIO'!$BB$9:$BB$208,'PERSONAL JULIO'!C92) -> 1 | E92: =+C92*D92 -> 30 | F92: =G92/30 -> 116146.92 | G92: 3484407.6 | H92: =G92*D92 -> 3484407.6 | K92: =+C92*D92*F92 -> 3484407.6
A93: TOTAL OPERARIOS TIEMPO COMPLETO | K93: =SUM(K70:K92) -> 1.3751795e+08 | M93: =SUM(E70:E92) -> 1184 | N93: 1184 | O93: =+M93-N93 -> 0
A94: VALOR OPERARIOS JARDINERIA TIEMPO COMPLETO
A95: Regional/Sede | C95: Dias Trab. | D95: Cantidad Op | F95: Valor Dia | G95: Nuevo precio cláusula 8 | H95: Valor Mensual / Valor X Unidad | I95: Recargo por Trabajo nocturno, extra, dominical y festivo | J95: Recargo por dotación especial | K95: Valor Total
A96: SEDE 1 - MANZANA LIEVANO - ALCALDÍA MAYOR | B96: Jardinero | C96: 30 | D96: =COUNTIFS('NOMINA JULIO'!$G$9:$G$208,'PERSONAL JULIO'!A96,'NOMINA JULIO'!$F$9:$F$208,'PERSONAL JULIO'!B96,'NOMINA JULIO'!$BB$9:$BB$208,'PERSONAL JULIO'!C96) -> 1 | E96: =+C96*D96 -> 30 | F96: =G96/30 -> 116146.92 | G96: 3484407.6 | H96: =G96*D96 -> 3484407.6 | K96: =+C96*D96*F96 -> 3484407.6
A97: SEDE 2- DIRECCIÓN DISTRITAL DE ARCHIVO DE BOGOTA | B97: Jardinero | C97: 30 | D97: =COUNTIFS('NOMINA JULIO'!$G$9:$G$208,'PERSONAL JULIO'!A97,'NOMINA JULIO'!$F$9:$F$208,'PERSONAL JULIO'!B97,'NOMINA JULIO'!$BB$9:$BB$208,'PERSONAL JULIO'!C97) -> 1 | E97: =+C97*D97 -> 30 | F97: =G97/30 -> 116146.92 | G97: 3484407.6 | H97: =G97*D97 -> 3484407.6 | K97: =+C97*D97*F97 -> 3484407.6
A98: SEDE 3 - IMPRENTA DISTRITAL | B98: Jardinero | C98: 30 | D98: =COUNTIFS('NOMINA JULIO'!$G$9:$G$208,'PERSONAL JULIO'!A98,'NOMINA JULIO'!$F$9:$F$208,'PERSONAL JULIO'!B98,'NOMINA JULIO'!$BB$9:$BB$208,'PERSONAL JULIO'!C98) -> 1 | E98: =+C98*D98 -> 30 | F98: =G98/30 -> 116146.92 | G98: 3484407.6 | H98: =G98*D98 -> 3484407.6 | K98: =+C98*D98*F98 -> 3484407.6
A99: SEDE 18 - CENTRO DE MEMORIA, PAZ Y RECONCILIACIÓN | B99: Jardinero | C99: 30 | D99: =COUNTIFS('NOMINA JULIO'!$G$9:$G$208,'PERSONAL JULIO'!A99,'NOMINA JULIO'!$F$9:$F$208,'PERSONAL JULIO'!B99,'NOMINA JULIO'!$BB$9:$BB$208,'PERSONAL JULIO'!C99) -> 1 | E99: =+C99*D99 -> 30 | F99: =G99/30 -> 116146.92 | G99: 3484407.6 | H99: =G99*D99 -> 3484407.6 | K99: =+C99*D99*F99 -> 3484407.6
A100: SEDE 19 - CENTRO DE ENCUENTRO BOSA | B100: Jardinero | C100: 30 | D100: =COUNTIFS('NOMINA JULIO'!$G$9:$G$208,'PERSONAL JULIO'!A100,'NOMINA JULIO'!$F$9:$F$208,'PERSONAL JULIO'!B100,'NOMINA JULIO'!$BB$9:$BB$208,'PERSONAL JULIO'!C100) -> 1 | E100: =+C100*D100 -> 30 | F100: =G100/30 -> 116146.92 | G100: 3484407.6 | H100: =G100*D100 -> 3484407.6 | K100: =+C100*D100*F100 -> 3484407.6
A101: SEDE 25 - SEDE YOMASA | B101: Jardinero | C101: 23 | D101: =COUNTIFS('NOMINA JULIO'!$G$9:$G$208,'PERSONAL JULIO'!A101,'NOMINA JULIO'!$F$9:$F$208,'PERSONAL JULIO'!B101,'NOMINA JULIO'!$BB$9:$BB$208,'PERSONAL JULIO'!C101) -> 1 | E101: =+C101*D101 -> 23 | F101: =G101/30 -> 116146.92 | G101: 3484407.6 | H101: =G101*D101 -> 3484407.6 | K101: =+C101*D101*F101 -> 2671379.2
A102: TOTAL OPERARIOS TIEMPO COMPLETO | K102: =SUM(K96:K101) -> 20093417 | M102: =SUM(E96:E101) -> 173 | N102: 173 | O102: =+M102-N102 -> 0
A103: VALOR COORDINADOR TIEMPO COMPLETO
C104: Dias Trab. | D104: Cantidad Op | F104: Valor Dia | G104: Nuevo precio cláusula 8 | H104: Valor Mensual / Valor X Unidad | I104: Recargo por Trabajo nocturno, extra, dominical y festivo | J104: Recargo por dotación especial | K104: Valor Total
A105: SEDE 1 - MANZANA LIEVANO - ALCALDÍA MAYOR | B105: Coordinador de tiempo completo | C105: 15 | D105: =COUNTIFS('NOMINA JULIO'!$G$9:$G$208,'PERSONAL JULIO'!A105,'NOMINA JULIO'!$F$9:$F$208,'PERSONAL JULIO'!B105,'NOMINA JULIO'!$BB$9:$BB$208,'PERSONAL JULIO'!C105) -> 1 | E105: =+C105*D105 -> 15 | F105: =G105/30 -> 116146.92 | G105: 3484407.6 | H105: =G105*D105 -> 3484407.6 | K105: =+C105*D105*F105 -> 1742203.8
A106: SEDE 1 - MANZANA LIEVANO - ALCALDÍA MAYOR | B106: Coordinador de tiempo completo | C106: 23 | D106: =COUNTIFS('NOMINA JULIO'!$G$9:$G$208,'PERSONAL JULIO'!A106,'NOMINA JULIO'!$F$9:$F$208,'PERSONAL JULIO'!B106,'NOMINA JULIO'!$BB$9:$BB$208,'PERSONAL JULIO'!C106) -> 1 | E106: =+C106*D106 -> 23 | F106: =G106/30 -> 116146.92 | G106: 3484407.6 | H106: =G106*D106 -> 3484407.6 | K106: =+C106*D106*F106 -> 2671379.2
A107: SEDE 1 - MANZANA LIEVANO - ALCALDÍA MAYOR | B107: Coordinador de tiempo completo | C107: 30 | D107: =COUNTIFS('NOMINA JULIO'!$G$9:$G$208,'PERSONAL JULIO'!A107,'NOMINA JULIO'!$F$9:$F$208,'PERSONAL JULIO'!B107,'NOMINA JULIO'!$BB$9:$BB$208,'PERSONAL JULIO'!C107) -> 1 | E107: =+C107*D107 -> 30 | F107: =G107/30 -> 116146.92 | G107: 3484407.6 | H107: =G107*D107 -> 3484407.6 | K107: =+C107*D107*F107 -> 3484407.6
A108: SEDE 10 - SUPERCADE MANITAS | B108: Coordinador de tiempo completo | C108: 30 | D108: =COUNTIFS('NOMINA JULIO'!$G$9:$G$208,'PERSONAL JULIO'!A108,'NOMINA JULIO'!$F$9:$F$208,'PERSONAL JULIO'!B108,'NOMINA JULIO'!$BB$9:$BB$208,'PERSONAL JULIO'!C108) -> 1 | E108: =+C108*D108 -> 30 | F108: =G108/30 -> 116146.92 | G108: 3484407.6 | H108: =G108*D108 -> 3484407.6 | K108: =+C108*D108*F108 -> 3484407.6
...

Sheet RESUMEN GENERAL POR SEDE
A1: Nombre del Proveedor: | C1: ZV SERVIASEAMOS UNION TEMPORAL
A3: RESUMEN GENERAL POR SEDE | I3: 0.1 | J3: 0.19
A4: Regional/Sede | C4: Dias Trab. | D4: Cantidad Op | E4: Valor Dia | F4: Recargo por Trabajo nocturno, extra, dominical y festivo | G4: Recargo por dotación especial | H4: Valor Total | I4: AIU | J4: IVA | K4: TOTAL GENERAL
A5: SEDE 1 - MANZANA LIEVANO - ALCALDÍA MAYOR | B5: Operario de aseo y cafetería | C5: =SUMIFS('NOMINA JULIO'!$BB$9:$BB$208,'NOMINA JULIO'!$G$9:$G$208,'RESUMEN GENERAL POR SEDE'!A5,'NOMINA JULIO'!$F$9:$F$208,'RESUMEN GENERAL POR SEDE'!B5) -> 960 | D5: =COUNTIFS('NOMINA JULIO'!$G$9:$G$208,'RESUMEN GENERAL POR SEDE'!A5,'NOMINA JULIO'!$F$9:$F$208,'RESUMEN GENERAL POR SEDE'!B5) -> 34 | E5: 116146.92 | H5: =+E5*C5 -> 1.1150104e+08 | I5: =+H5*$I$3 -> 11150104 | J5: =+I5*$J$3 -> 2118519.8 | K5: =SUM(H5:J5) -> 1.2476967e+08 | L5: =K5+K6+K7+K8+K9+K61+K62+K63 -> 2.069097e+08
A6: SEDE 1 - MANZANA LIEVANO - ALCALDÍA MAYOR | B6: Operario de mantenimiento | C6: =SUMIFS('NOMINA JULIO'!$BB$9:$BB$208,'NOMINA JULIO'!$G$9:$G$208,'RESUMEN GENERAL POR SEDE'!A6,'NOMINA JULIO'!$F$9:$F$208,'RESUMEN GENERAL POR SEDE'!B6) -> 356 | D6: =COUNTIFS('NOMINA JULIO'!$G$9:$G$208,'RESUMEN GENERAL POR SEDE'!A6,'NOMINA JULIO'!$F$9:$F$208,'RESUMEN GENERAL POR SEDE'!B6) -> 12 | E6: 116146.92 | H6: =+E6*C6 -> 41348303 | I6: =+H6*$I$3 -> 4134830.3 | J6: =+I6*$J$3 -> 785617.77 | K6: =SUM(H6:J6) -> 46268752
A7: SEDE 1 - MANZANA LIEVANO - ALCALDÍA MAYOR | B7: Jardinero | C7: =SUMIFS('NOMINA JULIO'!$BB$9:$BB$208,'NOMINA JULIO'!$G$9:$G$208,'RESUMEN GENERAL POR SEDE'!A7,'NOMINA JULIO'!$F$9:$F$208,'RESUMEN GENERAL POR SEDE'!B7) -> 30 | D7: =COUNTIFS('NOMINA JULIO'!$G$9:$G$208,'RESUMEN GENERAL POR SEDE'!A7,'NOMINA JULIO'!$F$9:$F$208,'RESUMEN GENERAL POR SEDE'!B7) -> 1 | E7: 116146.92 | H7: =+E7*C7 -> 3484407.6 | I7: =+H7*$I$3 -> 348440.76 | J7: =+I7*$J$3 -> 66203.744 | K7: =SUM(H7:J7) -> 3899052.1
A8: SEDE 1 - MANZANA LIEVANO - ALCALDÍA MAYOR | B8: Coordinador de tiempo completo | C8: =SUMIFS('NOMINA JULIO'!$BB$9:$BB$208,'NOMINA JULIO'!$G$9:$G$208,'RESUMEN GENERAL POR SEDE'!A8,'NOMINA JULIO'!$F$9:$F$208,'RESUMEN GENERAL POR SEDE'!B8) -> 68 | D8: =COUNTIFS('NOMINA JULIO'!$G$9:$G$208,'RESUMEN GENERAL POR SEDE'!A8,'NOMINA JULIO'!$F$9:$F$208,'RESUMEN GENERAL POR SEDE'!B8) -> 3 | E8: 116146.92 | H8: =+E8*C8 -> 7897990.5 | I8: =+H8*$I$3 -> 789799.05 | J8: =+I8*$J$3 -> 150061.82 | K8: =SUM(H8:J8) -> 8837851.4
A9: SEDE 1 - MANZANA LIEVANO - ALCALDÍA MAYOR | B9: Supernumeraria Aseo Y Cafeteria | C9: =SUMIFS('NOMINA JULIO'!$BB$9:$BB$208,'NOMINA JULIO'!$G$9:$G$208,'RESUMEN GENERAL POR SEDE'!A9,'NOMINA JULIO'!$F$9:$F$208,'RESUMEN GENERAL POR SEDE'!B9) -> 30 | D9: =COUNTIFS('NOMINA JULIO'!$G$9:$G$208,'RESUMEN GENERAL POR SEDE'!A9,'NOMINA JULIO'!$F$9:$F$208,'RESUMEN GENERAL POR SEDE'!B9) -> 1 | E9: 116146.92 | H9: =+E9*C9 -> 3484407.6 | I9: =+H9*$I$3 -> 348440.76 | J9: =+I9*$J$3 -> 66203.744 | K9: =SUM(H9:J9) -> 3899052.1
A10: SEDE 2- DIRECCIÓN DISTRITAL DE ARCHIVO DE BOGOTA | B10: Operario de aseo y cafetería | C10: =SUMIFS('NOMINA JULIO'!$BB$9:$BB$208,'NOMINA JULIO'!$G$9:$G$208,'RESUMEN GENERAL POR SEDE'!A10,'NOMINA JULIO'!$F$9:$F$208,'RESUMEN GENERAL POR SEDE'!B10) -> 346 | D10: =COUNTIFS('NOMINA JULIO'!$G$9:$G$208,'RESUMEN GENERAL POR SEDE'!A10,'NOMINA JULIO'!$F$9:$F$208,'RESUMEN GENERAL POR SEDE'!B10) -> 12 | E10: 116146.92 | H10: =+E10*C10 -> 40186834 | I10: =+H10*$I$3 -> 4018683.4 | J10: =+I10*$J$3 -> 763549.85 | K10: =SUM(H10:J10) -> 44969068 | L10: =K10+K11+K12 -> 60305339
A11: SEDE 2- DIRECCIÓN DISTRITAL DE ARCHIVO DE BOGOTA | B11: Operario de mantenimiento | C11: =SUMIFS('NOMINA JULIO'!$BB$9:$BB$208,'NOMINA JULIO'!$G$9:$G$208,'RESUMEN GENERAL POR SEDE'!A11,'NOMINA JULIO'!$F$9:$F$208,'RESUMEN GENERAL POR SEDE'!B11) -> 88 | D11: =COUNTIFS('NOMINA JULIO'!$G$9:$G$208,'RESUMEN GENERAL POR SEDE'!A11,'NOMINA JULIO'!$F$9:$F$208,'RESUMEN GENERAL POR SEDE'!B11) -> 3 | E11: 116146.92 | H11: =+E11*C11 -> 10220929 | I11: =+H11*$I$3 -> 1022092.9 | J11: =+I11*$J$3 -> 194197.65 | K11: =SUM(H11:J11) -> 11437219
A12: SEDE 2- DIRECCIÓN DISTRITAL DE ARCHIVO DE BOGOTA | B12: Jardinero | C12: =SUMIFS('NOMINA JULIO'!$BB$9:$BB$208,'NOMINA JULIO'!$G$9:$G$208,'RESUMEN GENERAL POR SEDE'!A12,'NOMINA JULIO'!$F$9:$F$208,'RESUMEN GENERAL POR SEDE'!B12) -> 30 | D12: =COUNTIFS('NOMINA JULIO'!$G$9:$G$208,'RESUMEN GENERAL POR SEDE'!A12,'NOMINA JULIO'!$F$9:$F$208,'RESUMEN GENERAL POR SEDE'!B12) -> 1 | E12: 116146.92 | H12: =+E12*C12 -> 3484407.6 | I12: =+H12*$I$3 -> 348440.76 | J12: =+I12*$J$3 -> 66203.744 | K12: =SUM(H12:J12) -> 3899052.1
A13: SEDE 3 - IMPRENTA DISTRITAL | B13: Operario de aseo y cafetería | C13: =SUMIFS('NOMINA JULIO'!$BB$9:$BB$208,'NOMINA JULIO'!$G$9:$G$208,'RESUMEN GENERAL POR SEDE'!A13,'NOMINA JULIO'!$F$9:$F$208,'RESUMEN GENERAL POR SEDE'!B13) -> 60 | D13: =COUNTIFS('NOMINA JULIO'!$G$9:$G$208,'RESUMEN GENERAL POR SEDE'!A13,'NOMINA JULIO'!$F$9:$F$208,'RESUMEN GENERAL POR SEDE'!B13) -> 2 | E13: 116146.92 | H13: =+E13*C13 -> 6968815.2 | I13: =+H13*$I$3 -> 696881.52 | J13: =+I13*$J$3 -> 132407.49 | K13: =SUM(H13:J13) -> 7798104.2 | L13: =K13+K14+K15 -> 15596208
A14: SEDE 3 - IMPRENTA DISTRITAL | B14: Operario de mantenimiento | C14: =SUMIFS('NOMINA JULIO'!$BB$9:$BB$208,'NOMINA JULIO'!$G$9:$G$208,'RESUMEN GENERAL POR SEDE'!A14,'NOMINA JULIO'!$F$9:$F$208,'RESUMEN GENERAL POR SEDE'!B14) -> 30 | D14: =COUNTIFS('NOMINA JULIO'!$G$9:$G$208,'RESUMEN GENERAL POR SEDE'!A14,'NOMINA JULIO'!$F$9:$F$208,'RESUMEN GENERAL POR SEDE'!B14) -> 1 | E14: 116146.92 | H14: =+E14*C14 -> 3484407.6 | I14: =+H14*$I$3 -> 348440.76 | J14: =+I14*$J$3 -> 66203.744 | K14: =SUM(H14:J14) -> 3899052.1
A15: SEDE 3 - IMPRENTA DISTRITAL | B15: Jardinero | C15: =SUMIFS('NOMINA JULIO'!$BB$9:$BB$208,'NOMINA JULIO'!$G$9:$G$208,'RESUMEN GENERAL POR SEDE'!A15,'NOMINA JULIO'!$F$9:$F$208,'RESUMEN GENERAL POR SEDE'!B15) -> 30 | D15: =COUNTIFS('NOMINA JULIO'!$G$9:$G$208,'RESUMEN GENERAL POR SEDE'!A15,'NOMINA JULIO'!$F$9:$F$208,'RESUMEN GENERAL POR SEDE'!B15) -> 1 | E15: 116146.92 | H15: =+E15*C15 -> 3484407.6 | I15: =+H15*$I$3 -> 348440.76 | J15: =+I15*$J$3 -> 66203.744 | K15: =SUM(H15:J15) -> 3899052.1
A16: SEDE 4 - SEDE ALTERNA RESTREPO | B16: Operario de aseo y cafetería | C16: =SUMIFS('NOMINA JULIO'!$BB$9:$BB$208,'NOMINA JULIO'!$G$9:$G$208,'RESUMEN GENERAL POR SEDE'!A16,'NOMINA JULIO'!$F$9:$F$208,'RESUMEN GENERAL POR SEDE'!B16) -> 60 | D16: =COUNTIFS('NOMINA JULIO'!$G$9:$G$208,'RESUMEN GENERAL POR SEDE'!A16,'NOMINA JULIO'!$F$9:$F$208,'RESUMEN GENERAL POR SEDE'!B16) -> 2 | E16: 116146.92 | H16: =+E16*C16 -> 6968815.2 | I16: =+H16*$I$3 -> 696881.52 | J16: =+I16*$J$3 -> 132407.49 | K16: =SUM(H16:J16) -> 7798104.2 | L16: =K16 -> 7798104.2
A17: SEDE 5 - SUPERCADE CAD CARRERA | B17: Operario de aseo y cafetería | C17: =SUMIFS('NOMINA JULIO'!$BB$9:$BB$208,'NOMINA JULIO'!$G$9:$G$208,'RESUMEN GENERAL POR SEDE'!A17,'NOMINA JULIO'!$F$9:$F$208,'RESUMEN GENERAL POR SEDE'!B17) -> 297 | D17: =COUNTIFS('NOMINA JULIO'!$G$9:$G$208,'RESUMEN GENERAL POR SEDE'!A17,'NOMINA JULIO'!$F$9:$F$208,'RESUMEN GENERAL POR SEDE'!B17) -> 11 | E17: 116146.92 | H17: =+E17*C17 -> 34495635 | I17: =+H17*$I$3 -> 3449563.5 | J17: =+I17*$J$3 -> 655417.07 | K17: =SUM(H17:J17) -> 38600616 | L17: =K17+K18 -> 46398720
A18: SEDE 5 - SUPERCADE CAD CARRERA | B18: Operario de mantenimiento | C18: =SUMIFS('NOMINA JULIO'!$BB$9:$BB$208,'NOMINA JULIO'!$G$9:$G$208,'RESUMEN GENERAL POR SEDE'!A18,'NOMINA JULIO'!$F$9:$F$208,'RESUMEN GENERAL POR SEDE'!B18) -> 60 | D18: =COUNTIFS('NOMINA JULIO'!$G$9:$G$208,'RESUMEN GENERAL POR SEDE'!A18,'NOMINA JULIO'!$F$9:$F$208,'RESUMEN GENERAL POR SEDE'!B18) -> 2 | E18: 116146.92 | H18: =+E18*C18 -> 6968815.2 | I18: =+H18*$I$3 -> 696881.52 | J18: =+I18*$J$3 -> 132407.49 | K18: =SUM(H18:J18) -> 7798104.2
A19: SEDE 6 - SUPERCADE AMERICAS | B19: Operario de aseo y cafetería | C19: =SUMIFS('NOMINA JULIO'!$BB$9:$BB$208,'NOMINA JULIO'!$G$9:$G$208,'RESUMEN GENERAL POR SEDE'!A19,'NOMINA JULIO'!$F$9:$F$208,'RESUMEN GENERAL POR SEDE'!B19) -> 239 | D19: =COUNTIFS('NOMINA JULIO'!$G$9:$G$208,'RESUMEN GENERAL POR SEDE'!A19,'NOMINA JULIO'!$F$9:$F$208,'RESUMEN GENERAL POR SEDE'!B19) -> 8 | E19: 116146.92 | H19: =+E19*C19 -> 27759114 | I19: =+H19*$I$3 -> 2775911.4 | J19: =+I19*$J$3 -> 527423.16 | K19: =SUM(H19:J19) -> 31062448 | L19: =K19+K20 -> 38860553
A20: SEDE 6 - SUPERCADE AMERICAS | B20: Operario de mantenimiento | C20: =SUMIFS('NOMINA JULIO'!$BB$9:$BB$208,'NOMINA JULIO'!$G$9:$G$208,'RESUMEN GENERAL POR SEDE'!A20,'NOMINA JULIO'!$F$9:$F$208,'RESUMEN GENERAL POR SEDE'!B20) -> 60 | D20: =COUNTIFS('NOMINA JULIO'!$G$9:$G$208,'RESUMEN GENERAL POR SEDE'!A20,'NOMINA JULIO'!$F$9:$F$208,'RESUMEN GENERAL POR SEDE'!B20) -> 2 | E20: 116146.92 | H20: =+E20*C20 -> 6968815.2 | I20: =+H20*$I$3 -> 696881.52 | J20: =+I20*$J$3 -> 132407.49 | K20: =SUM(H20:J20) -> 7798104.2
